Workbook
Name \0: #REF!
Name \A: #REF!
Name \B: #REF!
Name \C: #REF!
Name \M: #REF!
Name ______UAG99: #REF!
Name _____cpi1: #REF!
Name _____CPI2: #REF!
Name _____IRR1: #REF!
Name _____LUT1: #REF!
Name _____NPV1: #REF!
Name _____UAG99: #REF!
Name ____cpi1: #REF!
Name ____CPI2: #REF!
Name ____IRR1: #REF!
Name ____IZS2: #REF!
Name ____LUT1: #REF!
Name ____NPV1: #REF!
Name ____NPV2: #REF!
Name ____UAG99: #REF!
Name ___cpi1: #REF!
Name ___CPI2: #REF!
Name ___IRR1: #REF!
Name ___IZS2: #REF!
Name ___LUT1: #REF!
Name ___May08: #REF!
Name ___NPV1: #REF!
Name ___NPV2: #REF!
Name ___Tot220: #REF!
Name ___Tot237: #REF!
Name ___Tot257: #REF!
Name ___Tot258: #REF!
Name ___UAG99: #REF!
Name __cpi1: #REF!
Name __CPI2: #REF!
Name __DAT1: #REF!
Name __DAT14: #REF!
Name __DAT5: #REF!
Name __DAT6: #REF!
Name __DataSet1__: #REF!
Name __DataSet2__: #REF!
Name __DataSet3__: #REF!
Name __DataSet4__: #REF!
Name __int997: #REF!
Name __IRR1: #REF!
Name __IZS2: #REF!
Name __JUN09: #REF!
Name __LUT1: #REF!
Name __MAIN__: #REF!
Name __May08: #REF!
Name __NPV1: #REF!
Name __NPV2: #REF!
Name __PL1: #REF!
Name __TableData__: #REF!
Name __TB1: #REF!
Name __Tot220: #REF!
Name __Tot221: #REF!
Name __Tot232: #REF!
Name __Tot237: #REF!
Name __Tot257: #REF!

Sheet Cover
A2: Gas Pipeline Operator
A3: Part 10 Financial Reporting Template
A5: This template is to be uploaded by a Gas Pipeline Operator to its website to fulfil its annual reporting obligations.
A6: Basis of preparation document is to be uploaded alongside this financial template, providing assumptions, methodologies, and other relevant information.
A8: Colour coding of input sheets:
A9: Light Blue / Dark Blue = AER instructions / headings
A10: Orange = Input cells
A11: Grey = Not applicable/No inputs required
A13: Leave coloured cells blank if no information exists - PLEASE DO NOT ENTER TEXT unless specifically requested to do so.
A14: All dollar amounts are to be unrounded, and in nominal terms.
A17: Service provider: | C17: APT PIPELINES (NSW) PTY LIMITED
A19: Australian business number: | C19: 37 080 842 360
A21: Pipeline name: | C21: Central West Pipeline
A23: Type of regulated pipeline: | C23: Non-scheme pipeline
A25: Reporting period start date: | C25: 45474
A27: Reporting period end date: | C27: 45838
A29: Publication date of this financial report: | C29: 46013
A31: Reported information is current as at: | C31: 45838
A33: Has any information in this template been amended since last published within this current reporting period? | C33: No | F33: Basis of preparation ID | I33: N/A
A36: Business address | B36: Address | D36: Level 10, 121 Castlereagh Street
B37: Suburb | D37: Sydney
C38: State | D38: NSW | E38: Postcode | F38: 2000
A40: Postal address | B40: Address | D40: PO Box R41
B41: Suburb | D41: Royal Exchange
C42: State | D42: NSW | E42: Postcode | F42: 1225
A45: Contact name/s | B45: Andrew Nairn (General Manager Investor Relations)
A46: Contact phone/s | B46: +61 (03) 8416 2887
A47: Contact email address/s | B47: APARegReporting@apa.com.au

Sheet Contents
C1: Part 10 Financial Reporting Template
C2: =IF(Tradingname=0," ",Tradingname) -> APT PIPELINES (NSW) PTY LIMITED
C3: Year ending | D3: =IF(Yearending=0, "01/01/2000", Yearending) -> 45838
D7: CONTENTS
D9: SUMMARY | E9: Financial summary
E10: Data visualisation
E11: Pricing benchmarks summary
D13: 1. PIPELINE INFORMATION
D15: 2. REVENUE AND EXPENSES | E15: 2.1 Profit & Loss by component
E16: 2.2 Allocation to pipeline services
E17: 2.3 Revenue contributions
E18: 2.4 Indirect revenue
E19: 2.5 Shared expenses
D21: 3.1 ASSET VALUE - DEPRICIATED BOOK VALUE METHOD (DBVM) | E21: 3.3 Asset useful life
D22: 3.2 ASSET VALUE - REGULATORY ASSET BASE (RAB) | E22: 3.4 Asset impairment
E23: 3.5 Depreciation amortisation
E24: 3.6 Shared supporting assets
D26: 4. ASSET VALUE - RECOVERED CAPITAL METHOD (RCM) | E26: 4.1 Pipelines capex
D28: 5. HISTORICAL DEMAND
D30: 6. PRICING TEMPLATE

Sheet Financial summary
B1: Part 10 Financial Reporting
B2: =IF(Tradingname=0," ",Tradingname) -> APT PIPELINES (NSW) PTY LIMITED
B3: Year ending | C3: =IF(Yearending=0, "01/01/2000", Yearending) -> 45838
B4: Financial summary
B6: All numbers are expressed in $nominal.
B9: Profit and loss (Table 2.1.1) | C9: Total
B10: Direct revenue | C10: ='2.1 Profit & Loss by component'!$F$18 -> 5008563
B11: Indirect revenue allocated | C11: ='2.1 Profit & Loss by component'!$F$21 -> 0
B12: Total revenue | C12: ='2.1 Profit & Loss by component'!$F$22 -> 5008563
B13: Direct expenses | C13: ='2.1 Profit & Loss by component'!$F$32 -> 1892453.3
B14: Shared expenses allocated | C14: ='2.1 Profit & Loss by component'!$F$43 -> 686581.13
B15: Total expenses | C15: ='2.1 Profit & Loss by component'!$F$44 -> 2579034.5
B16: Earnings before interest and tax (EBIT) | C16: ='2.1 Profit & Loss by component'!$F$45 -> 2429528.5
B19: Depreciated book value method (Table 3.1.1 for Non-scheme pipelines) | C19: Value as at current reporting period
B20: Total assets | C20: ='3.1 Depreciated Book Value'!$D$125 -> 27517934
B21: Return on assets | C21: =IFERROR(C16/C20,0) -> 0.088288916
B22: Regulatory Asset Base (Table 3.2.1 for Scheme pipelines) | C22: Value as at current reporting period
B23: Total assets | C23: ='3.2 Regulatory Asset Base'!$H$95 -> 0
B24: Return on assets | C24: =IFERROR(C16/C23,0) -> 0
B25: Recovered capital method (Table 4.1) | C25: Value as at current reporting period
B26: Total assets | C26: ='4. Recovered Capital'!$E$29 -> 0
B27: Return on assets | C27: =IFERROR(C16/INDEX('4. Recovered Capital'!$F$12:$BH$39,27,MATCH(VALUE(RIGHT(TEXT(C3,"dd/mm/yyyy"),4)),'4. Recovered Capital'!$F$12:$BH$12,0)),0) -> 0

Sheet Data visualisation
B1: Part 10 Financial Reporting
B2: =IF(Tradingname=0," ",Tradingname) -> APT PIPELINES (NSW) PTY LIMITED
B3: Year ending | C3: =IF(Yearending=0, "01/01/2000", Yearending) -> 45838
B4: Data visualisation
B7: Revenue & Expense allocation to pipeline services
B59: Historical demand

Sheet Pricing benchmarks summary
B1: Part 10 Financial Reporting
B2: =IF(Tradingname=0," ",Tradingname) -> APT PIPELINES (NSW) PTY LIMITED
B3: Year ending | C3: =IF(Yearending=0, "01/01/2000", Yearending) -> 45838
B4: Pricing benchmarks summary
B6: All numbers are expressed in $nominal.
B9: Price benchmarks | C9: Total cost per unit | E9: Measurement unit
C10: Low | D10: High
B11: Firm forward haul transportation service | C11: =IFERROR('6. Pricing template'!$G37,) -> 2.9823654 | D11: =IFERROR('6. Pricing template'!$G38,) -> 5.4358027 | E11: $/GJ/day of Pipeline MDQ
B12: Backhaul service | C12: =IFERROR('6. Pricing template'!$G39,) -> 0 | D12: =IFERROR('6. Pricing template'!$G40,) -> 0 | E12: $/GJ/day of Pipeline MDQ
B13: Interruptible or as available transportation service | C13: =IFERROR('6. Pricing template'!$G41,) -> 0 | D13: =IFERROR('6. Pricing template'!$G42,) -> 0 | E13: $/GJ/day of Pipeline MDQ
B14: Firm stand-alone compression service | C14: =IFERROR('6. Pricing template'!$G43,) -> 0 | D14: =IFERROR('6. Pricing template'!$G44,) -> 0 | E14: $/GJ/day of Pipeline MDQ
B15: Interruptible or as available stand-alone compression service | C15: =IFERROR('6. Pricing template'!$G45,) -> 0 | D15: =IFERROR('6. Pricing template'!$G46,) -> 0 | E15: $/GJ/day of Pipeline MDQ
B16: Park service | C16: =IFERROR('6. Pricing template'!$G47,) -> 0 | D16: =IFERROR('6. Pricing template'!$G48,) -> 0 | E16: $/GJ/day of Pipeline MDQ
B17: Park and loan services | C17: =IFERROR('6. Pricing template'!$G49,) -> 0 | D17: =IFERROR('6. Pricing template'!$G50,) -> 0 | E17: $/GJ/day of Pipeline MDQ
B18: Capacity trading service | C18: =IFERROR('6. Pricing template'!$G51,) -> 0 | D18: =IFERROR('6. Pricing template'!$G52,) -> 0 | E18: $/GJ of MDQ traded
B19: In pipe trading service | C19: =IFERROR('6. Pricing template'!$G53,) -> 0 | D19: =IFERROR('6. Pricing template'!$G54,) -> 0 | E19: $/GJ traded
B20: Other | C20: =IFERROR('6. Pricing template'!$G55,) -> 0 | D20: =IFERROR('6. Pricing template'!$G56,) -> 0

Sheet 1. Pipeline information
B1: Part 10 Financial Reporting
B2: =IF(Tradingname=0," ",Tradingname) -> APT PIPELINES (NSW) PTY LIMITED
B3: Year ending | C3: =IF(Yearending=0, "01/01/2000", Yearending) -> 45838
B4: Pipeline information
B7: Table 1.1: Pipeline details
B9: Pipeline location | C9: Marsden and Dubbo New South Wales
B10: Pipeline length (kilometres) | C10: 255
B11: Number of customers | C11: 5
B12: Service type | C12: Transmission
B13: Pipeline nameplate capacity | C13: 13 TJ/d
B14: Construction date | C14: 1998
B15: =IF(Cover!C23="Scheme pipeline", "Date opening RAB established","")
B16: =IF(Cover!C23="Scheme pipeline", "Open RAB value on date established","")
B18: Table 1.2: Pipeline services provided
B20: Service description | C20: Provided to non related parties | D20: Provided to related parties
B21: Transportation services
B22: Firm forward haul transportation service | C22: Yes | D22: No
B23: Backhaul services | C23: No | D23: No
B24: Interruptible or as available transportation service | C24: Yes | D24: No
B25: Stand-alone compression services
B26: Firm stand-alone compression service | C26: No | D26: No
B27: Interruptible or as available stand-alone compression service | C27: No | D27: No
B28: Storage services
B29: Park services | C29: No | D29: No
B30: Park and loan services | C30: No | D30: No
B31: Trading services
B32: Capacity trading service | C32: Yes | D32: No
B33: In pipe trading service | C33: No | D33: No
B34: Other (please specify)
B35: Auction Service | C35: Yes | D35: No
B36: other service (insert description)
B37: other service (insert description)
B38: other service (insert description)
B39: other service (insert description)
B40: other service (insert description)
B41: other service (insert description)
B42: other service (insert description)

Sheet 2. Revenue and expenses
B1: Part 10 Financial Reporting
B2: =IF(Tradingname=0," ",Tradingname) -> APT PIPELINES (NSW) PTY LIMITED
B3: Year ending | C3: =IF(Yearending=0, "01/01/2000", Yearending) -> 45838
B4: Revenue and expenses
B7: Table 2.1: Statement of pipeline revenue and expenses by service
B9: Basis of Preparation ID | C9: Description | D9: Total | E9: Description | F9: Total | G9: Earnings before interest and tax (EBIT) by service
D10: $ nominal | F10: $ nominal | G10: $ nominal
B11: Section 11 | C11: Revenue | E11: Expenses
C12: Firm forward haul transportation service | D12: =IF('2.2 Allocation to services'!G13+'2.2 Allocation to services'!G25+'2.2 Allocation to services'!G37=0, ,'2.2 Allocation to services'!G13+'2.2 Allocation to services'!G25+'2.2 Allocation to services'!G37) -> 4997184.5 | E12: Firm forward haul transportation service | F12: =IF('2.2 Allocation to services'!G56+'2.2 Allocation to services'!G68+'2.2 Allocation to services'!G80=0, ,'2.2 Allocation to services'!G56+'2.2 Allocation to services'!G68+'2.2 Allocation to services'!G80) -> 2573175.4 | G12: =D12-ABS(F12) -> 2424009.1
C13: Backhaul service | D13: =IF('2.2 Allocation to services'!G14+'2.2 Allocation to services'!G26+'2.2 Allocation to services'!G38=0, ,'2.2 Allocation to services'!G14+'2.2 Allocation to services'!G26+'2.2 Allocation to services'!G38) -> 0 | E13: Backhaul service | F13: =IF('2.2 Allocation to services'!G57+'2.2 Allocation to services'!G69+'2.2 Allocation to services'!G81=0, ,'2.2 Allocation to services'!G57+'2.2 Allocation to services'!G69+'2.2 Allocation to services'!G81) -> 0 | G13: =D13-ABS(F13) -> 0
C14: Interruptible or as available transportation service | D14: =IF('2.2 Allocation to services'!G15+'2.2 Allocation to services'!G27+'2.2 Allocation to services'!G39=0, ,'2.2 Allocation to services'!G15+'2.2 Allocation to services'!G27+'2.2 Allocation to services'!G39) -> 0 | E14: Interruptible or as available transportation service | F14: =IF('2.2 Allocation to services'!G58+'2.2 Allocation to services'!G70+'2.2 Allocation to services'!G82=0, ,'2.2 Allocation to services'!G58+'2.2 Allocation to services'!G70+'2.2 Allocation to services'!G82) -> 0 | G14: =D14-ABS(F14) -> 0
C15: Firm stand-alone compression service | D15: =IF('2.2 Allocation to services'!G16+'2.2 Allocation to services'!G28+'2.2 Allocation to services'!G40=0, ,'2.2 Allocation to services'!G16+'2.2 Allocation to services'!G28+'2.2 Allocation to services'!G40) -> 0 | E15: Firm stand-alone compression service | F15: =IF('2.2 Allocation to services'!G59+'2.2 Allocation to services'!G71+'2.2 Allocation to services'!G83=0, ,'2.2 Allocation to services'!G59+'2.2 Allocation to services'!G71+'2.2 Allocation to services'!G83) -> 0 | G15: =D15-ABS(F15) -> 0
C16: Interruptible or as available stand-alone compression service | D16: =IF('2.2 Allocation to services'!G17+'2.2 Allocation to services'!G29+'2.2 Allocation to services'!G41=0, ,'2.2 Allocation to services'!G17+'2.2 Allocation to services'!G29+'2.2 Allocation to services'!G41) -> 0 | E16: Interruptible or as available stand-alone compression service | F16: =IF('2.2 Allocation to services'!G60+'2.2 Allocation to services'!G72+'2.2 Allocation to services'!G84=0, ,'2.2 Allocation to services'!G60+'2.2 Allocation to services'!G72+'2.2 Allocation to services'!G84) -> 0 | G16: =D16-ABS(F16) -> 0
C17: Park service | D17: =IF('2.2 Allocation to services'!G18+'2.2 Allocation to services'!G30+'2.2 Allocation to services'!G42=0, ,'2.2 Allocation to services'!G18+'2.2 Allocation to services'!G30+'2.2 Allocation to services'!G42) -> 0 | E17: Park service | F17: =IF('2.2 Allocation to services'!G61+'2.2 Allocation to services'!G73+'2.2 Allocation to services'!G85=0, ,'2.2 Allocation to services'!G61+'2.2 Allocation to services'!G73+'2.2 Allocation to services'!G85) -> 0 | G17: =D17-ABS(F17) -> 0
C18: Park and loan services | D18: =IF('2.2 Allocation to services'!G19+'2.2 Allocation to services'!G31+'2.2 Allocation to services'!G43=0, ,'2.2 Allocation to services'!G19+'2.2 Allocation to services'!G31+'2.2 Allocation to services'!G43) -> 0 | E18: Park and loan services | F18: =IF('2.2 Allocation to services'!G62+'2.2 Allocation to services'!G74+'2.2 Allocation to services'!G86=0, ,'2.2 Allocation to services'!G62+'2.2 Allocation to services'!G74+'2.2 Allocation to services'!G86) -> 0 | G18: =D18-ABS(F18) -> 0
C19: Capacity trading service | D19: =IF('2.2 Allocation to services'!G20+'2.2 Allocation to services'!G32+'2.2 Allocation to services'!G44=0, ,'2.2 Allocation to services'!G20+'2.2 Allocation to services'!G32+'2.2 Allocation to services'!G44) -> 11378.47 | E19: Capacity trading service | F19: =IF('2.2 Allocation to services'!G63+'2.2 Allocation to services'!G75+'2.2 Allocation to services'!G87=0, ,'2.2 Allocation to services'!G63+'2.2 Allocation to services'!G75+'2.2 Allocation to services'!G87) -> 5859.0589 | G19: =D19-ABS(F19) -> 5519.4108
C20: In pipe trading service | D20: =IF('2.2 Allocation to services'!G21+'2.2 Allocation to services'!G33+'2.2 Allocation to services'!G45=0, ,'2.2 Allocation to services'!G21+'2.2 Allocation to services'!G33+'2.2 Allocation to services'!G45) -> 0 | E20: In pipe trading service | F20: =IF('2.2 Allocation to services'!G64+'2.2 Allocation to services'!G76+'2.2 Allocation to services'!G88=0, ,'2.2 Allocation to services'!G64+'2.2 Allocation to services'!G76+'2.2 Allocation to services'!G88) -> 0 | G20: =D20-ABS(F20) -> 0
C21: Other | D21: =IF('2.2 Allocation to services'!G22+'2.2 Allocation to services'!G34+'2.2 Allocation to services'!G46=0, ,'2.2 Allocation to services'!G22+'2.2 Allocation to services'!G34+'2.2 Allocation to services'!G46) -> 0 | E21: Other | F21: =IF('2.2 Allocation to services'!G65+'2.2 Allocation to services'!G77+'2.2 Allocation to services'!G89=0, ,'2.2 Allocation to services'!G65+'2.2 Allocation to services'!G77+'2.2 Allocation to services'!G89) -> 0 | G21: =D21-ABS(F21) -> 0
C22: Total net revenue | D22: {=SUM(IF(ISNA(D12:D21),0,D12:D21))} -> 5008563 | E22: Total Expenses | F22: {=SUM(IF(ISNA(F12:F21),0,F12:F21))} -> 2579034.5 | G22: =D22-ABS(F22) -> 2429528.5

Sheet 2.1 Profit & Loss by component
B1: Part 10 Financial Reporting
B2: =IF(Tradingname=0," ",Tradingname) -> APT PIPELINES (NSW) PTY LIMITED
B3: Year ending | C3: =IF(Yearending=0, "01/01/2000", Yearending) -> 45838
B4: Profit & Loss statement by component
B7: Table 2.1.1: Statement of pipeline revenue and expenses by component
B9: Current reporting period | G9: Previous reporting period
B10: Basis of Preparation ID | C10: Description | D10: Amounts excluding related party transactions | E10: Related party transactions | F10: Total | G10: Amounts excluding related party transactions | H10: Related party transactions | I10: Total
D11: $ nominal | E11: $ nominal | F11: $ nominal | G11: $ nominal | H11: $ nominal | I11: $ nominal
B12: Section 12 | C12: Direct revenue by pipeline
B13: Section 12 | C13: Total service revenue | D13: 5007506.7 | E13: 0 | F13: =SUM(D13:E13) -> 5007506.7 | G13: 4977231.8 | H13: 0 | I13: =SUM(G13:H13) -> 4977231.8
B14: Section 12 | C14: Customer contribution revenue | D14: ='2.3 Revenue contributions '!C17 -> 0 | E14: ='2.3 Revenue contributions '!D17 -> 0 | F14: =SUM(D14:E14) -> 0 | G14: 0 | H14: 0 | I14: =SUM(G14:H14) -> 0
B15: Section 12 | C15: Government contribution revenue | D15: ='2.3 Revenue contributions '!D29 -> 0 | F15: =SUM(D15:E15) -> 0 | G15: 0 | I15: =SUM(G15:H15) -> 0
B16: Section 12 | C16: Profit from sale of fixed assets | D16: 1056.3126 | E16: 0 | F16: =SUM(D16:E16) -> 1056.3126 | G16: 93.818645 | H16: 0 | I16: =SUM(G16:H16) -> 93.818645
B17: Section 12 | C17: Other direct revenue | D17: 0 | E17: 0 | F17: =SUM(D17:E17) -> 0 | G17: 0 | H17: 0 | I17: =SUM(G17:H17) -> 0
C18: Total direct revenue by pipeline | D18: =SUM(D13:D17) -> 5008563 | E18: =SUM(E13:E17) -> 0 | F18: =SUM(F13:F17) -> 5008563 | G18: =SUM(G13:G17) -> 4977325.6 | H18: =SUM(H13:H17) -> 0 | I18: =SUM(I13:I17) -> 4977325.6
C19: Indirect revenue allocated to pipeline
C20: Other indirect revenue | D20: ='2.4 Indirect revenue'!G42 -> 0 | E20: ='2.4 Indirect revenue'!H42 -> 0 | F20: =SUM(D20:E20) -> 0 | G20: 0 | H20: 0 | I20: =SUM(G20:H20) -> 0
C21: Total indirect revenue by pipeline | D21: =SUM(D20) -> 0 | E21: =SUM(E20) -> 0 | F21: =SUM(F20) -> 0 | G21: =SUM(G20) -> 0 | H21: =SUM(H20) -> 0 | I21: =SUM(I20) -> 0
C22: Total revenue by pipeline | D22: =D18+D21 -> 5008563 | E22: =E21+E18 -> 0 | F22: =F18+F21 -> 5008563 | G22: =G18+G21 -> 4977325.6 | H22: =H18+H21 -> 0 | I22: =I18+I21 -> 4977325.6
C23: Direct expenses by pipeline
B24: Section 12 | C24: Repairs and maintenance | D24: 0 | E24: 0 | F24: =SUM(D24:E24) -> 0 | G24: 0 | H24: 0 | I24: =SUM(G24:H24) -> 0
B25: Section 12 | C25: Wages | D25: 567238.5 | E25: 0 | F25: =SUM(D25:E25) -> 567238.5 | G25: 466933.47 | H25: 0 | I25: =SUM(G25:H25) -> 466933.47
B26: Section 12 | C26: Depreciation | D26: 1042589.9 | E26: 0 | F26: =SUM(D26:E26) -> 1042589.9 | G26: 921373.48 | H26: 0 | I26: =SUM(G26:H26) -> 921373.48
B27: Section 12 | C27: Insurance | D27: 0 | E27: 0 | F27: =SUM(D27:E27) -> 0 | G27: 0 | H27: 0 | I27: =SUM(G27:H27) -> 0
B28: Section 12 | C28: Licence and regulatory costs | D28: 29994 | E28: 0 | F28: =SUM(D28:E28) -> 29994 | G28: 21497 | H28: 0 | I28: =SUM(G28:H28) -> 21497
B29: Section 12 | C29: Directly attributable finance charges | D29: 0 | E29: 0 | F29: =SUM(D29:E29) -> 0 | G29: 6.5 | H29: 0 | I29: =SUM(G29:H29) -> 6.5
B30: Section 12 | C30: Leasing and rental costs | D30: 10658.15 | E30: 0 | F30: =SUM(D30:E30) -> 10658.15 | G30: 0 | H30: 0 | I30: =SUM(G30:H30) -> 0
B31: Section 12 | C31: Other direct expenses | D31: 241972.76 | E31: 0 | F31: =SUM(D31:E31) -> 241972.76 | G31: 137702.2 | H31: 0 | I31: =SUM(G31:H31) -> 137702.2
C32: Total direct expenses by pipeline | D32: =SUM(D24:D31) -> 1892453.3 | E32: =SUM(E24:E31) -> 0 | F32: =SUM(F24:F31) -> 1892453.3 | G32: =SUM(G24:G31) -> 1547512.6 | H32: =SUM(H24:H31) -> 0 | I32: =SUM(I24:I31) -> 1547512.6
C33: Shared expenses by pipeline
C34: Employee expenses | D34: =SUMIF('2.5 Shared expenses'!$C$15:$C$35,$C34,'2.5 Shared expenses'!H$15:H$35) -> 0 | E34: =SUMIF('2.5 Shared expenses'!$C$15:$C$35,$C34,'2.5 Shared expenses'!I$15:I$35) -> 0 | F34: =SUM(D34:E34) -> 0 | G34: 0 | H34: 0 | I34: =SUM(G34:H34) -> 0
C35: Information technology and communication costs | D35: =SUMIF('2.5 Shared expenses'!$C$15:$C$35,$C35,'2.5 Shared expenses'!H$15:H$35) -> 0 | E35: =SUMIF('2.5 Shared expenses'!$C$15:$C$35,$C35,'2.5 Shared expenses'!I$15:I$35) -> 0 | F35: =SUM(D35:E35) -> 0 | G35: 0 | H35: 0 | I35: =SUM(G35:H35) -> 0
C36: Indirect operating expenses | D36: =SUMIF('2.5 Shared expenses'!$C$15:$C$35,$C36,'2.5 Shared expenses'!H$15:H$35) -> 0 | E36: =SUMIF('2.5 Shared expenses'!$C$15:$C$35,$C36,'2.5 Shared expenses'!I$15:I$35) -> 0 | F36: =SUM(D36:E36) -> 0 | G36: 0 | H36: 0 | I36: =SUM(G36:H36) -> 0
B37: Section 12 | C37: Shared asset depreciation | D37: =SUMIF('2.5 Shared expenses'!$C$15:$C$35,$C37,'2.5 Shared expenses'!H$15:H$35) -> 145784.95 | E37: =SUMIF('2.5 Shared expenses'!$C$15:$C$35,$C37,'2.5 Shared expenses'!I$15:I$35) -> 0 | F37: =SUM(D37:E37) -> 145784.95 | G37: 111038.62 | H37: 0 | I37: =SUM(G37:H37) -> 111038.62
C38: Rental and leasing costs | D38: =SUMIF('2.5 Shared expenses'!$C$15:$C$35,$C38,'2.5 Shared expenses'!H$15:H$35) -> 0 | E38: =SUMIF('2.5 Shared expenses'!$C$15:$C$35,$C38,'2.5 Shared expenses'!I$15:I$35) -> 0 | F38: =SUM(D38:E38) -> 0 | G38: 0 | H38: 0 | I38: =SUM(G38:H38) -> 0
C39: Borrowing costs | D39: =SUMIF('2.5 Shared expenses'!$C$15:$C$35,$C39,'2.5 Shared expenses'!H$15:H$35) -> 0 | E39: =SUMIF('2.5 Shared expenses'!$C$15:$C$35,$C39,'2.5 Shared expenses'!I$15:I$35) -> 0 | F39: =SUM(D39:E39) -> 0 | G39: 0 | H39: 0 | I39: =SUM(G39:H39) -> 0
C40: Loss from sale of shared fixed assets | D40: =SUMIF('2.5 Shared expenses'!$C$15:$C$35,$C40,'2.5 Shared expenses'!H$15:H$35) -> 0 | E40: =SUMIF('2.5 Shared expenses'!$C$15:$C$35,$C40,'2.5 Shared expenses'!I$15:I$35) -> 0 | F40: =SUM(D40:E40) -> 0 | G40: 0 | H40: 0 | I40: =SUM(G40:H40) -> 0
C41: Impairment losses (nature of the impairment loss) | D41: =SUMIF('2.5 Shared expenses'!$C$15:$C$35,$C41,'2.5 Shared expenses'!H$15:H$35) -> 0 | E41: =SUMIF('2.5 Shared expenses'!$C$15:$C$35,$C41,'2.5 Shared expenses'!I$15:I$35) -> 0 | F41: =SUM(D41:E41) -> 0 | G41: 0 | H41: 0 | I41: =SUM(G41:H41) -> 0
B42: Section 12 | C42: Other shared expenses | D42: =SUMIF('2.5 Shared expenses'!$C$15:$C$35,$C42,'2.5 Shared expenses'!H$15:H$35) -> 540796.18 | E42: =SUMIF('2.5 Shared expenses'!$C$15:$C$35,$C42,'2.5 Shared expenses'!I$15:I$35) -> 0 | F42: =SUM(D42:E42) -> 540796.18 | G42: 616434.16 | H42: 0 | I42: =SUM(G42:H42) -> 616434.16
C43: Total shared expenses allocated to pipeline | D43: =SUM(D34:D42) -> 686581.13 | E43: =SUM(E34:E42) -> 0 | F43: =SUM(F34:F42) -> 686581.13 | G43: =SUM(G34:G42) -> 727472.77 | H43: =SUM(H34:H42) -> 0 | I43: =SUM(I34:I42) -> 727472.77
C44: Total expenses by pipeline | D44: =D43+D32 -> 2579034.5 | E44: =E43+E32 -> 0 | F44: =F43+F32 -> 2579034.5 | G44: =G43+G32 -> 2274985.4 | H44: =H43+H32 -> 0 | I44: =I43+I32 -> 2274985.4
C45: Earnings before interest and tax (EBIT) | D45: =D22-ABS(D44) -> 2429528.5 | E45: =E22-ABS(E44) -> 0 | F45: =F22-ABS(F44) -> 2429528.5 | G45: =G22-ABS(G44) -> 2702340.2 | H45: =H22-ABS(H44) -> 0 | I45: =I22-ABS(I44) -> 2702340.2

Sheet 2.2 Allocation to services
B1: Part 10 Financial Reporting
B2: =IF(Tradingname=0," ",Tradingname) -> APT PIPELINES (NSW) PTY LIMITED
B3: Year ending | C3: =IF(Yearending=0, "01/01/2000", Yearending) -> 45838
B4: Allocation to pipeline services
B7: Table 2.2.1: Revenue by service
D9: Reporting period | H9: Previous reporting period
B10: Basis of Preparation ID | C10: Description | D10: Allocation to pipeline service | E10: Amounts excluding related party transactions | F10: Related party transactions | G10: Total | H10: Allocation to pipeline service | I10: Amounts excluding related party transactions | J10: Related party transactions | K10: Total
D11: % | E11: $ nominal | F11: $ nominal | G11: $ nominal | H11: % | I11: $ nominal | J11: $ nominal | K11: $ nominal
C12: Direct revenue (excl. capital contributions)
B13: Section 13 | C13: Firm forward haul transportation service | D13: 0.9977282 | E13: =D13*$E$23 -> 4997184.5 | F13: =D13*$F$23 -> 0 | G13: =SUM(E13:F13) -> 4997184.5 | H13: 0.99766642 | I13: =H13*$I$23 -> 4965710.6 | J13: =H13*$J$23 -> 0 | K13: =SUM(I13:J13) -> 4965710.6
B14: Section 13 | C14: Backhaul service | D14: 0 | E14: =D14*$E$23 -> 0 | F14: =D14*$F$23 -> 0 | G14: =SUM(E14:F14) -> 0 | H14: 0 | I14: =H14*$I$23 -> 0 | J14: =H14*$J$23 -> 0 | K14: =SUM(I14:J14) -> 0
B15: Section 13 | C15: Interruptible or as available transportation service | D15: 0 | E15: =D15*$E$23 -> 0 | F15: =D15*$F$23 -> 0 | G15: =SUM(E15:F15) -> 0 | H15: 0 | I15: =H15*$I$23 -> 0 | J15: =H15*$J$23 -> 0 | K15: =SUM(I15:J15) -> 0
B16: Section 13 | C16: Firm stand-alone compression service | D16: 0 | E16: =D16*$E$23 -> 0 | F16: =D16*$F$23 -> 0 | G16: =SUM(E16:F16) -> 0 | H16: 0 | I16: =H16*$I$23 -> 0 | J16: =H16*$J$23 -> 0 | K16: =SUM(I16:J16) -> 0
B17: Section 13 | C17: Interruptible or as available stand-alone compression service | D17: 0 | E17: =D17*$E$23 -> 0 | F17: =D17*$F$23 -> 0 | G17: =SUM(E17:F17) -> 0 | H17: 0 | I17: =H17*$I$23 -> 0 | J17: =H17*$J$23 -> 0 | K17: =SUM(I17:J17) -> 0
B18: Section 13 | C18: Park service | D18: 0 | E18: =D18*$E$23 -> 0 | F18: =D18*$F$23 -> 0 | G18: =SUM(E18:F18) -> 0 | H18: 0 | I18: =H18*$I$23 -> 0 | J18: =H18*$J$23 -> 0 | K18: =SUM(I18:J18) -> 0
B19: Section 13 | C19: Park and loan services | D19: 0 | E19: =D19*$E$23 -> 0 | F19: =D19*$F$23 -> 0 | G19: =SUM(E19:F19) -> 0 | H19: 0 | I19: =H19*$I$23 -> 0 | J19: =H19*$J$23 -> 0 | K19: =SUM(I19:J19) -> 0
B20: Section 13 | C20: Capacity trading service | D20: 0.0022718033 | E20: =D20*$E$23 -> 11378.47 | F20: =D20*$F$23 -> 0 | G20: =SUM(E20:F20) -> 11378.47 | H20: 0.0023335823 | I20: =H20*$I$23 -> 11614.999 | J20: =H20*$J$23 -> 0 | K20: =SUM(I20:J20) -> 11614.999
B21: Section 13 | C21: In pipe trading service | D21: 0 | E21: =D21*$E$23 -> 0 | F21: =D21*$F$23 -> 0 | G21: =SUM(E21:F21) -> 0 | H21: 0 | I21: =H21*$I$23 -> 0 | J21: =H21*$J$23 -> 0 | K21: =SUM(I21:J21) -> 0
B22: Section 13 | C22: Other | D22: 0 | E22: =D22*$E$23 -> 0 | F22: =D22*$F$23 -> 0 | G22: =SUM(E22:F22) -> 0 | H22: 0 | I22: =H22*$I$23 -> 0 | J22: =H22*$J$23 -> 0 | K22: =SUM(I22:J22) -> 0
C23: Total direct revenue (excl. capital contributions) | D23: =SUM(D13:D22) -> 1 | E23: ='2.1 Profit & Loss by component'!D18-'2.1 Profit & Loss by component'!D15-'2.1 Profit & Loss by component'!D14 -> 5008563 | F23: ='2.1 Profit & Loss by component'!E18-'2.1 Profit & Loss by component'!E14 -> 0 | G23: =SUM(G13:G22) -> 5008563 | H23: =SUM(H13:H22) -> 1 | I23: ='2.1 Profit & Loss by component'!G18-'2.1 Profit & Loss by component'!G14-'2.1 Profit & Loss by component'!G15 -> 4977325.6 | J23: ='2.1 Profit & Loss by component'!H18-'2.1 Profit & Loss by component'!H14-'2.1 Profit & Loss by component'!H15 -> 0 | K23: =SUM(K13:K22) -> 4977325.6
C24: Capital contributions
B25: Section 13 | C25: Firm forward haul transportation service | D25: 0 | E25: =$D25*E$35 -> 0 | F25: =$D25*F$35 -> 0 | G25: =SUM(E25:F25) -> 0 | H25: 0 | I25: =H25*$I$35 -> 0 | J25: =H25*$J$35 -> 0 | K25: =SUM(I25:J25) -> 0
B26: Section 13 | C26: Backhaul service | D26: 0 | E26: =$D26*E$35 -> 0 | F26: =$D26*F$35 -> 0 | G26: =SUM(E26:F26) -> 0 | H26: 0 | I26: =H26*$I$35 -> 0 | J26: =H26*$J$35 -> 0 | K26: =SUM(I26:J26) -> 0
B27: Section 13 | C27: Interruptible or as available transportation service | D27: 0 | E27: =$D27*E$35 -> 0 | F27: =$D27*F$35 -> 0 | G27: =SUM(E27:F27) -> 0 | H27: 0 | I27: =H27*$I$35 -> 0 | J27: =H27*$J$35 -> 0 | K27: =SUM(I27:J27) -> 0
B28: Section 13 | C28: Firm stand-alone compression service | D28: 0 | E28: =$D28*E$35 -> 0 | F28: =$D28*F$35 -> 0 | G28: =SUM(E28:F28) -> 0 | H28: 0 | I28: =H28*$I$35 -> 0 | J28: =H28*$J$35 -> 0 | K28: =SUM(I28:J28) -> 0
B29: Section 13 | C29: Interruptible or as available stand-alone compression service | D29: 0 | E29: =$D29*E$35 -> 0 | F29: =$D29*F$35 -> 0 | G29: =SUM(E29:F29) -> 0 | H29: 0 | I29: =H29*$I$35 -> 0 | J29: =H29*$J$35 -> 0 | K29: =SUM(I29:J29) -> 0
B30: Section 13 | C30: Park service | D30: 0 | E30: =$D30*E$35 -> 0 | F30: =$D30*F$35 -> 0 | G30: =SUM(E30:F30) -> 0 | H30: 0 | I30: =H30*$I$35 -> 0 | J30: =H30*$J$35 -> 0 | K30: =SUM(I30:J30) -> 0
B31: Section 13 | C31: Park and loan services | D31: 0 | E31: =$D31*E$35 -> 0 | F31: =$D31*F$35 -> 0 | G31: =SUM(E31:F31) -> 0 | H31: 0 | I31: =H31*$I$35 -> 0 | J31: =H31*$J$35 -> 0 | K31: =SUM(I31:J31) -> 0
B32: Section 13 | C32: Capacity trading service | D32: 0 | E32: =$D32*E$35 -> 0 | F32: =$D32*F$35 -> 0 | G32: =SUM(E32:F32) -> 0 | H32: 0 | I32: =H32*$I$35 -> 0 | J32: =H32*$J$35 -> 0 | K32: =SUM(I32:J32) -> 0
B33: Section 13 | C33: In pipe trading service | D33: 0 | E33: =$D33*E$35 -> 0 | F33: =$D33*F$35 -> 0 | G33: =SUM(E33:F33) -> 0 | H33: 0 | I33: =H33*$I$35 -> 0 | J33: =H33*$J$35 -> 0 | K33: =SUM(I33:J33) -> 0
B34: Section 13 | C34: Other | D34: 0 | E34: =$D34*E$35 -> 0 | F34: =$D34*F$35 -> 0 | G34: =SUM(E34:F34) -> 0 | H34: 0 | I34: =H34*$I$35 -> 0 | J34: =H34*$J$35 -> 0 | K34: =SUM(I34:J34) -> 0
C35: Total capital contributions | D35: =SUM(D25:D34) -> 0 | E35: ='2.1 Profit & Loss by component'!D14+'2.1 Profit & Loss by component'!D15 -> 0 | F35: ='2.1 Profit & Loss by component'!E14+'2.1 Profit & Loss by component'!E15 -> 0 | G35: =SUM(G25:G34) -> 0 | H35: =SUM(H25:H34) -> 0 | I35: ='2.1 Profit & Loss by component'!G14+'2.1 Profit & Loss by component'!G15 -> 0 | J35: ='2.1 Profit & Loss by component'!H14 -> 0 | K35: =SUM(K25:K34) -> 0
C36: Indirect revenue allocated
B37: Section 13 | C37: Firm forward haul transportation service | D37: 0 | E37: =$D37*'2.4 Indirect revenue'!$G$42 -> 0 | F37: =$D37*'2.4 Indirect revenue'!$H$42 -> 0 | G37: =SUM(E37:F37) -> 0 | H37: 0 | I37: =H37*$I$47 -> 0 | J37: =H37*$J$47 -> 0 | K37: =SUM(I37:J37) -> 0
B38: Section 13 | C38: Backhaul service | D38: 0 | E38: =$D38*'2.4 Indirect revenue'!$G$42 -> 0 | F38: =$D38*'2.4 Indirect revenue'!$H$42 -> 0 | G38: =SUM(E38:F38) -> 0 | H38: 0 | I38: =H38*$I$47 -> 0 | J38: =H38*$J$47 -> 0 | K38: =SUM(I38:J38) -> 0
B39: Section 13 | C39: Interruptible or as available transportation service | D39: 0 | E39: =$D39*'2.4 Indirect revenue'!$G$42 -> 0 | F39: =$D39*'2.4 Indirect revenue'!$H$42 -> 0 | G39: =SUM(E39:F39) -> 0 | H39: 0 | I39: =H39*$I$47 -> 0 | J39: =H39*$J$47 -> 0 | K39: =SUM(I39:J39) -> 0
B40: Section 13 | C40: Firm stand-alone compression service | D40: 0 | E40: =$D40*'2.4 Indirect revenue'!$G$42 -> 0 | F40: =$D40*'2.4 Indirect revenue'!$H$42 -> 0 | G40: =SUM(E40:F40) -> 0 | H40: 0 | I40: =H40*$I$47 -> 0 | J40: =H40*$J$47 -> 0 | K40: =SUM(I40:J40) -> 0
B41: Section 13 | C41: Interruptible or as available stand-alone compression service | D41: 0 | E41: =$D41*'2.4 Indirect revenue'!$G$42 -> 0 | F41: =$D41*'2.4 Indirect revenue'!$H$42 -> 0 | G41: =SUM(E41:F41) -> 0 | H41: 0 | I41: =H41*$I$47 -> 0 | J41: =H41*$J$47 -> 0 | K41: =SUM(I41:J41) -> 0
B42: Section 13 | C42: Park service | D42: 0 | E42: =$D42*'2.4 Indirect revenue'!$G$42 -> 0 | F42: =$D42*'2.4 Indirect revenue'!$H$42 -> 0 | G42: =SUM(E42:F42) -> 0 | H42: 0 | I42: =H42*$I$47 -> 0 | J42: =H42*$J$47 -> 0 | K42: =SUM(I42:J42) -> 0
B43: Section 13 | C43: Park and loan services | D43: 0 | E43: =$D43*'2.4 Indirect revenue'!$G$42 -> 0 | F43: =$D43*'2.4 Indirect revenue'!$H$42 -> 0 | G43: =SUM(E43:F43) -> 0 | H43: 0 | I43: =H43*$I$47 -> 0 | J43: =H43*$J$47 -> 0 | K43: =SUM(I43:J43) -> 0
B44: Section 13 | C44: Capacity trading service | D44: 0 | E44: =$D44*'2.4 Indirect revenue'!$G$42 -> 0 | F44: =$D44*'2.4 Indirect revenue'!$H$42 -> 0 | G44: =SUM(E44:F44) -> 0 | H44: 0 | I44: =H44*$I$47 -> 0 | J44: =H44*$J$47 -> 0 | K44: =SUM(I44:J44) -> 0
B45: Section 13 | C45: In pipe trading service | D45: 0 | E45: =$D45*'2.4 Indirect revenue'!$G$42 -> 0 | F45: =$D45*'2.4 Indirect revenue'!$H$42 -> 0 | G45: =SUM(E45:F45) -> 0 | H45: 0 | I45: =H45*$I$47 -> 0 | J45: =H45*$J$47 -> 0 | K45: =SUM(I45:J45) -> 0
B46: Section 13 | C46: Other | D46: 0 | E46: =$D46*'2.4 Indirect revenue'!$G$42 -> 0 | F46: =$D46*'2.4 Indirect revenue'!$H$42 -> 0 | G46: =SUM(E46:F46) -> 0 | H46: 0 | I46: =H46*$I$47 -> 0 | J46: =H46*$J$47 -> 0 | K46: =SUM(I46:J46) -> 0
C47: Total indirect revenue | D47: =SUM(D37:D46) -> 0 | E47: ='2.1 Profit & Loss by component'!D21 -> 0 | F47: ='2.1 Profit & Loss by component'!E21 -> 0 | G47: =SUM(G37:G46) -> 0 | H47: =SUM(H37:H46) -> 0 | I47: ='2.1 Profit & Loss by component'!G21 -> 0 | J47: ='2.1 Profit & Loss by component'!H21 -> 0 | K47: =SUM(K37:K46) -> 0
C48: Total revenue | E48: =E47+E35+E23 -> 5008563 | F48: =F47+F35+F23 -> 0 | G48: =G47+G35+G23 -> 5008563 | I48: =I47+I35+I23 -> 4977325.6 | J48: =J47+J35+J23 -> 0 | K48: =K47+K35+K23 -> 4977325.6
B50: Table 2.2.2: Expenses by service
D52: Reporting period | H52: Previous reporting period
B53: Basis of Preparation ID | C53: Description | D53: Allocation to pipeline service | E53: Amounts excluding related party transactions | F53: Related party transactions | G53: Total | H53: Allocation to pipeline service | I53: Amounts excluding related party transactions | J53: Related party transactions | K53: Total
D54: % | E54: $ nominal | F54: $ nominal | G54: $ nominal | H54: % | I54: $ nominal | J54: $ nominal | K54: $ nominal
C55: Direct expenses (excl. depreciation)
B56: Section 13 | C56: Firm forward haul transportation service | D56: 0.9977282 | E56: =D56*$E$66 -> 847932.69 | F56: =D56*$F$66 -> 0 | G56: =SUM(E56:F56) -> 847932.69 | H56: 0.99766642 | I56: =H56*$I$66 -> 624678.02 | J56: =H56*$J$66 -> 0 | K56: =SUM(I56:J56) -> 624678.02
B57: Section 13 | C57: Backhaul service | D57: 0 | E57: =D57*$E$66 -> 0 | F57: =D57*$F$66 -> 0 | G57: =SUM(E57:F57) -> 0 | H57: 0 | I57: =H57*$I$66 -> 0 | J57: =H57*$J$66 -> 0 | K57: =SUM(I57:J57) -> 0
B58: Section 13 | C58: Interruptible or as available transportation service | D58: 0 | E58: =D58*$E$66 -> 0 | F58: =D58*$F$66 -> 0 | G58: =SUM(E58:F58) -> 0 | H58: 0 | I58: =H58*$I$66 -> 0 | J58: =H58*$J$66 -> 0 | K58: =SUM(I58:J58) -> 0
B59: Section 13 | C59: Firm stand-alone compression service | D59: 0 | E59: =D59*$E$66 -> 0 | F59: =D59*$F$66 -> 0 | G59: =SUM(E59:F59) -> 0 | H59: 0 | I59: =H59*$I$66 -> 0 | J59: =H59*$J$66 -> 0 | K59: =SUM(I59:J59) -> 0
B60: Section 13 | C60: Interruptible or as available stand-alone compression service | D60: 0 | E60: =D60*$E$66 -> 0 | F60: =D60*$F$66 -> 0 | G60: =SUM(E60:F60) -> 0 | H60: 0 | I60: =H60*$I$66 -> 0 | J60: =H60*$J$66 -> 0 | K60: =SUM(I60:J60) -> 0
B61: Section 13 | C61: Park service | D61: 0 | E61: =D61*$E$66 -> 0 | F61: =D61*$F$66 -> 0 | G61: =SUM(E61:F61) -> 0 | H61: 0 | I61: =H61*$I$66 -> 0 | J61: =H61*$J$66 -> 0 | K61: =SUM(I61:J61) -> 0
B62: Section 13 | C62: Park and loan services | D62: 0 | E62: =D62*$E$66 -> 0 | F62: =D62*$F$66 -> 0 | G62: =SUM(E62:F62) -> 0 | H62: 0 | I62: =H62*$I$66 -> 0 | J62: =H62*$J$66 -> 0 | K62: =SUM(I62:J62) -> 0
B63: Section 13 | C63: Capacity trading service | D63: 0.0022718033 | E63: =D63*$E$66 -> 1930.7225 | F63: =D63*$F$66 -> 0 | G63: =SUM(E63:F63) -> 1930.7225 | H63: 0.0023335823 | I63: =H63*$I$66 -> 1461.1473 | J63: =H63*$J$66 -> 0 | K63: =SUM(I63:J63) -> 1461.1473
B64: Section 13 | C64: In pipe trading service | D64: 0 | E64: =D64*$E$66 -> 0 | F64: =D64*$F$66 -> 0 | G64: =SUM(E64:F64) -> 0 | H64: 0 | I64: =H64*$I$66 -> 0 | J64: =H64*$J$66 -> 0 | K64: =SUM(I64:J64) -> 0
B65: Section 13 | C65: Other | D65: 0 | E65: =D65*$E$66 -> 0 | F65: =D65*$F$66 -> 0 | G65: =SUM(E65:F65) -> 0 | H65: 0 | I65: =H65*$I$66 -> 0 | J65: =H65*$J$66 -> 0 | K65: =SUM(I65:J65) -> 0
C66: Total direct expenses (excl. depreciation) | D66: =SUM(D56:D65) -> 1 | E66: ='2.1 Profit & Loss by component'!D32-'2.1 Profit & Loss by component'!D26 -> 849863.41 | F66: ='2.1 Profit & Loss by component'!E32-'2.1 Profit & Loss by component'!E26 -> 0 | G66: =SUM(G56:G65) -> 849863.41 | H66: =SUM(H56:H65) -> 1 | I66: ='2.1 Profit & Loss by component'!G32-'2.1 Profit & Loss by component'!G26 -> 626139.17 | J66: ='2.1 Profit & Loss by component'!H32-'2.1 Profit & Loss by component'!H26 -> 0 | K66: =SUM(K56:K65) -> 626139.17
C67: Depreciation
B68: Section 13 | C68: Firm forward haul transportation service | D68: 0.9977282 | E68: =D68*$E$78 -> 1185675.1 | F68: =D68*$F$78 -> 0 | G68: =SUM(E68:F68) -> 1185675.1 | H68: 0.99766642 | I68: =H68*$I$78 -> 1030002.9 | J68: =H68*$J$78 -> 0 | K68: =SUM(I68:J68) -> 1030002.9
B69: Section 13 | C69: Backhaul service | D69: 0 | E69: =D69*$E$78 -> 0 | F69: =D69*$F$78 -> 0 | G69: =SUM(E69:F69) -> 0 | H69: 0 | I69: =H69*$I$78 -> 0 | J69: =H69*$J$78 -> 0 | K69: =SUM(I69:J69) -> 0
B70: Section 13 | C70: Interruptible or as available transportation service | D70: 0 | E70: =D70*$E$78 -> 0 | F70: =D70*$F$78 -> 0 | G70: =SUM(E70:F70) -> 0 | H70: 0 | I70: =H70*$I$78 -> 0 | J70: =H70*$J$78 -> 0 | K70: =SUM(I70:J70) -> 0
B71: Section 13 | C71: Firm stand-alone compression service | D71: 0 | E71: =D71*$E$78 -> 0 | F71: =D71*$F$78 -> 0 | G71: =SUM(E71:F71) -> 0 | H71: 0 | I71: =H71*$I$78 -> 0 | J71: =H71*$J$78 -> 0 | K71: =SUM(I71:J71) -> 0
B72: Section 13 | C72: Interruptible or as available stand-alone compression service | D72: 0 | E72: =D72*$E$78 -> 0 | F72: =D72*$F$78 -> 0 | G72: =SUM(E72:F72) -> 0 | H72: 0 | I72: =H72*$I$78 -> 0 | J72: =H72*$J$78 -> 0 | K72: =SUM(I72:J72) -> 0
B73: Section 13 | C73: Park service | D73: 0 | E73: =D73*$E$78 -> 0 | F73: =D73*$F$78 -> 0 | G73: =SUM(E73:F73) -> 0 | H73: 0 | I73: =H73*$I$78 -> 0 | J73: =H73*$J$78 -> 0 | K73: =SUM(I73:J73) -> 0
B74: Section 13 | C74: Park and loan services | D74: 0 | E74: =D74*$E$78 -> 0 | F74: =D74*$F$78 -> 0 | G74: =SUM(E74:F74) -> 0 | H74: 0 | I74: =H74*$I$78 -> 0 | J74: =H74*$J$78 -> 0 | K74: =SUM(I74:J74) -> 0
B75: Section 13 | C75: Capacity trading service | D75: 0.0022718033 | E75: =D75*$E$78 -> 2699.7539 | F75: =D75*$F$78 -> 0 | G75: =SUM(E75:F75) -> 2699.7539 | H75: 0.0023335823 | I75: =H75*$I$78 -> 2409.2186 | J75: =H75*$J$78 -> 0 | K75: =SUM(I75:J75) -> 2409.2186
B76: Section 13 | C76: In pipe trading service | D76: 0 | E76: =D76*$E$78 -> 0 | F76: =D76*$F$78 -> 0 | G76: =SUM(E76:F76) -> 0 | H76: 0 | I76: =H76*$I$78 -> 0 | J76: =H76*$J$78 -> 0 | K76: =SUM(I76:J76) -> 0
B77: Section 13 | C77: Other | D77: 0 | E77: =D77*$E$78 -> 0 | F77: =D77*$F$78 -> 0 | G77: =SUM(E77:F77) -> 0 | H77: 0 | I77: =H77*$I$78 -> 0 | J77: =H77*$J$78 -> 0 | K77: =SUM(I77:J77) -> 0
C78: Total depreciation | D78: =SUM(D68:D77) -> 1 | E78: ='2.1 Profit & Loss by component'!D26+'2.1 Profit & Loss by component'!D37 -> 1188374.9 | F78: ='2.1 Profit & Loss by component'!E26+'2.1 Profit & Loss by component'!E37 -> 0 | G78: =SUM(G68:G77) -> 1188374.9 | H78: =SUM(H68:H77) -> 1 | I78: ='2.1 Profit & Loss by component'!G26+'2.1 Profit & Loss by component'!G37 -> 1032412.1 | J78: ='2.1 Profit & Loss by component'!H26+'2.1 Profit & Loss by component'!H37 -> 0 | K78: =SUM(K68:K77) -> 1032412.1
C79: Shared expenses allocated (excl. depreciation)
B80: Section 13 | C80: Firm forward haul transportation service | D80: 0.9977282 | E80: =D80*$E$90 -> 539567.6 | F80: =D80*$F$90 -> 0 | G80: =SUM(E80:F80) -> 539567.6 | H80: 0.99766642 | I80: =H80*$I$90 -> 614995.66 | J80: =H80*$J$90 -> 0 | K80: =SUM(I80:J80) -> 614995.66
B81: Section 13 | C81: Backhaul service | D81: 0 | E81: =D81*$E$90 -> 0 | F81: =D81*$F$90 -> 0 | G81: =SUM(E81:F81) -> 0 | H81: 0 | I81: =H81*$I$90 -> 0 | J81: =H81*$J$90 -> 0 | K81: =SUM(I81:J81) -> 0
B82: Section 13 | C82: Interruptible or as available transportation service | D82: 0 | E82: =D82*$E$90 -> 0 | F82: =D82*$F$90 -> 0 | G82: =SUM(E82:F82) -> 0 | H82: 0 | I82: =H82*$I$90 -> 0 | J82: =H82*$J$90 -> 0 | K82: =SUM(I82:J82) -> 0
B83: Section 13 | C83: Firm stand-alone compression service | D83: 0 | E83: =D83*$E$90 -> 0 | F83: =D83*$F$90 -> 0 | G83: =SUM(E83:F83) -> 0 | H83: 0 | I83: =H83*$I$90 -> 0 | J83: =H83*$J$90 -> 0 | K83: =SUM(I83:J83) -> 0
B84: Section 13 | C84: Interruptible or as available stand-alone compression service | D84: 0 | E84: =D84*$E$90 -> 0 | F84: =D84*$F$90 -> 0 | G84: =SUM(E84:F84) -> 0 | H84: 0 | I84: =H84*$I$90 -> 0 | J84: =H84*$J$90 -> 0 | K84: =SUM(I84:J84) -> 0
B85: Section 13 | C85: Park service | D85: 0 | E85: =D85*$E$90 -> 0 | F85: =D85*$F$90 -> 0 | G85: =SUM(E85:F85) -> 0 | H85: 0 | I85: =H85*$I$90 -> 0 | J85: =H85*$J$90 -> 0 | K85: =SUM(I85:J85) -> 0
B86: Section 13 | C86: Park and loan services | D86: 0 | E86: =D86*$E$90 -> 0 | F86: =D86*$F$90 -> 0 | G86: =SUM(E86:F86) -> 0 | H86: 0 | I86: =H86*$I$90 -> 0 | J86: =H86*$J$90 -> 0 | K86: =SUM(I86:J86) -> 0
B87: Section 13 | C87: Capacity trading service | D87: 0.0022718033 | E87: =D87*$E$90 -> 1228.5825 | F87: =D87*$F$90 -> 0 | G87: =SUM(E87:F87) -> 1228.5825 | H87: 0.0023335823 | I87: =H87*$I$90 -> 1438.4998 | J87: =H87*$J$90 -> 0 | K87: =SUM(I87:J87) -> 1438.4998
B88: Section 13 | C88: In pipe trading service | D88: 0 | E88: =D88*$E$90 -> 0 | F88: =D88*$F$90 -> 0 | G88: =SUM(E88:F88) -> 0 | H88: 0 | I88: =H88*$I$90 -> 0 | J88: =H88*$J$90 -> 0 | K88: =SUM(I88:J88) -> 0
B89: Section 13 | C89: Other | D89: 0 | E89: =D89*$E$90 -> 0 | F89: =D89*$F$90 -> 0 | G89: =SUM(E89:F89) -> 0 | H89: 0 | I89: =H89*$I$90 -> 0 | J89: =H89*$J$90 -> 0 | K89: =SUM(I89:J89) -> 0
C90: Total shared expenses (excl. depreciation) | D90: =SUM(D80:D89) -> 1 | E90: ='2.1 Profit & Loss by component'!D43-'2.1 Profit & Loss by component'!D37 -> 540796.18 | F90: ='2.1 Profit & Loss by component'!E43-'2.1 Profit & Loss by component'!E37 -> 0 | G90: =SUM(G80:G89) -> 540796.18 | H90: =SUM(H80:H89) -> 1 | I90: ='2.1 Profit & Loss by component'!G43-'2.1 Profit & Loss by component'!G37 -> 616434.16 | J90: ='2.1 Profit & Loss by component'!H43-'2.1 Profit & Loss by component'!H37 -> 0 | K90: =SUM(K80:K89) -> 616434.16
C91: Total expenses | E91: =E90+E78+E66 -> 2579034.5 | F91: =F90+F78+F66 -> 0 | G91: =G90+G78+G66 -> 2579034.5 | I91: =I90+I78+I66 -> 2274985.4 | J91: =J90+J78+J66 -> 0 | K91: =K90+K78+K66 -> 2274985.4

Sheet 2.3 Revenue contributions 
B1: Part 10 Financial Reporting
B2: =IF(Tradingname=0," ",Tradingname) -> APT PIPELINES (NSW) PTY LIMITED
B3: Year ending | C3: =IF(Yearending=0, "01/01/2000", Yearending) -> 45838
B4: Revenue contributions
B7: Table 2.3.1: Customer contributions received
B9: Description | C9: Amounts excluding related party transactions | D9: Related party transactions | E9: Total
C10: $ nominal | D10: $ nominal | E10: $ nominal
B11: Customer contribution | C11: 0 | E11: =SUM(C11:D11) -> 0
E12: =SUM(C12:D12) -> 0
E13: =SUM(C13:D13) -> 0
E14: =SUM(C14:D14) -> 0
E15: =SUM(C15:D15) -> 0
E16: =SUM(C16:D16) -> 0
B17: Total | C17: =SUM(C11:C16) -> 0 | D17: =SUM(D11:D16) -> 0 | E17: =SUM(C17:D17) -> 0
B19: Table 2.3.2: Government contributions received
B21: Source | C21: Description | D21: Total
D22: $ nominal
B29: Total | D29: =SUM(D23:D28) -> 0

Sheet 2.4 Indirect revenue
B1: Part 10 Financial Reporting
B2: =IF(Tradingname=0," ",Tradingname) -> APT PIPELINES (NSW) PTY LIMITED
B3: Year ending | C3: =IF(Yearending=0, "01/01/2000", Yearending) -> 45838
B4: Indirect revenue
B6: Please ensure allocation methodologies are explained in sufficient detail in the Basis of Preparation as required under the Guideline.
B11: Table 2.4.1: Indirect revenue allocation
B13: Basis of Preparation ID | C13: Description | D13: Indirect revenue excluding related parties | E13: Indirect revenue from related parties | F13: % allocated to pipeline | G13: Total allocated to pipeline excluding related parties | H13: Total related party amounts allocated to pipeline | I13: Total amounts allocated to pipeline
C14: (list each individual revenue item) | D14: $ nominal | E14: $ nominal | G14: $ nominal | H14: $ nominal | I14: $ nominal
B15: Section 15 | G15: =D15*F15 -> 0 | H15: =E15*F15 -> 0 | I15: =G15+H15 -> 0
G16: =D16*F16 -> 0 | H16: =E16*F16 -> 0 | I16: =G16+H16 -> 0
G17: =D17*F17 -> 0 | H17: =E17*F17 -> 0 | I17: =G17+H17 -> 0
G18: =D18*F18 -> 0 | H18: =E18*F18 -> 0 | I18: =G18+H18 -> 0
G19: =D19*F19 -> 0 | H19: =E19*F19 -> 0 | I19: =G19+H19 -> 0
G20: =D20*F20 -> 0 | H20: =E20*F20 -> 0 | I20: =G20+H20 -> 0
G21: =D21*F21 -> 0 | H21: =E21*F21 -> 0 | I21: =G21+H21 -> 0
G22: =D22*F22 -> 0 | H22: =E22*F22 -> 0 | I22: =G22+H22 -> 0
G23: =D23*F23 -> 0 | H23: =E23*F23 -> 0 | I23: =G23+H23 -> 0
G24: =D24*F24 -> 0 | H24: =E24*F24 -> 0 | I24: =G24+H24 -> 0
G25: =D25*F25 -> 0 | H25: =E25*F25 -> 0 | I25: =G25+H25 -> 0
G26: =D26*F26 -> 0 | H26: =E26*F26 -> 0 | I26: =G26+H26 -> 0
G27: =D27*F27 -> 0 | H27: =E27*F27 -> 0 | I27: =G27+H27 -> 0
... G41: =D41*F41 -> 0 | H41: =E41*F41 -> 0 | I41: =G41+H41 -> 0
C42: Total | D42: =SUM(D15:D41) -> 0 | E42: =SUM(E15:E41) -> 0 | G42: =SUM(G15:G41) -> 0 | H42: =SUM(H15:H41) -> 0 | I42: =SUM(I15:I41) -> 0

Sheet 2.5 Shared expenses
B1: Part 10 Financial Reporting
B2: =IF(Tradingname=0," ",Tradingname) -> APT PIPELINES (NSW) PTY LIMITED
B3: Year ending | C3: =IF(Yearending=0, "01/01/2000", Yearending) -> 45838
B4: Shared expenses
B6: Please ensure allocation methodologies are explained in sufficient detail in the Basis of Preparation as required under the Guideline.
B11: Table 2.5.1: Shared expense allocation
B13: Basis of Preparation ID | C13: Description | D13: Income statement account applied to | E13: Shared expenses excluding related parties | F13: Shared expenses paid to related parties | G13: % allocated to pipeline | H13: Total allocated to pipeline excluding related parties | I13: Total related party amounts allocated to pipeline | J13: Total amounts allocated to pipeline
C14: (list each individual cost) | E14: $ nominal | F14: $ nominal | H14: $ nominal | I14: $ nominal | J14: $ nominal
C15: Employee expenses | H15: =E15*G15 -> 0 | I15: =F15*G15 -> 0 | J15: =H15+I15 -> 0
C16: Information technology and communication costs | H16: =E16*G16 -> 0 | I16: =F16*G16 -> 0 | J16: =H16+I16 -> 0
C17: Indirect operating expenses | H17: =E17*G17 -> 0 | I17: =F17*G17 -> 0 | J17: =H17+I17 -> 0
B18: Section 16 | C18: Shared asset depreciation | E18: 55278031 | G18: 0.0026373036 | H18: =E18*G18 -> 145784.95 | I18: =F18*G18 -> 0 | J18: =H18+I18 -> 145784.95
C19: Rental and leasing costs | H19: =E19*G19 -> 0 | I19: =F19*G19 -> 0 | J19: =H19+I19 -> 0
C20: Borrowing costs | H20: =E20*G20 -> 0 | I20: =F20*G20 -> 0 | J20: =H20+I20 -> 0
C21: Loss from sale of shared fixed assets | H21: =E21*G21 -> 0 | I21: =F21*G21 -> 0 | J21: =H21+I21 -> 0
C22: Impairment losses (nature of the impairment loss) | H22: =E22*G22 -> 0 | I22: =F22*G22 -> 0 | J22: =H22+I22 -> 0
C23: Other shared expenses | E23: =SUM(E24:E35) -> 2.0505647e+08 | F23: =SUM(F24:F35) -> 0 | H23: =SUM(H24:H35) -> 540796.18 | I23: =SUM(I24:I35) -> 0 | J23: =H23+I23 -> 540796.18
B24: Section 16 | C24: Shared corporate operating expense | E24: 1.9071435e+08 | G24: 0.0026373036 | H24: =E24*G24 -> 502971.65 | I24: =F24*G24 -> 0 | J24: =H24+I24 -> 502971.65
B25: Section 16 | C25: Shared lease asset interest expense | E25: 1942424.7 | G25: 0.0026373036 | H25: =E25*G25 -> 5122.7637 | I25: =F25*G25 -> 0 | J25: =H25+I25 -> 5122.7637
B26: Section 16 | C26: Shared lease asset depreciation | E26: 12399698 | G26: 0.0026373036 | H26: =E26*G26 -> 32701.769 | I26: =F26*G26 -> 0 | J26: =H26+I26 -> 32701.769
H27: =E27*G27 -> 0 | I27: =F27*G27 -> 0 | J27: =H27+I27 -> 0
H28: =E28*G28 -> 0 | I28: =F28*G28 -> 0 | J28: =H28+I28 -> 0
H29: =E29*G29 -> 0 | I29: =F29*G29 -> 0 | J29: =H29+I29 -> 0
H30: =E30*G30 -> 0 | I30: =F30*G30 -> 0 | J30: =H30+I30 -> 0
H31: =E31*G31 -> 0 | I31: =F31*G31 -> 0 | J31: =H31+I31 -> 0
H32: =E32*G32 -> 0 | I32: =F32*G32 -> 0 | J32: =H32+I32 -> 0
H33: =E33*G33 -> 0 | I33: =F33*G33 -> 0 | J33: =H33+I33 -> 0
H34: =E34*G34 -> 0 | I34: =F34*G34 -> 0 | J34: =H34+I34 -> 0
H35: =E35*G35 -> 0 | I35: =F35*G35 -> 0 | J35: =H35+I35 -> 0
C36: Total | E36: =SUM(E15:E23) -> 2.603345e+08 | F36: =SUM(F15:F23) -> 0 | H36: =SUM(H15:H23) -> 686581.13 | I36: =SUM(I15:I23) -> 0 | J36: =SUM(J15:J23) -> 686581.13

Sheet 3.1 Depreciated Book Value
B1: Part 10 Financial Reporting
B2: =IF(Tradingname=0," ",Tradingname) -> APT PIPELINES (NSW) PTY LIMITED
B3: Year ending | C3: =IF(Yearending=0, "01/01/2000", Yearending) -> 45838
B4: Asset value - Depreciated Book Value Method (DBVM) (For Non-scheme pipeline only)
B6: This template is for a non-indexed asset value based on the Australian Accounting Standards, featuring allowances for acquisition costs and asset impairments, for non-scheme pipelines.
B13: Table 3.1.1: Pipeline assets (DBVM)
B15: Basis of Preparation ID | C15: Description | D15: Reporting period | E15: Previous reporting period
C16: Pipeline assets
C17: Pipelines
B18: Section 17 | C18: Opening Cost Base | D18: =IF(Cover!C23="Scheme pipeline","-",SUMIF('3.5 Depreciation amortisation'!$D$15:$D$58,'3.1 Depreciated Book Value'!C17,'3.5 Depreciation amortisation'!$H$15:$H$58)) -> 34998424 | E18: 31845316
B19: Section 17 | C19: Additions | D19: =IF(Cover!C23="Scheme pipeline","-",SUMIF('3.5 Depreciation amortisation'!$D$15:$D$58,'3.1 Depreciated Book Value'!C17,'3.5 Depreciation amortisation'!$I$15:$I$58)) -> 0 | E19: 3153107.7
B20: Section 17 | C20: Capitalised maintenance or improvements | D20: =IF(Cover!C23="Scheme pipeline","-",SUMIF('3.5 Depreciation amortisation'!$D$15:$D$58,'3.1 Depreciated Book Value'!C17,'3.5 Depreciation amortisation'!$J$15:$J$58)) -> 0 | E20: 0
C21: Total capitalised pipeline construction costs | D21: =IF(Cover!C23="Scheme pipeline","-",SUM(D18:D20)) -> 34998424 | E21: =SUM(E18:E20) -> 34998424
B22: Section 17 | C22: Depreciation (excl. impairment) | D22: =IF(Cover!C23="Scheme pipeline","-",-ABS(SUMIF('3.5 Depreciation amortisation'!$D$15:$D$58,'3.1 Depreciated Book Value'!C17,'3.5 Depreciation amortisation'!$O$15:$O$58)+SUMIF('3.5 Depreciation amortisation'!$D$15:$D$58,'3.1 Depreciated Book Value'!C17,'3.5 Depreciation amortisation'!$P$15:$P$58))-D23) -> -12746955 | E22: -11806838
B23: Section 17 | C23: Impairment losses | D23: =IF(Cover!C23="Scheme pipeline","-",-ABS(SUMIF('3.4 Asset impairment'!$C$10:$C$24,'3.1 Depreciated Book Value'!C17,'3.4 Asset impairment'!$D$10:$D$24))+SUMIF('3.4 Asset impairment'!$C$30:$C$56,'3.1 Depreciated Book Value'!C17,'3.4 Asset impairment'!$G$30:$G$56)) -> 0 | E23: 0
B24: Section 17 | C24: Disposals or early termination (at cost) | D24: =IF(Cover!C23="Scheme pipeline","-",SUMIF('3.5 Depreciation amortisation'!$D$15:$D$58,'3.1 Depreciated Book Value'!C17,'3.5 Depreciation amortisation'!$K$15:$K$58)) -> 0 | E24: 0
C25: Closing pipelines carrying value | D25: =IF(Cover!C23="Scheme pipeline","-",SUM(D21:D24)) -> 22251470 | E25: =SUM(E21:E24) -> 23191586
C26: Compressors
B27: Section 17 | C27: Opening Cost Base | D27: =IF(Cover!C23="Scheme pipeline","-",SUMIF('3.5 Depreciation amortisation'!$D$15:$D$58,'3.1 Depreciated Book Value'!C26,'3.5 Depreciation amortisation'!$H$15:$H$58)) -> 0 | E27: 0
B28: Section 17 | C28: Additions | D28: =IF(Cover!C23="Scheme pipeline","-",SUMIF('3.5 Depreciation amortisation'!$D$15:$D$58,'3.1 Depreciated Book Value'!C26,'3.5 Depreciation amortisation'!$I$15:$I$58)) -> 0 | E28: 0
B29: Section 17 | C29: Capitalised maintenance or improvements | D29: =IF(Cover!C23="Scheme pipeline","-",SUMIF('3.5 Depreciation amortisation'!$D$15:$D$58,'3.1 Depreciated Book Value'!C26,'3.5 Depreciation amortisation'!$J$15:$J$58)) -> 0 | E29: 0
B30: Section 17 | C30: Depreciation (excl. impairment) | D30: =IF(Cover!C23="Scheme pipeline","-",-ABS(SUMIF('3.5 Depreciation amortisation'!$D$15:$D$58,'3.1 Depreciated Book Value'!C26,'3.5 Depreciation amortisation'!$O$15:$O$58)+SUMIF('3.5 Depreciation amortisation'!$D$15:$D$58,'3.1 Depreciated Book Value'!C26,'3.5 Depreciation amortisation'!$P$15:$P$58))-D31) -> 0 | E30: 0
B31: Section 17 | C31: Impairment losses | D31: =IF(Cover!C23="Scheme pipeline","-",-ABS(SUMIF('3.4 Asset impairment'!$C$10:$C$24,'3.1 Depreciated Book Value'!C26,'3.4 Asset impairment'!$D$10:$D$24))+SUMIF('3.4 Asset impairment'!$C$30:$C$56,C26,'3.4 Asset impairment'!$G$30:$G$56)) -> 0 | E31: 0
B32: Section 17 | C32: Disposals or early termination (at cost) | D32: =IF(Cover!C23="Scheme pipeline","-",SUMIF('3.5 Depreciation amortisation'!$D$15:$D$58,'3.1 Depreciated Book Value'!C26,'3.5 Depreciation amortisation'!$K$15:$K$58)) -> 0 | E32: 0
C33: Closing compressors carrying value | D33: =IF(Cover!C23="Scheme pipeline","-",SUM(D27:D32)) -> 0 | E33: =SUM(E27:E32) -> 0
C34: City Gates, supply regulators and valve stations
B35: Section 17 | C35: Opening Cost Base | D35: =IF(Cover!C23="Scheme pipeline","-",SUMIF('3.5 Depreciation amortisation'!$D$15:$D$58,'3.1 Depreciated Book Value'!C34,'3.5 Depreciation amortisation'!$H$15:$H$58)) -> 0 | E35: 0
B36: Section 17 | C36: Additions | D36: =IF(Cover!C23="Scheme pipeline","-",SUMIF('3.5 Depreciation amortisation'!$D$15:$D$58,'3.1 Depreciated Book Value'!C34,'3.5 Depreciation amortisation'!$I$15:$I$58)) -> 0 | E36: 0
B37: Section 17 | C37: Capitalised maintenance or improvements | D37: =IF(Cover!C23="Scheme pipeline","-",SUMIF('3.5 Depreciation amortisation'!$D$15:$D$58,'3.1 Depreciated Book Value'!C34,'3.5 Depreciation amortisation'!$J$15:$J$58)) -> 0 | E37: 0
B38: Section 17 | C38: Depreciation (excl. impairment) | D38: =IF(Cover!C23="Scheme pipeline","-",-ABS(SUMIF('3.5 Depreciation amortisation'!$D$15:$D$58,'3.1 Depreciated Book Value'!C34,'3.5 Depreciation amortisation'!$O$15:$O$58)+SUMIF('3.5 Depreciation amortisation'!$D$15:$D$58,'3.1 Depreciated Book Value'!C34,'3.5 Depreciation amortisation'!$P$15:$P$58))-D39) -> 0 | E38: 0
B39: Section 17 | C39: Impairment losses | D39: =IF(Cover!C23="Scheme pipeline","-",-ABS(SUMIF('3.4 Asset impairment'!$C$10:$C$24,'3.1 Depreciated Book Value'!C34,'3.4 Asset impairment'!$D$10:$D$24))+SUMIF('3.4 Asset impairment'!$C$30:$C$56,'3.1 Depreciated Book Value'!C34,'3.4 Asset impairment'!$G$30:$G$56)) -> 0 | E39: 0
B40: Section 17 | C40: Disposals or early termination (at cost) | D40: =IF(Cover!C23="Scheme pipeline","-",SUMIF('3.5 Depreciation amortisation'!$D$15:$D$58,'3.1 Depreciated Book Value'!C34,'3.5 Depreciation amortisation'!$K$15:$K$58)) -> 0 | E40: 0
C41: Closing city gates, supply regulators and valve stations carrying value | D41: =SUM(D35:D40) -> 0 | E41: =SUM(E35:E40) -> 0
C42: Metering
B43: Section 17 | C43: Opening Cost Base | D43: =IF(Cover!C23="Scheme pipeline","-",SUMIF('3.5 Depreciation amortisation'!$D$15:$D$58,'3.1 Depreciated Book Value'!C42,'3.5 Depreciation amortisation'!$H$15:$H$58)) -> 409447.02 | E43: 409447.02
B44: Section 17 | C44: Additions | D44: =IF(Cover!C23="Scheme pipeline","-",SUMIF('3.5 Depreciation amortisation'!$D$15:$D$58,'3.1 Depreciated Book Value'!C42,'3.5 Depreciation amortisation'!$I$15:$I$58)) -> 0 | E44: 0
B45: Section 17 | C45: Capitalised maintenance or improvements | D45: =IF(Cover!C23="Scheme pipeline","-",SUMIF('3.5 Depreciation amortisation'!$D$15:$D$58,'3.1 Depreciated Book Value'!C42,'3.5 Depreciation amortisation'!$J$15:$J$58)) -> 0 | E45: 0
B46: Section 17 | C46: Depreciation (excl. impairment) | D46: =IF(Cover!C23="Scheme pipeline","-",-ABS(SUMIF('3.5 Depreciation amortisation'!$D$15:$D$58,'3.1 Depreciated Book Value'!C42,'3.5 Depreciation amortisation'!$O$15:$O$58)+SUMIF('3.5 Depreciation amortisation'!$D$15:$D$58,'3.1 Depreciated Book Value'!C42,'3.5 Depreciation amortisation'!$P$15:$P$58))-D47) -> -409447.02 | E46: -409447.02
B47: Section 17 | C47: Impairment losses | D47: =IF(Cover!C23="Scheme pipeline","-",-ABS(SUMIF('3.4 Asset impairment'!$C$10:$C$24,'3.1 Depreciated Book Value'!C42,'3.4 Asset impairment'!$D$10:$D$24))+SUMIF('3.4 Asset impairment'!$C$30:$C$56,'3.1 Depreciated Book Value'!C42,'3.4 Asset impairment'!$G$30:$G$56)) -> 0 | E47: 0
B48: Section 17 | C48: Disposals or early termination (at cost) | D48: =IF(Cover!C23="Scheme pipeline","-",SUMIF('3.5 Depreciation amortisation'!$D$15:$D$58,'3.1 Depreciated Book Value'!C42,'3.5 Depreciation amortisation'!$K$15:$K$58)) -> 0 | E48: 0
C49: Closing metering carrying value | D49: =SUM(D43:D48) -> 0 | E49: =SUM(E43:E48) -> 0
C50: Odorant plants
B51: Section 17 | C51: Opening Cost Base | D51: =IF(Cover!C23="Scheme pipeline","-",SUMIF('3.5 Depreciation amortisation'!$D$15:$D$58,'3.1 Depreciated Book Value'!C50,'3.5 Depreciation amortisation'!$H$15:$H$58)) -> 1455200.4 | E51: 1455200.4
B52: Section 17 | C52: Additions | D52: =IF(Cover!C23="Scheme pipeline","-",SUMIF('3.5 Depreciation amortisation'!$D$15:$D$58,'3.1 Depreciated Book Value'!C50,'3.5 Depreciation amortisation'!$I$15:$I$58)) -> 0 | E52: 0
B53: Section 17 | C53: Capitalised maintenance or improvements | D53: =IF(Cover!C23="Scheme pipeline","-",SUMIF('3.5 Depreciation amortisation'!$D$15:$D$58,'3.1 Depreciated Book Value'!C50,'3.5 Depreciation amortisation'!$J$15:$J$58)) -> 0 | E53: 0
B54: Section 17 | C54: Depreciation (excl. impairment) | D54: =IF(Cover!C23="Scheme pipeline","-",-ABS(SUMIF('3.5 Depreciation amortisation'!$D$15:$D$58,'3.1 Depreciated Book Value'!C50,'3.5 Depreciation amortisation'!$O$15:$O$58)+SUMIF('3.5 Depreciation amortisation'!$D$15:$D$58,'3.1 Depreciated Book Value'!C50,'3.5 Depreciation amortisation'!$P$15:$P$58))-D55) -> -325439.04 | E54: -253110.12
B55: Section 17 | C55: Impairment losses | D55: =IF(Cover!C23="Scheme pipeline","-",-ABS(SUMIF('3.4 Asset impairment'!$C$10:$C$24,'3.1 Depreciated Book Value'!C50,'3.4 Asset impairment'!$D$10:$D$24))+SUMIF('3.4 Asset impairment'!$C$30:$C$56,'3.1 Depreciated Book Value'!C50,'3.4 Asset impairment'!$G$30:$G$56)) -> 0 | E55: 0
B56: Section 17 | C56: Disposals or early termination (at cost) | D56: =IF(Cover!C23="Scheme pipeline","-",SUMIF('3.5 Depreciation amortisation'!$D$15:$D$58,'3.1 Depreciated Book Value'!C50,'3.5 Depreciation amortisation'!$K$15:$K$58)) -> 0 | E56: 0
C57: Closing odorant plants carrying value | D57: =SUM(D51:D56) -> 1129761.4 | E57: =SUM(E51:E56) -> 1202090.3
C58: SCADA (Communications)
B59: Section 17 | C59: Opening Cost Base | D59: =IF(Cover!C23="Scheme pipeline","-",SUMIF('3.5 Depreciation amortisation'!$D$15:$D$58,'3.1 Depreciated Book Value'!C58,'3.5 Depreciation amortisation'!$H$15:$H$58)) -> 313275.91 | E59: 313275.91
B60: Section 17 | C60: Additions | D60: =IF(Cover!C23="Scheme pipeline","-",SUMIF('3.5 Depreciation amortisation'!$D$15:$D$58,'3.1 Depreciated Book Value'!C58,'3.5 Depreciation amortisation'!$I$15:$I$58)) -> 0 | E60: 0
B61: Section 17 | C61: Capitalised maintenance or improvements | D61: =IF(Cover!C23="Scheme pipeline","-",SUMIF('3.5 Depreciation amortisation'!$D$15:$D$58,'3.1 Depreciated Book Value'!C58,'3.5 Depreciation amortisation'!$J$15:$J$58)) -> 0 | E61: 0
B62: Section 17 | C62: Depreciation (excl. impairment) | D62: =IF(Cover!C23="Scheme pipeline","-",-ABS(SUMIF('3.5 Depreciation amortisation'!$D$15:$D$58,'3.1 Depreciated Book Value'!C58,'3.5 Depreciation amortisation'!$O$15:$O$58)+SUMIF('3.5 Depreciation amortisation'!$D$15:$D$58,'3.1 Depreciated Book Value'!C58,'3.5 Depreciation amortisation'!$P$15:$P$58))-D63) -> -225033.52 | E62: -194888.71
B63: Section 17 | C63: Impairment losses | D63: =IF(Cover!C23="Scheme pipeline","-",-ABS(SUMIF('3.4 Asset impairment'!$C$10:$C$24,'3.1 Depreciated Book Value'!C58,'3.4 Asset impairment'!$D$10:$D$24))+SUMIF('3.4 Asset impairment'!$C$30:$C$56,'3.1 Depreciated Book Value'!C58,'3.4 Asset impairment'!$G$30:$G$56)) -> 0 | E63: 0
B64: Section 17 | C64: Disposals or early termination (at cost) | D64: =IF(Cover!C23="Scheme pipeline","-",SUMIF('3.5 Depreciation amortisation'!$D$15:$D$58,'3.1 Depreciated Book Value'!C58,'3.5 Depreciation amortisation'!$K$15:$K$58)) -> 0 | E64: 0
C65: Closing SCADA carrying value | D65: =SUM(D59:D64) -> 88242.39 | E65: =SUM(E59:E64) -> 118387.2
C66: Buildings
B67: Section 17 | C67: Opening Cost Base | D67: =IF(Cover!C23="Scheme pipeline","-",SUMIF('3.5 Depreciation amortisation'!$D$15:$D$58,'3.1 Depreciated Book Value'!C66,'3.5 Depreciation amortisation'!$H$15:$H$58)) -> 0 | E67: 0
B68: Section 17 | C68: Additions | D68: =IF(Cover!C23="Scheme pipeline","-",SUMIF('3.5 Depreciation amortisation'!$D$15:$D$58,'3.1 Depreciated Book Value'!C66,'3.5 Depreciation amortisation'!$I$15:$I$58)) -> 0 | E68: 0
B69: Section 17 | C69: Capitalised maintenance or improvements | D69: =IF(Cover!C23="Scheme pipeline","-",SUMIF('3.5 Depreciation amortisation'!$D$15:$D$58,'3.1 Depreciated Book Value'!C66,'3.5 Depreciation amortisation'!$J$15:$J$58)) -> 0 | E69: 0
B70: Section 17 | C70: Depreciation (excl. impairment) | D70: =IF(Cover!C23="Scheme pipeline","-",-ABS(SUMIF('3.5 Depreciation amortisation'!$D$15:$D$58,'3.1 Depreciated Book Value'!C66,'3.5 Depreciation amortisation'!$O$15:$O$58)+SUMIF('3.5 Depreciation amortisation'!$D$15:$D$58,'3.1 Depreciated Book Value'!C66,'3.5 Depreciation amortisation'!$P$15:$P$58))-D71) -> 0 | E70: 0
B71: Section 17 | C71: Impairment losses | D71: =IF(Cover!C23="Scheme pipeline","-",-ABS(SUMIF('3.4 Asset impairment'!$C$10:$C$24,'3.1 Depreciated Book Value'!C66,'3.4 Asset impairment'!$D$10:$D$24))+SUMIF('3.4 Asset impairment'!$C$30:$C$56,'3.1 Depreciated Book Value'!C66,'3.4 Asset impairment'!$G$30:$G$56)) -> 0 | E71: 0
B72: Section 17 | C72: Disposals or early termination (at cost) | D72: =IF(Cover!C23="Scheme pipeline","-",SUMIF('3.5 Depreciation amortisation'!$D$15:$D$58,'3.1 Depreciated Book Value'!C66,'3.5 Depreciation amortisation'!$K$15:$K$58)) -> 0 | E72: 0
C73: Closing buildings carrying value | D73: =SUM(D67:D72) -> 0 | E73: =SUM(E67:E72) -> 0
C74: Land and easements
B75: Section 17 | C75: Opening Cost Base | D75: =IF(Cover!C23="Scheme pipeline","-",SUMIF('3.5 Depreciation amortisation'!$D$15:$D$58,'3.1 Depreciated Book Value'!C74,'3.5 Depreciation amortisation'!$H$15:$H$58)) -> 10000 | E75: 10000
B76: Section 17 | C76: Additions | D76: =IF(Cover!C23="Scheme pipeline","-",SUMIF('3.5 Depreciation amortisation'!$D$15:$D$58,'3.1 Depreciated Book Value'!C74,'3.5 Depreciation amortisation'!$I$15:$I$58)) -> 0 | E76: 0
B77: Section 17 | C77: Capitalised maintenance or improvements | D77: =IF(Cover!C23="Scheme pipeline","-",SUMIF('3.5 Depreciation amortisation'!$D$15:$D$58,'3.1 Depreciated Book Value'!C74,'3.5 Depreciation amortisation'!$J$15:$J$58)) -> 0 | E77: 0
B78: Section 17 | C78: Impairment losses | D78: =IF(Cover!C23="Scheme pipeline","-",-ABS(SUMIF('3.4 Asset impairment'!$C$10:$C$24,'3.1 Depreciated Book Value'!C74,'3.4 Asset impairment'!$D$10:$D$24))+SUMIF('3.4 Asset impairment'!$C$30:$C$56,'3.1 Depreciated Book Value'!C74,'3.4 Asset impairment'!$G$30:$G$56)) -> 0 | E78: 0
B79: Section 17 | C79: Disposals or early termination (at cost) | D79: =IF(Cover!C23="Scheme pipeline","-",SUMIF('3.5 Depreciation amortisation'!$D$15:$D$58,'3.1 Depreciated Book Value'!C74,'3.5 Depreciation amortisation'!$K$15:$K$58)) -> 0 | E79: 0
C80: Closing land and easements carrying value | D80: =SUM(D75:D79) -> 10000 | E80: =SUM(E75:E79) -> 10000
C81: Other depreciable pipeline assets
B82: Section 17 | C82: Opening Cost Base | D82: =IF(Cover!C23="Scheme pipeline","-",SUMIF('3.5 Depreciation amortisation'!$D$15:$D$58,'3.1 Depreciated Book Value'!C81,'3.5 Depreciation amortisation'!$H$15:$H$58)) -> 19307.21 | E82: 19307.21
B83: Section 17 | C83: Additions | D83: =IF(Cover!C23="Scheme pipeline","-",SUMIF('3.5 Depreciation amortisation'!$D$15:$D$58,'3.1 Depreciated Book Value'!C81,'3.5 Depreciation amortisation'!$I$15:$I$58)) -> 0 | E83: 0
B84: Section 17 | C84: Capitalised maintenance or improvements | D84: =IF(Cover!C23="Scheme pipeline","-",SUMIF('3.5 Depreciation amortisation'!$D$15:$D$58,'3.1 Depreciated Book Value'!C81,'3.5 Depreciation amortisation'!$J$15:$J$58)) -> 0 | E84: 0
B85: Section 17 | C85: Depreciation (excl. impairment) | D85: =IF(Cover!C23="Scheme pipeline","-",-ABS(SUMIF('3.5 Depreciation amortisation'!$D$15:$D$58,'3.1 Depreciated Book Value'!C81,'3.5 Depreciation amortisation'!$O$15:$O$58)+SUMIF('3.5 Depreciation amortisation'!$D$15:$D$58,'3.1 Depreciated Book Value'!C81,'3.5 Depreciation amortisation'!$P$15:$P$58))-D86) -> -19307.21 | E85: -19307.21
B86: Section 17 | C86: Impairment losses | D86: =IF(Cover!C23="Scheme pipeline","-",-ABS(SUMIF('3.4 Asset impairment'!$C$10:$C$24,'3.1 Depreciated Book Value'!C81,'3.4 Asset impairment'!$D$10:$D$24))+SUMIF('3.4 Asset impairment'!$C$30:$C$56,'3.1 Depreciated Book Value'!C81,'3.4 Asset impairment'!$G$30:$G$56)) -> 0 | E86: 0
B87: Section 17 | C87: Disposals or early termination (at cost) | D87: =IF(Cover!C23="Scheme pipeline","-",SUMIF('3.5 Depreciation amortisation'!$D$15:$D$58,'3.1 Depreciated Book Value'!C81,'3.5 Depreciation amortisation'!$K$15:$K$58)) -> 0 | E87: 0
C88: Closing other depreciable pipeline assets carrying value | D88: =SUM(D82:D87) -> 0 | E88: =SUM(E82:E87) -> 0
C89: Leased assets
B90: Section 17 | C90: Opening Cost Base | D90: =IF(Cover!C23="Scheme pipeline","-",SUMIF('3.5 Depreciation amortisation'!$D$15:$D$58,'3.1 Depreciated Book Value'!C89,'3.5 Depreciation amortisation'!$H$15:$H$58)) -> 0 | E90: 0
B91: Section 17 | C91: Additions | D91: =IF(Cover!C23="Scheme pipeline","-",SUMIF('3.5 Depreciation amortisation'!$D$15:$D$58,'3.1 Depreciated Book Value'!C89,'3.5 Depreciation amortisation'!$I$15:$I$58)) -> 0 | E91: 0
B92: Section 17 | C92: Capitalised maintenance or improvements | D92: =IF(Cover!C23="Scheme pipeline","-",SUMIF('3.5 Depreciation amortisation'!$D$15:$D$58,'3.1 Depreciated Book Value'!C89,'3.5 Depreciation amortisation'!$J$15:$J$58)) -> 0 | E92: 0
B93: Section 17 | C93: Depreciation (Amortisation) (excl. impairment) | D93: =IF(Cover!C23="Scheme pipeline","-",-ABS(SUMIF('3.5 Depreciation amortisation'!$D$15:$D$58,'3.1 Depreciated Book Value'!C89,'3.5 Depreciation amortisation'!$O$15:$O$58)+SUMIF('3.5 Depreciation amortisation'!$D$15:$D$58,'3.1 Depreciated Book Value'!C89,'3.5 Depreciation amortisation'!$P$15:$P$58))-D94) -> 0 | E93: 0
B94: Section 17 | C94: Impairment losses | D94: =IF(Cover!C23="Scheme pipeline","-",-ABS(SUMIF('3.4 Asset impairment'!$C$10:$C$24,'3.1 Depreciated Book Value'!C89,'3.4 Asset impairment'!$D$10:$D$24))+SUMIF('3.4 Asset impairment'!$C$30:$C$56,'3.1 Depreciated Book Value'!C89,'3.4 Asset impairment'!$G$30:$G$56)) -> 0 | E94: 0
B95: Section 17 | C95: Disposals or early termination (at cost) | D95: =IF(Cover!C23="Scheme pipeline","-",SUMIF('3.5 Depreciation amortisation'!$D$15:$D$58,'3.1 Depreciated Book Value'!C89,'3.5 Depreciation amortisation'!$K$15:$K$58)) -> 0 | E95: 0
C96: Closing leased asset carrying value | D96: =SUM(D90:D95) -> 0 | E96: =SUM(E90:E95) -> 0
B97: Section 17 | C97: Other non-depreciable pipeline assets
B98: Section 17 | C98: Opening Cost Base | D98: 0 | E98: 0
B99: Section 17 | C99: Additions | D99: 0 | E99: 0
B100: Section 17 | C100: Capitalised maintenance or improvements | D100: 0 | E100: 0
B101: Section 17 | C101: Disposals or early termination (at cost) | D101: 0 | E101: 0
C102: Closing other non-depreciable pipeline assets carrying value | D102: =SUM(D98:D101) -> 0 | E102: =SUM(E98:E101) -> 0
C103: Total pipeline assets | D103: =SUM(D25,D33,D41,D49,D57,D65,D73,D80,D88,D102,D96) -> 23479473 | E103: =SUM(E25,E33,E41,E49,E57,E65,E73,E80,E88,E102,E96) -> 24522063
C104: Shared supporting assets allocated
C105: Shared property, plant and equipment
B106: Section 17 | C106: Opening Cost Base | D106: =IF(Cover!C23="Scheme pipeline","-",SUMIF('3.5 Depreciation amortisation'!$D$66:$D$83,$C$105,'3.5 Depreciation amortisation'!$G$66:$G$83)) -> 1417537.7 | E106: 1403725
B107: Section 17 | C107: Additions | D107: =IF(Cover!C23="Scheme pipeline","-",SUMIF('3.5 Depreciation amortisation'!$D$66:$D$83,$C$105,'3.5 Depreciation amortisation'!$H$66:$H$83)) -> 255468.78 | E107: 22947.05
B108: Section 17 | C108: Capitalised maintenance or improvements | D108: =IF(Cover!C23="Scheme pipeline","-",SUMIF('3.5 Depreciation amortisation'!$D$66:$D$83,$C$105,'3.5 Depreciation amortisation'!$I$66:$I$83)) -> 0 | E108: 0
...

Sheet 3.2 Regulatory Asset Base
B1: Part 10 Financial Reporting
B2: =IF(Tradingname=0," ",Tradingname) -> APT PIPELINES (NSW) PTY LIMITED
B3: Year ending | C3: =IF(Yearending=0, "01/01/2000", Yearending) -> 45838
B4: Date RAB estabilished | C4: ='1. Pipeline information'!C15 -> 0
B5: Asset value - Regulatory Asset Base (RAB) (For Scheme pipeline only)
B7: This template is for a non-indexed asset value derived from a regulator-determined initial regulatory asset base and capital expenditure with straight-line depreciation, for scheme pipelines.
B12: Table 3.2.1: Pipeline assets (RAB)
D14: Year
B15: Basis of Preparation ID | C15: Description | D15: =YEAR(Yearstart)-4&"-"&RIGHT(YEAR(Yearstart)-3,2) -> 2020-21 | E15: =YEAR(Yearstart)-3&"-"&RIGHT(YEAR(Yearstart)-2,2) -> 2021-22 | F15: =YEAR(Yearstart)-2&"-"&RIGHT(YEAR(Yearstart)-1,2) -> 2022-23 | G15: =YEAR(Yearstart)-1&"-"&RIGHT(YEAR(Yearstart),2) -> 2023-24 | H15: =YEAR(Yearstart)&"-"&RIGHT(YEAR(Yearstart)+1,2) -> 2024-25
C17: Pipelines | D17: $ | E17: $ | F17: $ | G17: $ | H17: $
B18: Section 18 | C18: Nominal Opening Regulatory Asset Base | E18: =D23 -> 0 | F18: =E23 -> 0 | G18: =F23 -> 0 | H18: =G23 -> 0
B19: Section 18 | C19: Nominal Capex
C20: Total capitalised pipeline construction costs | D20: =SUM(D18:D19) -> 0 | E20: =SUM(E18:E19) -> 0 | F20: =SUM(F18:F19) -> 0 | G20: =SUM(G18:G19) -> 0 | H20: =SUM(H18:H19) -> 0
B21: Section 18 | C21: Less Asset disposal (at cost)
B22: Section 18 | C22: Less Nominal Actual Regulatory Depreciation
C23: Closing pipeline carrying value | D23: =SUM(D20:D22) -> 0 | E23: =SUM(E20:E22) -> 0 | F23: =SUM(F20:F22) -> 0 | G23: =SUM(G20:G22) -> 0 | H23: =SUM(H20:H22) -> 0
C24: Compressors
B25: Section 18 | C25: Nominal Opening Regulatory Asset Base | E25: =D29 -> 0 | F25: =E29 -> 0 | G25: =F29 -> 0 | H25: =G29 -> 0
B26: Section 18 | C26: Additions and improvements capitalised
B27: Section 18 | C27: Less Depreciation of compressors
B28: Section 18 | C28: Less Disposal (at cost)
C29: Closing compressors carrying value | D29: =SUM(D25:D28) -> 0 | E29: =SUM(E25:E28) -> 0 | F29: =SUM(F25:F28) -> 0 | G29: =SUM(G25:G28) -> 0 | H29: =SUM(H25:H28) -> 0
C30: City Gates, supply regulators and valve stations
B31: Section 18 | C31: Nominal Opening Regulatory Asset Base | E31: =D35 -> 0 | F31: =E35 -> 0 | G31: =F35 -> 0 | H31: =G35 -> 0
B32: Section 18 | C32: Improvements capitalised
B33: Section 18 | C33: Less Depreciation of city gates, supply regulators and valve stations
B34: Section 18 | C34: Less Disposal (at cost)
C35: Closing city gates, supply regulators and valve stations carrying value | D35: =SUM(D31:D34) -> 0 | E35: =SUM(E31:E34) -> 0 | F35: =SUM(F31:F34) -> 0 | G35: =SUM(G31:G34) -> 0 | H35: =SUM(H31:H34) -> 0
C36: Metering
B37: Section 18 | C37: Nominal Opening Regulatory Asset Base | E37: =D41 -> 0 | F37: =E41 -> 0 | G37: =F41 -> 0 | H37: =G41 -> 0
B38: Section 18 | C38: Additions and improvements capitalised
B39: Section 18 | C39: Less Depreciation of metering
B40: Section 18 | C40: Less Disposal (at cost)
C41: Closing Metering | D41: =SUM(D37:D40) -> 0 | E41: =SUM(E37:E40) -> 0 | F41: =SUM(F37:F40) -> 0 | G41: =SUM(G37:G40) -> 0 | H41: =SUM(H37:H40) -> 0
C42: Odorant plants
B43: Section 18 | C43: Nominal Opening Regulatory Asset Base | E43: =D47 -> 0 | F43: =E47 -> 0 | G43: =F47 -> 0 | H43: =G47 -> 0
B44: Section 18 | C44: Additions and improvements capitalised
B45: Section 18 | C45: Less Depreciation of odourant plants
B46: Section 18 | C46: Less Disposal (at cost)
C47: Closing odourant plants carrying value | D47: =SUM(D43:D46) -> 0 | E47: =SUM(E43:E46) -> 0 | F47: =SUM(F43:F46) -> 0 | G47: =SUM(G43:G46) -> 0 | H47: =SUM(H43:H46) -> 0
C48: SCADA (Communications)
B49: Section 18 | C49: Nominal Opening Regulatory Asset Base | E49: =D53 -> 0 | F49: =E53 -> 0 | G49: =F53 -> 0 | H49: =G53 -> 0
B50: Section 18 | C50: Additions and improvements capitalised
B51: Section 18 | C51: Less Depreciation of SCADA
B52: Section 18 | C52: Less Disposal (at cost)
C53: Closing SCADA carrying value | D53: =SUM(D49:D52) -> 0 | E53: =SUM(E49:E52) -> 0 | F53: =SUM(F49:F52) -> 0 | G53: =SUM(G49:G52) -> 0 | H53: =SUM(H49:H52) -> 0
C54: Buildings
B55: Section 18 | C55: Nominal Opening Regulatory Asset Base | E55: =D59 -> 0 | F55: =E59 -> 0 | G55: =F59 -> 0 | H55: =G59 -> 0
B56: Section 18 | C56: Additions and improvements capitalised
B57: Section 18 | C57: Less Depreciation of buildings
B58: Section 18 | C58: Less Disposal (at cost)
C59: Closing buildings carrying value | D59: =SUM(D55:D58) -> 0 | E59: =SUM(E55:E58) -> 0 | F59: =SUM(F55:F58) -> 0 | G59: =SUM(G55:G58) -> 0 | H59: =SUM(H55:H58) -> 0
C60: Land and easements
B61: Section 18 | C61: Nominal Opening Regulatory Asset Base | E61: =D65 -> 0 | F61: =E65 -> 0 | G61: =F65 -> 0 | H61: =G65 -> 0
B62: Section 18 | C62: Additions and improvements capitalised
B63: Section 18 | C63: Less Depreciation of land and easement
B64: Section 18 | C64: Less Disposal (at cost)
C65: Closing land and easements carrying value | D65: =SUM(D61:D64) -> 0 | E65: =SUM(E61:E64) -> 0 | F65: =SUM(F61:F64) -> 0 | G65: =SUM(G61:G64) -> 0 | H65: =SUM(H61:H64) -> 0
C66: Other depreciable pipeline assets
B67: Section 18 | C67: Nominal Opening Regulatory Asset Base | E67: =D71 -> 0 | F67: =E71 -> 0 | G67: =F71 -> 0 | H67: =G71 -> 0
B68: Section 18 | C68: Additions and improvements capitalised
B69: Section 18 | C69: Less Depreciation/amortisation
B70: Section 18 | C70: Less Disposal (at cost)
C71: Closing other depreciable pipeline assets carrying value | D71: =SUM(D67:D70) -> 0 | E71: =SUM(E67:E70) -> 0 | F71: =SUM(F67:F70) -> 0 | G71: =SUM(G67:G70) -> 0 | H71: =SUM(H67:H70) -> 0
C72: Leased pipeline assets
B73: Section 18 | C73: Nominal Opening Regulatory Asset Base | E73: =D77 -> 0 | F73: =E77 -> 0 | G73: =F77 -> 0 | H73: =G77 -> 0
B74: Section 18 | C74: Additions and improvements capitalised
B75: Section 18 | C75: Less Depreciation/amortisation
B76: Section 18 | C76: Less Disposal (at cost)
C77: Closing leased pipeline assets carrying value | D77: =SUM(D73:D76) -> 0 | E77: =SUM(E73:E76) -> 0 | F77: =SUM(F73:F76) -> 0 | G77: =SUM(G73:G76) -> 0 | H77: =SUM(H73:H76) -> 0
C78: Total pipeline assets | D78: =SUM(D23,D29,D35,D41,D47,D53,D59,D65,D71,D77) -> 0 | E78: =SUM(E23,E29,E35,E41,E47,E53,E59,E65,E71,E77) -> 0 | F78: =SUM(F23,F29,F35,F41,F47,F53,F59,F65,F71,F77) -> 0 | G78: =SUM(G23,G29,G35,G41,G47,G53,G59,G65,G71,G77) -> 0 | H78: =SUM(H23,H29,H35,H41,H47,H53,H59,H65,H71,H77) -> 0
C79: Shared supporting assets (RAB)
B80: Section 18 | C80: Nominal Opening Regulatory Asset Base | E80: =D84 -> 0 | F80: =E84 -> 0 | G80: =F84 -> 0 | H80: =G84 -> 0
B81: Section 18 | C81: Additions and improvements capitalised
B82: Section 18 | C82: Less Shared property, plant and equipment depreciation
B83: Section 18 | C83: Less disposals of shared supporting assets
C84: Closing shared property, plant and equipment | D84: =SUM(D80:D83) -> 0 | E84: =SUM(E80:E83) -> 0 | F84: =SUM(F80:F83) -> 0 | G84: =SUM(G80:G83) -> 0 | H84: =SUM(H80:H83) -> 0
C85: Shared leased assets
B86: Section 18 | C86: Nominal Opening Regulatory Asset Base | E86: =D90 -> 0 | F86: =E90 -> 0 | G86: =F90 -> 0 | H86: =G90 -> 0
B87: Section 18 | C87: Additions and improvements capitalised
B88: Section 18 | C88: Less Depreciation/amortisation
B89: Section 18 | C89: Less Disposal (at cost)
C90: Closing shared leased assets carrying value | D90: =SUM(D86:D89) -> 0 | E90: =SUM(E86:E89) -> 0 | F90: =SUM(F86:F89) -> 0 | G90: =SUM(G86:G89) -> 0 | H90: =SUM(H86:H89) -> 0
B91: Section 18 | C91: Opening other assets | E91: =D93 -> 0 | F91: =E93 -> 0 | G91: =F93 -> 0 | H91: =G93 -> 0
B92: Section 18 | C92: Change in other assets
C93: Closing other assets | D93: =SUM(D91:D92) -> 0 | E93: =SUM(E91:E92) -> 0 | F93: =SUM(F91:F92) -> 0 | G93: =SUM(G91:G92) -> 0 | H93: =SUM(H91:H92) -> 0
C94: Total shared supporting assets allocated | D94: =SUM(D84,D90,D93) -> 0 | E94: =SUM(E84,E90,E93) -> 0 | F94: =SUM(F84,F90,F93) -> 0 | G94: =SUM(G84,G90,G93) -> 0 | H94: =SUM(H84,H90,H93) -> 0
C95: TOTAL ASSETS | D95: =D78+D94 -> 0 | E95: =E78+E94 -> 0 | F95: =F78+F94 -> 0 | G95: =G78+G94 -> 0 | H95: =H78+H94 -> 0

Sheet 3.3 Asset useful life
B1: Part 10 Financial Reporting
B2: =IF(Tradingname=0," ",Tradingname) -> APT PIPELINES (NSW) PTY LIMITED
B3: Year ending | C3: =IF(Yearending=0, "01/01/2000", Yearending) -> 45838
B4: Asset useful life
B7: Table 3.3.1: Asset useful life
B9: Basis of Preparation ID | C9: Description (list each individual balance sheet item) | D9: Commission date (provide a range) | E9: Useful life | F9: Reason for choosing this useful life
E10: years
B11: Section 19 | C11: ='3.1 Depreciated Book Value'!C17 -> Pipelines | D11: 1/7/1999 to 30/6/2024 | E11: 38.37893 | F11: Based on Weighted Average Statutory Accounting Useful life
B12: Section 19 | C12: ='3.1 Depreciated Book Value'!C26 -> Compressors | D12: N/A | E12: N/A | F12: N/A
B13: Section 19 | C13: ='3.1 Depreciated Book Value'!C34 -> City Gates, supply regulators and valve stations | D13: N/A | E13: N/A | F13: N/A
B14: Section 19 | C14: ='3.1 Depreciated Book Value'!C42 -> Metering | D14: 1/7/2005 to 30/6/2007 | E14: N/A | F14: Based on Weighted Average Statutory Accounting Useful life
B15: Section 19 | C15: ='3.1 Depreciated Book Value'!C50 -> Odorant plants | D15: 1/7/2011 to 30/6/2023 | E15: 20 | F15: Based on Weighted Average Statutory Accounting Useful life
B16: Section 19 | C16: ='3.1 Depreciated Book Value'!C58 -> SCADA (Communications) | D16: 1/7/2002 to 30/6/2022 | E16: 9.6320178 | F16: Based on Weighted Average Statutory Accounting Useful life
B17: Section 19 | C17: ='3.1 Depreciated Book Value'!C66 -> Buildings | D17: N/A | E17: N/A | F17: N/A
B18: Section 19 | C18: ='3.1 Depreciated Book Value'!C81 -> Other depreciable pipeline assets | D18: 1/7/2007 to 30/6/2023 | E18: 1.1866619 | F18: Based on Weighted Average Statutory Accounting Useful life
C19: Land and easements | D19: 1/7/1999 to 30/6/2000 | E19: N/A | F19: Based on Weighted Average Statutory Accounting Useful life
C20: insert asset description
C21: insert asset description
C22: insert asset description
B23: Section 19 | C23: ='3.1 Depreciated Book Value'!C89 -> Leased assets | D23: N/A | E23: N/A | F23: Based on Weighted Average Statutory Accounting Useful life
C24: insert asset description
C25: insert asset description
C26: insert asset description
C27: insert asset description
B28: Section 19 | C28: ='3.1 Depreciated Book Value'!C105 -> Shared property, plant and equipment | D28: 1/7/2003 to 30/6/2025 | E28: 3.4323791 | F28: Based on Weighted Average Statutory Accounting Useful life
C29: insert asset description
C30: insert asset description
C31: insert asset description
C32: insert asset description
C33: insert asset description
B34: Section 19 | C34: ='3.1 Depreciated Book Value'!C113 -> Shared leased assets | D34: 1/7/2019 to 30/6/2025 | E34: Various | F34: Based on Weighted Average Statutory Accounting Useful life
C35: insert asset description
C36: insert asset description
C37: insert asset description
C38: insert asset description
C39: insert asset description

Sheet 3.4 Asset impairment
B1: Part 10 Financial Reporting
B2: =IF(Tradingname=0," ",Tradingname) -> APT PIPELINES (NSW) PTY LIMITED
B3: Year ending | C3: =IF(Yearending=0, "01/01/2000", Yearending) -> 45838
B4: Asset impairment
B7: Table 3.4.1: Assets impaired
B9: Asset description | C9: Category | D9: Impairment amount $ nominal | E9: Impairment date | F9: Basis for impairment
B27: Table 3.4.2: Asset impairment reversals
B29: Asset description | C29: Category | D29: Prior Impairment amount $ nominal | E29: Impairment date | F29: Basis for impairment | G29: Reversal amount $nominal | H29: Reversal date | I29: Basis for Reversal

Sheet 3.5 Depreciation amortisation
B1: Part 10 Financial Reporting
B2: =IF(Tradingname=0," ",Tradingname) -> APT PIPELINES (NSW) PTY LIMITED
B3: Year ending | C3: =IF(Yearending=0, "01/01/2000", Yearending) -> 45838
B4: Depreciation amortisation
B6: Modify cost adjustment column if accelerated depreciation is applicable.
B11: Table 3.5.1: Pipeline assets at cost
B13: Basis of Preparation ID | C13: Description | D13: Category | E13: Acquisition date (provide a range) | F13: Useful life | G13: Estimated residual value | H13: Opening Cost Base | I13: Current year additions | J13: Current year capitalised maintenance or improvements | K13: Current year disposals or Early termination | L13: Cost base | M13: % Cost adjustment for accelerated depreciation (if applicable) | N13: Adjusted cost base | O13: Prior years' accumulated depreciation | P13: Current year depreciation | Q13: Written down value
F14: Years | G14: $ nominal | H14: $ nominal | I14: $ nominal | J14: $ nominal | K14: $ nominal | L14: $ nominal | N14: $ nominal | O14: $ nominal | P14: $ nominal | Q14: $ nominal
B15: Section 21 | D15: Pipelines | E15: ='3.3 Asset useful life'!D11 -> 1/7/1999 to 30/6/2024 | F15: ='3.3 Asset useful life'!E11 -> 38.37893 | H15: 34998424 | I15: 0 | J15: 0 | K15: 0 | L15: =SUM(H15:K15) -> 34998424 | M15: 1 | N15: =L15*M15 -> 34998424 | O15: -11806838 | P15: -940116.2 | Q15: =SUM(N15:P15) -> 22251470
B16: Section 21 | D16: Compressors | E16: ='3.3 Asset useful life'!D12 -> N/A | F16: ='3.3 Asset useful life'!E12 -> N/A | H16: 0 | I16: 0 | J16: 0 | K16: 0 | L16: =SUM(H16:K16) -> 0 | M16: 1 | N16: =L16*M16 -> 0 | O16: 0 | P16: 0 | Q16: =SUM(N16:P16) -> 0
B17: Section 21 | D17: City Gates, supply regulators and valve stations | E17: ='3.3 Asset useful life'!D13 -> N/A | F17: ='3.3 Asset useful life'!E13 -> N/A | H17: 0 | I17: 0 | J17: 0 | K17: 0 | L17: =SUM(H17:K17) -> 0 | M17: 1 | N17: =L17*M17 -> 0 | O17: 0 | P17: 0 | Q17: =SUM(N17:P17) -> 0
B18: Section 21 | D18: Metering | E18: ='3.3 Asset useful life'!D14 -> 1/7/2005 to 30/6/2007 | F18: ='3.3 Asset useful life'!E14 -> N/A | H18: 409447.02 | I18: 0 | J18: 0 | K18: 0 | L18: =SUM(H18:K18) -> 409447.02 | M18: 1 | N18: =L18*M18 -> 409447.02 | O18: -409447.02 | P18: 0 | Q18: =SUM(N18:P18) -> 0
B19: Section 21 | D19: Odorant plants | E19: ='3.3 Asset useful life'!D15 -> 1/7/2011 to 30/6/2023 | F19: ='3.3 Asset useful life'!E15 -> 20 | H19: 1455200.4 | I19: 0 | J19: 0 | K19: 0 | L19: =SUM(H19:K19) -> 1455200.4 | M19: 1 | N19: =L19*M19 -> 1455200.4 | O19: -253110.12 | P19: -72328.92 | Q19: =SUM(N19:P19) -> 1129761.4
B20: Section 21 | D20: SCADA (Communications) | E20: ='3.3 Asset useful life'!D16 -> 1/7/2002 to 30/6/2022 | F20: ='3.3 Asset useful life'!E16 -> 9.6320178 | H20: 313275.91 | I20: 0 | J20: 0 | K20: 0 | L20: =SUM(H20:K20) -> 313275.91 | M20: 1 | N20: =L20*M20 -> 313275.91 | O20: -194888.71 | P20: -30144.81 | Q20: =SUM(N20:P20) -> 88242.39
B21: Section 21 | D21: Buildings | E21: ='3.3 Asset useful life'!D17 -> N/A | F21: ='3.3 Asset useful life'!E17 -> N/A | H21: 0 | I21: 0 | J21: 0 | K21: 0 | L21: =SUM(H21:K21) -> 0 | M21: 1 | N21: =L21*M21 -> 0 | O21: 0 | P21: 0 | Q21: =SUM(N21:P21) -> 0
B22: Section 21 | D22: Land and easements | E22: ='3.3 Asset useful life'!D19 -> 1/7/1999 to 30/6/2000 | F22: ='3.3 Asset useful life'!E19 -> N/A | H22: 10000 | I22: 0 | J22: 0 | K22: 0 | L22: =SUM(H22:K22) -> 10000 | M22: 1 | N22: =L22*M22 -> 10000 | O22: 0 | P22: 0 | Q22: =SUM(N22:P22) -> 10000
B23: Section 21 | D23: Other depreciable pipeline assets | E23: ='3.3 Asset useful life'!D18 -> 1/7/2007 to 30/6/2023 | F23: ='3.3 Asset useful life'!E18 -> 1.1866619 | H23: 19307.21 | I23: 0 | J23: 0 | K23: 0 | L23: =SUM(H23:K23) -> 19307.21 | M23: 1 | N23: =L23*M23 -> 19307.21 | O23: -19307.21 | P23: 0 | Q23: =SUM(N23:P23) -> 0
B24: Section 21 | L24: =SUM(H24:K24) -> 0 | M24: 1 | N24: =L24*M24 -> 0 | Q24: =SUM(N24:P24) -> 0
L25: =SUM(H25:K25) -> 0 | M25: 1 | N25: =L25*M25 -> 0 | Q25: =SUM(N25:P25) -> 0
L26: =SUM(H26:K26) -> 0 | M26: 1 | N26: =L26*M26 -> 0 | Q26: =SUM(N26:P26) -> 0
L27: =SUM(H27:K27) -> 0 | M27: 1 | N27: =L27*M27 -> 0 | Q27: =SUM(N27:P27) -> 0
L28: =SUM(H28:K28) -> 0 | M28: 1 | N28: =L28*M28 -> 0 | Q28: =SUM(N28:P28) -> 0
L29: =SUM(H29:K29) -> 0 | M29: 1 | N29: =L29*M29 -> 0 | Q29: =SUM(N29:P29) -> 0
L30: =SUM(H30:K30) -> 0 | M30: 1 | N30: =L30*M30 -> 0 | Q30: =SUM(N30:P30) -> 0
L31: =SUM(H31:K31) -> 0 | M31: 1 | N31: =L31*M31 -> 0 | Q31: =SUM(N31:P31) -> 0
L32: =SUM(H32:K32) -> 0 | M32: 1 | N32: =L32*M32 -> 0 | Q32: =SUM(N32:P32) -> 0
L33: =SUM(H33:K33) -> 0 | M33: 1 | N33: =L33*M33 -> 0 | Q33: =SUM(N33:P33) -> 0
L34: =SUM(H34:K34) -> 0 | M34: 1 | N34: =L34*M34 -> 0 | Q34: =SUM(N34:P34) -> 0
L35: =SUM(H35:K35) -> 0 | M35: 1 | N35: =L35*M35 -> 0 | Q35: =SUM(N35:P35) -> 0
L36: =SUM(H36:K36) -> 0 | M36: 1 | N36: =L36*M36 -> 0 | Q36: =SUM(N36:P36) -> 0
... L58: =SUM(H58:K58) -> 0 | M58: 1 | N58: =L58*M58 -> 0 | Q58: =SUM(N58:P58) -> 0
C59: Total pipeline assets | G59: =SUM(G15:G58) -> 0 | H59: =SUM(H15:H58) -> 37205655 | I59: =SUM(I15:I58) -> 0 | J59: =SUM(J15:J58) -> 0 | K59: =SUM(K15:K58) -> 0 | L59: =SUM(L15:L58) -> 37205655 | N59: =SUM(N15:N58) -> 37205655 | O59: =SUM(O15:O58) -> -12683591 | P59: =SUM(P15:P58) -> -1042589.9 | Q59: =SUM(Q15:Q58) -> 23479473
B62: Table 3.5.2: Shared assets at cost
B64: Basis of Preparation ID | C64: Description | D64: Category | E64: Acquisition date | F64: Useful life | G64: Opening Cost Base | H64: Current year additions | I64: Current year capitalised maintenance or improvements | J64: Current year disposals or Early termination | K64: Cost base | L64: % Cost adjustment for accelerated depreciation (if applicable) | M64: Adjusted cost base | N64: Prior years' accumulated depreciation | O64: Current year depreciation | P64: Written down value
F65: Years | G65: $ nominal | H65: $ nominal | I65: $ nominal | J65: $ nominal | K65: $ nominal | M65: $ nominal | N65: $ nominal | O65: $ nominal | P65: $ nominal
B66: Section 21 & Section 22 | C66: Information Technology | D66: Shared property, plant and equipment | E66: ='3.3 Asset useful life'!D28 -> 1/7/2003 to 30/6/2025 | F66: ='3.3 Asset useful life'!E28 -> 3.4323791 | G66: 1417537.7 | H66: 255468.78 | I66: 0 | J66: -2806.7362 | K66: =SUM(G66:J66) -> 1670199.7 | L66: 1 | M66: =K66*L66 -> 1670199.7 | N66: -1029728.9 | O66: -145784.95 | P66: =SUM(M66:O66) -> 494685.86
B67: Section 21 & Section 22 | C67: Shared leased assets | D67: Shared leased assets | E67: ='3.3 Asset useful life'!D34 -> 1/7/2019 to 30/6/2025 | F67: ='3.3 Asset useful life'!E34 -> Various | G67: 218198.49 | H67: 34291.606 | I67: 0 | J67: -774.81167 | K67: =SUM(G67:J67) -> 251715.28 | L67: 1 | M67: =K67*L67 -> 251715.28 | N67: -111928.52 | O67: -32701.769 | P67: =SUM(M67:O67) -> 107085
K68: =SUM(G68:J68) -> 0 | L68: 1 | M68: =K68*L68 -> 0 | P68: =SUM(M68:O68) -> 0
K69: =SUM(G69:J69) -> 0 | L69: 1 | M69: =K69*L69 -> 0 | P69: =SUM(M69:O69) -> 0
K70: =SUM(G70:J70) -> 0 | L70: 1 | M70: =K70*L70 -> 0 | P70: =SUM(M70:O70) -> 0
K71: =SUM(G71:J71) -> 0 | L71: 1 | M71: =K71*L71 -> 0 | P71: =SUM(M71:O71) -> 0
K72: =SUM(G72:J72) -> 0 | L72: 1 | M72: =K72*L72 -> 0 | P72: =SUM(M72:O72) -> 0
K73: =SUM(G73:J73) -> 0 | L73: 1 | M73: =K73*L73 -> 0 | P73: =SUM(M73:O73) -> 0
K74: =SUM(G74:J74) -> 0 | L74: 1 | M74: =K74*L74 -> 0 | P74: =SUM(M74:O74) -> 0
K75: =SUM(G75:J75) -> 0 | L75: 1 | M75: =K75*L75 -> 0 | P75: =SUM(M75:O75) -> 0
K76: =SUM(G76:J76) -> 0 | L76: 1 | M76: =K76*L76 -> 0 | P76: =SUM(M76:O76) -> 0
K77: =SUM(G77:J77) -> 0 | L77: 1 | M77: =K77*L77 -> 0 | P77: =SUM(M77:O77) -> 0
K78: =SUM(G78:J78) -> 0 | L78: 1 | M78: =K78*L78 -> 0 | P78: =SUM(M78:O78) -> 0
K79: =SUM(G79:J79) -> 0 | L79: 1 | M79: =K79*L79 -> 0 | P79: =SUM(M79:O79) -> 0
... K83: =SUM(G83:J83) -> 0 | L83: 1 | M83: =K83*L83 -> 0 | P83: =SUM(M83:O83) -> 0
C84: Total fixed assets | G84: =SUM(G66:G83) -> 1635736.1 | H84: =SUM(H66:H83) -> 289760.38 | I84: =SUM(I66:I83) -> 0 | J84: =SUM(J66:J83) -> -3581.5479 | K84: =SUM(K66:K83) -> 1921915 | M84: =SUM(M66:M83) -> 1921915 | N84: =SUM(N66:N83) -> -1141657.4 | O84: =SUM(O66:O83) -> -178486.72 | P84: =SUM(P66:P83) -> 601770.85

Sheet 3.6 Shared supporting assets
B1: Part 10 Financial Reporting
B2: =IF(Tradingname=0," ",Tradingname) -> APT PIPELINES (NSW) PTY LIMITED
B3: Year ending | C3: =IF(Yearending=0, "01/01/2000", Yearending) -> 45838
B4: Shared supporting assets
B6: Please ensure allocation methodologies are explained in sufficient detail within the Basis of Preparation as required under the Guideline.
B11: Table 3.6.1: Shared supporting asset allocation
B13: Basis of Preparation ID | C13: Description (list each individual shared asset category greater than 5%) | D13: Category of shared assets | E13: Total amount | F13: % allocated to pipeline | G13: Total allocated to pipeline
E14: $ nominal | G14: $ nominal
B15: Section 22 | C15: Information Technology | D15: Shared property, plant and equipment | E15: 5.0174697e+08 | F15: 0.0033287689 | G15: =E15*F15 -> 1670199.7
B16: Section 22 | C16: Shared leased assets | D16: Shared leased assets | E16: 86146035 | F16: 0.0029219602 | G16: =E16*F16 -> 251715.28
G17: =E17*F17 -> 0
G18: =E18*F18 -> 0
G19: =E19*F19 -> 0
G20: =E20*F20 -> 0
G21: =E21*F21 -> 0
G22: =E22*F22 -> 0
G23: =E23*F23 -> 0
G24: =E24*F24 -> 0
G25: =E25*F25 -> 0
G26: =E26*F26 -> 0
G27: =E27*F27 -> 0
G28: =E28*F28 -> 0
... G46: =E46*F46 -> 0
B47: Total | E47: =SUM(E15:E46) -> 5.8789301e+08 | G47: =SUM(G15:G46) -> 1921915

Sheet Auditor's Report Statement

Sheet 4. Recovered Capital
B1: Part 10 Financial Reporting
B2: =IF(Tradingname=0," ",Tradingname) -> APT PIPELINES (NSW) PTY LIMITED
B3: Year ending | C3: =IF(Yearending=0, "01/01/2000", Yearending) -> 45838
B4: Asset value - Recovered Capital Method (RCM)
B6: This template is for a non-indexed asset value based on original construction costs and “depreciation” based on a notional cash-flow based “return of capital” approach, for non-scheme pipelines.
B9: Table 4.1: Pipeline assets (RCM)
B11: Basis of Preparation ID | C11: Asset description | E11: Total | F11: Year | BI11: Drag and drop columns if required
F12: =RIGHT(TEXT(C43,"dd/mm/yyyy"),4) -> 1905 | G12: =F12+1 -> 1906 | H12: =G12+1 -> 1907 | I12: =H12+1 -> 1908 | J12: =I12+1 -> 1909 | K12: =J12+1 -> 1910 | L12: =K12+1 -> 1911 | M12: =L12+1 -> 1912 | N12: =M12+1 -> 1913 | ... BH12: =BG12+1 -> 1959
B13: Section 23 | C13: Pipeline assets
D14: Construction cost | E14: =SUM(F14:BH14) -> 0
D15: Residual Value | E15: =SUM(F15:BH15) -> 0
D16: Additions | E16: =SUM(F16:BH16) -> 0
D17: Maintenance capitalised | E17: =SUM(F17:BH17) -> 0
D18: Disposal (at cost) | E18: =SUM(F18:BH18) -> 0
D19: Leased Asset | E19: =SUM(F19:BH19) -> 0
D20: Pipeline assets cost base | E20: =SUM(F20:BH20) -> 0 | F20: =SUM(F13:F19) -> 0 | G20: =SUM(G13:G19) -> 0 | H20: =SUM(H13:H19) -> 0 | I20: =SUM(I13:I19) -> 0 | J20: =SUM(J13:J19) -> 0 | K20: =SUM(K13:K19) -> 0 | L20: =SUM(L13:L19) -> 0 | M20: =SUM(M13:M19) -> 0 | ... BH20: =SUM(BH13:BH19) -> 0
C21: Shared assets
D22: Construction cost or acquisition cost (where allowed) apportioned | E22: =SUM(F22:BH22) -> 0
D23: Residual Value | E23: =SUM(F23:BH23) -> 0
D24: Additions | E24: =SUM(F24:BH24) -> 0
D25: Maintenance capitalised | E25: =SUM(F25:BH25) -> 0
D26: Disposal (at cost) | E26: =SUM(F26:BH26) -> 0
D27: Leased Asset | E27: =SUM(F27:BH27) -> 0
D28: Shared assets cost base | E28: =SUM(F28:BH28) -> 0 | F28: =SUM(F22:F27) -> 0 | G28: =SUM(G22:G27) -> 0 | H28: =SUM(H22:H27) -> 0 | I28: =SUM(I22:I27) -> 0 | J28: =SUM(J22:J27) -> 0 | K28: =SUM(K22:K27) -> 0 | L28: =SUM(L22:L27) -> 0 | M28: =SUM(M22:M27) -> 0 | ... BH28: =SUM(BH22:BH27) -> 0
D29: Total assets | E29: =E20+E28 -> 0 | F29: =F20+F28 -> 0 | G29: =G20+G28 -> 0 | H29: =H20+H28 -> 0 | I29: =I20+I28 -> 0 | J29: =J20+J28 -> 0 | K29: =K20+K28 -> 0 | L29: =L20+L28 -> 0 | ... BH29: =BH20+BH28 -> 0
C30: Return of capital
D31: Revenue | E31: =SUM(F31:BH31) -> 0
D32: Operating expenses | E32: =SUM(F32:BH32) -> 0
D33: Net tax liabilities | E33: =SUM(F33:BH33) -> 0
D34: Leased Asset Interest/Financing Charge | E34: =SUM(F34:BH34) -> 0
D35: Return on capital | E35: =SUM(F35:BH35) -> 0
D36: Total Return of Capital | E36: =SUM(F36:BH36) -> 0 | F36: =SUM(F31:F35) -> 0 | G36: =SUM(G31:G35) -> 0 | H36: =SUM(H31:H35) -> 0 | I36: =SUM(I31:I35) -> 0 | J36: =SUM(J31:J35) -> 0 | K36: =SUM(K31:K35) -> 0 | L36: =SUM(L31:L35) -> 0 | M36: =SUM(M31:M35) -> 0 | ... BH36: =SUM(BH31:BH35) -> 0
D37: Recovered capital method total asset value | E37: =SUM(F37:BH37) -> 0 | F37: =F20+F28-F36 -> 0 | G37: =G20+G28-G36 -> 0 | H37: =H20+H28-H36 -> 0 | I37: =I20+I28-I36 -> 0 | J37: =J20+J28-J36 -> 0 | K37: =K20+K28-K36 -> 0 | L37: =L20+L28-L36 -> 0 | M37: =M20+M28-M36 -> 0 | ... BH37: =BH20+BH28-BH36 -> 0
C38: For information | D38: Opening asset value | G38: =F29+F38-F36 -> 0 | H38: =G29+G38-G36 -> 0 | I38: =H29+H38-H36 -> 0 | J38: =I29+I38-I36 -> 0 | K38: =J29+J38-J36 -> 0 | L38: =K29+K38-K36 -> 0 | M38: =L29+L38-L36 -> 0 | N38: =M29+M38-M36 -> 0 | ... BH38: =BG29+BG38-BG36 -> 0
C39: For information | D39: Rate of return (WACC)
B41: Table 4.2: Pipeline details
B43: Construction date | C43: =IF( '1. Pipeline information'!C14=0, "0/01/1960", '1. Pipeline information'!C14) -> 1998

Sheet 4.1 Pipelines capex
B1: Part 10 Financial Reporting
B2: =IF(Tradingname=0," ",Tradingname) -> APT PIPELINES (NSW) PTY LIMITED
B3: Year ending | C3: =IF(Yearending=0, "01/01/2000", Yearending) -> 45838
B4: Pipeline capital expenditure
B6: Please report all historical expansions/extensions in table 4.1.2, regardless of value. Please ensure all extensions/expansions in the next 12 months that have advanced to the "Final Investment Decision" stage are comprehensively reported in table 4.1.3.
B12: Table 4.1.1: Capital expenditure greater than 5% of construction cost
B14: Basis of Preparation ID | C14: Description of works | D14: Date recognised | E14: Expenditure ($ nominal)
B15: Section 24 | C15: Pipeline Management Agreement | D15: 2008 | E15: 2685579.4
B41: Total expenditure | E41: =SUM(E15:E40) -> 2685579.4
B44: Table 4.1.2: Historical expansions and extensions
B46: Basis of Preparation ID | C46: Description of works | D46: Date recognised | E46: Expenditure ($ nominal)
B47: Section 24
B73: Total expenditure | E73: =SUM(E47:E72) -> 0
B76: Table 4.1.3: Planned expansions and extensions of capacity
B78: Basis of Preparation ID | C78: Description of the matter | D78: Proposed commissioning date, or a range of dates | E78: Expected end date, or a range of dates | F78: Facility's proposed nameplate rating, or the estimated likely range during affected period | G78: Proposed expenditure (if available, required for publicly announced expansions)
F79: GJ/day | G79: $ nominal
B80: Section 24 | C80: See section 24 of the Basis of Preparation document.
B98: Total proposed expenditure | G98: =SUM(G80:G97) -> 0

Sheet Auditor's Review Report Capex

Sheet 5. Historical demand
B1: Part 10 Financial Reporting
B2: =IF(Tradingname=0," ",Tradingname) -> APT PIPELINES (NSW) PTY LIMITED
B3: Year ending | C3: =IF(Yearending=0, "01/01/2000", Yearending) -> 45838
B4: Historical demand
B6: For information required to be published on the Gas Bulletin Board, please provide a publicly available link on their website to the relevant part of the Gas Bulletin Board.
B12: Table 5.1: Historical demand information
B14: Basis of Preparation ID | C14: Description of the information | D14: Publicly available link on Gas Bulletin Board
B15: Section 25 | C15: Utilised capacity | D15: https://aemo.com.au/energy-systems/gas/gas-bulletin-board-gbb/data-gbb/gas-flows
B16: Section 25 | C16: Nameplate capacity | D16: https://aemo.com.au/energy-systems/gas/gas-bulletin-board-gbb/data-gbb/gas-flows
B22: Table 5.2: Demand by pipeline service
C24: Contracted MDQ
C25: TJ/day
B26: Firm forward haul transportation service | C26: =C42/365 -> 1.9318521
B27: Backhaul service | C27: 0
B28: Interruptible or as available transportation service
B29: Firm stand-alone compression service
B30: Interruptible or as available stand-alone compression service
B31: Park service
B32: Park and loan services
B33: Capacity trading service
B34: In pipe trading service
B35: Other
B38: Table 5.3: Daily demand
C40: Contracted firm capacity-transportation | D40: Contracted firm capacity-storage | E40: Utilised capacity | F40: Pipeline nameplate capacity | G40: Available capacity-total | H40: Available capacity-firm | I40: Available contracted capacity
C41: TJ/day | D41: TJ/day | E41: TJ/day | F41: TJ/day
B42: Total | C42: =SUM(C43:C408) -> 705.126 | D42: =SUM(D43:D408) -> 0 | E42: =SUM(E43:E408) -> 1318.795 | F42: - | G42: =SUM(G43:G408) -> 3426.205 | H42: =SUM(H43:H408) -> 4039.874 | I42: =SUM(I43:I408) -> -613.669
B43: =IF(Yearstart=0, "1/01/1999", Yearstart) -> 45474 | C43: 0.925 | E43: 5.212 | F43: 13 | G43: =F43-E43 -> 7.788 | H43: ='5. Historical demand'!F43-'5. Historical demand'!C43-'5. Historical demand'!D43 -> 12.075 | I43: =C43+D43-E43 -> -4.287
B44: =IFERROR(IF(Yearending>B43, B43+1, ""),"") -> 45475 | C44: 1.775 | E44: 5.155 | F44: 13 | G44: =IFERROR(IF(Yearending>B43,F44-E44,""),"") -> 7.845 | H44: =IFERROR(IF(Yearending>B43,'5. Historical demand'!F44-'5. Historical demand'!C44-'5. Historical demand'!D44,""),"") -> 11.225 | I44: =IFERROR(IF(Yearending>B43,C44+D44-E44,""),"") -> -3.38
B45: =IFERROR(IF(Yearending>B44, B44+1, ""),"") -> 45476 | C45: 1.775 | E45: 5.705 | F45: 13 | G45: =IFERROR(IF(Yearending>B44,F45-E45,""),"") -> 7.295 | H45: =IFERROR(IF(Yearending>B44,'5. Historical demand'!F45-'5. Historical demand'!C45-'5. Historical demand'!D45,""),"") -> 11.225 | I45: =IFERROR(IF(Yearending>B44,C45+D45-E45,""),"") -> -3.93
B46: =IFERROR(IF(Yearending>B45, B45+1, ""),"") -> 45477 | C46: 1.775 | E46: 4.41 | F46: 13 | G46: =IFERROR(IF(Yearending>B45,F46-E46,""),"") -> 8.59 | H46: =IFERROR(IF(Yearending>B45,'5. Historical demand'!F46-'5. Historical demand'!C46-'5. Historical demand'!D46,""),"") -> 11.225 | I46: =IFERROR(IF(Yearending>B45,C46+D46-E46,""),"") -> -2.635
B47: =IFERROR(IF(Yearending>B46, B46+1, ""),"") -> 45478 | C47: 1.775 | E47: 5.289 | F47: 13 | G47: =IFERROR(IF(Yearending>B46,F47-E47,""),"") -> 7.711 | H47: =IFERROR(IF(Yearending>B46,'5. Historical demand'!F47-'5. Historical demand'!C47-'5. Historical demand'!D47,""),"") -> 11.225 | I47: =IFERROR(IF(Yearending>B46,C47+D47-E47,""),"") -> -3.514
B48: =IFERROR(IF(Yearending>B47, B47+1, ""),"") -> 45479 | C48: 1.775 | E48: 5.364 | F48: 13 | G48: =IFERROR(IF(Yearending>B47,F48-E48,""),"") -> 7.636 | H48: =IFERROR(IF(Yearending>B47,'5. Historical demand'!F48-'5. Historical demand'!C48-'5. Historical demand'!D48,""),"") -> 11.225 | I48: =IFERROR(IF(Yearending>B47,C48+D48-E48,""),"") -> -3.589
B49: =IFERROR(IF(Yearending>B48, B48+1, ""),"") -> 45480 | C49: 1.775 | E49: 3.41 | F49: 13 | G49: =IFERROR(IF(Yearending>B48,F49-E49,""),"") -> 9.59 | H49: =IFERROR(IF(Yearending>B48,'5. Historical demand'!F49-'5. Historical demand'!C49-'5. Historical demand'!D49,""),"") -> 11.225 | I49: =IFERROR(IF(Yearending>B48,C49+D49-E49,""),"") -> -1.635
B50: =IFERROR(IF(Yearending>B49, B49+1, ""),"") -> 45481 | C50: 1.775 | E50: 2.804 | F50: 13 | G50: =IFERROR(IF(Yearending>B49,F50-E50,""),"") -> 10.196 | H50: =IFERROR(IF(Yearending>B49,'5. Historical demand'!F50-'5. Historical demand'!C50-'5. Historical demand'!D50,""),"") -> 11.225 | I50: =IFERROR(IF(Yearending>B49,C50+D50-E50,""),"") -> -1.029
B51: =IFERROR(IF(Yearending>B50, B50+1, ""),"") -> 45482 | C51: 1.775 | E51: 4.688 | F51: 13 | G51: =IFERROR(IF(Yearending>B50,F51-E51,""),"") -> 8.312 | H51: =IFERROR(IF(Yearending>B50,'5. Historical demand'!F51-'5. Historical demand'!C51-'5. Historical demand'!D51,""),"") -> 11.225 | I51: =IFERROR(IF(Yearending>B50,C51+D51-E51,""),"") -> -2.913
B52: =IFERROR(IF(Yearending>B51, B51+1, ""),"") -> 45483 | C52: 1.775 | E52: 6.314 | F52: 13 | G52: =IFERROR(IF(Yearending>B51,F52-E52,""),"") -> 6.686 | H52: =IFERROR(IF(Yearending>B51,'5. Historical demand'!F52-'5. Historical demand'!C52-'5. Historical demand'!D52,""),"") -> 11.225 | I52: =IFERROR(IF(Yearending>B51,C52+D52-E52,""),"") -> -4.539
B53: =IFERROR(IF(Yearending>B52, B52+1, ""),"") -> 45484 | C53: 1.775 | E53: 6.055 | F53: 13 | G53: =IFERROR(IF(Yearending>B52,F53-E53,""),"") -> 6.945 | H53: =IFERROR(IF(Yearending>B52,'5. Historical demand'!F53-'5. Historical demand'!C53-'5. Historical demand'!D53,""),"") -> 11.225 | I53: =IFERROR(IF(Yearending>B52,C53+D53-E53,""),"") -> -4.28
B54: =IFERROR(IF(Yearending>B53, B53+1, ""),"") -> 45485 | C54: 1.775 | E54: 5.702 | F54: 13 | G54: =IFERROR(IF(Yearending>B53,F54-E54,""),"") -> 7.298 | H54: =IFERROR(IF(Yearending>B53,'5. Historical demand'!F54-'5. Historical demand'!C54-'5. Historical demand'!D54,""),"") -> 11.225 | I54: =IFERROR(IF(Yearending>B53,C54+D54-E54,""),"") -> -3.927
B55: =IFERROR(IF(Yearending>B54, B54+1, ""),"") -> 45486 | C55: 1.775 | E55: 5.427 | F55: 13 | G55: =IFERROR(IF(Yearending>B54,F55-E55,""),"") -> 7.573 | H55: =IFERROR(IF(Yearending>B54,'5. Historical demand'!F55-'5. Historical demand'!C55-'5. Historical demand'!D55,""),"") -> 11.225 | I55: =IFERROR(IF(Yearending>B54,C55+D55-E55,""),"") -> -3.652
... B407: =IFERROR(IF(Yearending>B406, B406+1, ""),"") -> 45838 | C407: 2.096 | E407: 4.573 | F407: 13 | G407: =IFERROR(IF(Yearending>B406,F407-E407,""),"") -> 8.427 | H407: =IFERROR(IF(Yearending>B406,'5. Historical demand'!F407-'5. Historical demand'!C407-'5. Historical demand'!D407,""),"") -> 10.904 | I407: =IFERROR(IF(Yearending>B406,C407+D407-E407,""),"") -> -2.477
B408: =IFERROR(IF(Yearending>B407, B407+1, ""),"") | G408: =IFERROR(IF(Yearending>B407,F408-E408,""),"") | H408: =IFERROR(IF(Yearending>B407,'5. Historical demand'!F408-'5. Historical demand'!C408-'5. Historical demand'!D408,""),"") | I408: =IFERROR(IF(Yearending>B407,C408+D408-E408,""),"")

Sheet Auditor's Review Report Demand

Sheet 6. Pricing template
B1: Part 10 Financial Reporting
B2: =IF(Tradingname=0," ",Tradingname) -> APT PIPELINES (NSW) PTY LIMITED
B3: Year ending | C3: =IF(Yearending=0, "0/01/2000", Yearending) -> 45838
B4: Pricing template
B5: All numbers are expressed in $nominal
B7: Please input the percentages of asset value allocated to each services, and the indexes provided by AER. Please ensure to include any necessary explanation in the Basis of Preparation of the allocation methodologies, or if alternative index is used. The cost-based pricing benchmarks is calculated based on three elements. The basic logics of the methodology would be explained in the handbook.
B16: 6.1 Inputs
B18: Service provider inputs | D18: AER inputs
B19: Description | C19: Asset allocation to pipeline service | D19: Description | E19: %
C20: %
B21: Firm forward haul transportation service | C21: 0.9977282 | D21: Average regulatory return on debt | E21: 0.0446
B22: Backhaul service | C22: 0 | D22: Gearing | E22: 0.6
B23: Interruptible or as available transportation service | C23: 0 | D23: Statutory tax rate | E23: 0.3
B24: Firm stand-alone compression service | C24: 0 | D24: Gamma | E24: 0.57
B25: Interruptible or as available stand-alone compression service | C25: 0 | D25: Average regulatory rate of return | E25: 0.0499
B26: Park service | C26: 0
B27: Park and loan services | C27: 0
B28: Capacity trading service | C28: 0.0022718033
B29: In pipe trading service | C29: 0
B30: Other | C30: 0
B31: Total | C31: =SUM(C21:C30) -> 1
B34: 6.2 Pricing benchmarks
D36: Fixed operating costs per unit | E36: Return of capital per unit | F36: Return on capital & Tax per unit | G36: Total cost per unit | H36: Measurement unit
B37: Firm forward haul transportation service | C37: Low | D37: =MIN(C64:D64) -> 1.2058301 | E37: =MIN(E64:G64) -> 0 | F37: =MIN(H64,J64)+MIN(I64,K64) -> 1.7765353 | G37: =SUM(D37:F37) -> 2.9823654 | H37: $/GJ/day of Pipeline MDQ
C38: High | D38: =MAX(C64:D64) -> 1.9731397 | E38: =MAX(E64:G64) -> 1.6861277 | F38: =MAX(H64,J64)+MAX(I64,K64) -> 1.7765353 | G38: =SUM(D38:F38) -> 5.4358027
B39: Backhaul service | C39: Low | D39: =MIN(C65:D65) -> 0 | E39: =MIN(E65:G65) -> 0 | F39: =MIN(H65,J65)+MIN(I65,K65) -> 0 | G39: =SUM(D39:F39) -> 0 | H39: $/GJ/day of Pipeline MDQ
C40: High | D40: =MAX(C65:D65) -> 0 | E40: =MAX(E65:G65) -> 0 | F40: =MAX(H65,J65)+MAX(I65,K65) -> 0 | G40: =SUM(D40:F40) -> 0
B41: Interruptible or as available transportation service | C41: Low | D41: =MIN(C66:D66) -> 0 | E41: =MIN(E66:G66) -> 0 | F41: =MIN(H66,J66)+MIN(I66,K66) -> 0 | G41: =SUM(D41:F41) -> 0 | H41: $/GJ/day of Pipeline MDQ
C42: High | D42: =MAX(C66:D66) -> 0 | E42: =MAX(E66:G66) -> 0 | F42: =MAX(H66,J66)+MAX(I66,K66) -> 0 | G42: =SUM(D42:F42) -> 0
B43: Firm stand-alone compression service | C43: Low | D43: =MIN(C67:D67) -> 0 | E43: =MIN(E67:G67) -> 0 | F43: =MIN(H67,J67)+MIN(I67,K67) -> 0 | G43: =SUM(D43:F43) -> 0 | H43: $/GJ/day of Pipeline MDQ
C44: High | D44: =MAX(C67:D67) -> 0 | E44: =MAX(E67:G67) -> 0 | F44: =MAX(H67,J67)+MAX(I67,K67) -> 0 | G44: =SUM(D44:F44) -> 0
B45: Interruptible or as available stand-alone compression service | C45: Low | D45: =MIN(C68:D68) -> 0 | E45: =MIN(E68:G68) -> 0 | F45: =MIN(H68,J68)+MIN(I68,K68) -> 0 | G45: =SUM(D45:F45) -> 0 | H45: $/GJ/day of Pipeline MDQ
C46: High | D46: =MAX(C68:D68) -> 0 | E46: =MAX(E68:G68) -> 0 | F46: =MAX(H68,J68)+MAX(I68,K68) -> 0 | G46: =SUM(D46:F46) -> 0
B47: Park service | C47: Low | D47: =MIN(C69:D69) -> 0 | E47: =MIN(E69:G69) -> 0 | F47: =MIN(H69,J69)+MIN(I69,K69) -> 0 | G47: =SUM(D47:F47) -> 0 | H47: $/GJ/day of Pipeline MDQ
C48: High | D48: =MAX(C69:D69) -> 0 | E48: =MAX(E69:G69) -> 0 | F48: =MAX(H69,J69)+MAX(I69,K69) -> 0 | G48: =SUM(D48:F48) -> 0
B49: Park and loan services | C49: Low | D49: =MIN(C70:D70) -> 0 | E49: =MIN(E70:G70) -> 0 | F49: =MIN(H70,J70)+MIN(I70,K70) -> 0 | G49: =SUM(D49:F49) -> 0 | H49: $/GJ/day of Pipeline MDQ
C50: High | D50: =MAX(C70:D70) -> 0 | E50: =MAX(E70:G70) -> 0 | F50: =MAX(H70,J70)+MAX(I70,K70) -> 0 | G50: =SUM(D50:F50) -> 0
B51: Capacity trading service | C51: Low | D51: =MIN(C71:D71) -> 0 | E51: =MIN(E71:G71) -> 0 | F51: =MIN(H71,J71)+MIN(I71,K71) -> 0 | G51: =SUM(D51:F51) -> 0 | H51: $/GJ of MDQ traded
C52: High | D52: =MAX(C71:D71) -> 0 | E52: =MAX(E71:G71) -> 0 | F52: =MAX(H71,J71)+MAX(I71,K71) -> 0 | G52: =SUM(D52:F52) -> 0
B53: In pipe trading service | C53: Low | D53: =MIN(C72:D72) -> 0 | E53: =MIN(E72:G72) -> 0 | F53: =MIN(H72,J72)+MIN(I72,K72) -> 0 | G53: =SUM(D53:F53) -> 0 | H53: $/GJ traded
C54: High | D54: =MAX(C72:D72) -> 0 | E54: =MAX(E72:G72) -> 0 | F54: =MAX(H72,J72)+MAX(I72,K72) -> 0 | G54: =SUM(D54:F54) -> 0
B55: Other | C55: Low | D55: =MIN(C73:D73) -> 0 | E55: =MIN(E73:G73) -> 0 | F55: =MIN(H73,J73)+MIN(I73,K73) -> 0 | G55: =SUM(D55:F55) -> 0
C56: High | D56: =MAX(C73:D73) -> 0 | E56: =MAX(E73:G73) -> 0 | F56: =MAX(H73,J73)+MAX(I73,K73) -> 0 | G56: =SUM(D56:F56) -> 0
B59: 6.3 Elements calculated
B60: Summary
C61: 2 Fixed operating costs | E61: 3 Return of capital | H61: 3 Return on capital & Tax
C62: Total costs less depreciation in Table 2.1.1 per capacity denominator | D62: Direct costs less depreciation in Table 2.1.1 per capacity denominator | E62: Total asset depreciation per capacity denominator | F62: Direct asset depreciation per capacity denominator | G62: Depreciation of RCM asset value per capacity denominator | H62: Based on the inferred rates of return under Depreciated book value method | J62: Based on the average regulatory rate of return
H63: Return on capital per capacity denominator | I63: Tax estimate per capacity denominator | J63: Return on capital per capacity denominator | K63: Tax estimate per capacity denominator
B64: Firm forward haul transportation service | C64: =INDEX($F$79:$G$88,MATCH($B64,$B$79:$B$88,0),MATCH(C$62,$F$78:$G$78,0)) -> 1.9731397 | D64: =INDEX($F$79:$G$88,MATCH($B64,$B$79:$B$88,0),MATCH(D$62,$F$78:$G$78,0)) -> 1.2058301 | E64: =F104 -> 1.6861277 | F64: =G104 -> 1.4792805 | G64: =G116 -> 0 | H64: =I137 -> - | I64: =J137 -> - | J64: =I149 -> 1.6623631 | K64: =J149 -> 0.11417217
B65: Backhaul service | C65: =INDEX($F$79:$G$88,MATCH($B65,$B$79:$B$88,0),MATCH(C$62,$F$78:$G$78,0)) -> - | D65: =INDEX($F$79:$G$88,MATCH($B65,$B$79:$B$88,0),MATCH(D$62,$F$78:$G$78,0)) -> - | E65: =F105 -> - | F65: =G105 -> - | G65: =G117 -> - | H65: =I138 -> - | I65: =J138 -> - | J65: =I150 -> - | K65: =J150 -> -
B66: Interruptible or as available transportation service | C66: =INDEX($F$79:$G$88,MATCH($B66,$B$79:$B$88,0),MATCH(C$62,$F$78:$G$78,0)) -> - | D66: =INDEX($F$79:$G$88,MATCH($B66,$B$79:$B$88,0),MATCH(D$62,$F$78:$G$78,0)) -> - | E66: =F106 -> - | F66: =G106 -> - | G66: =G118 -> - | H66: =I139 -> - | I66: =J139 -> - | J66: =I151 -> - | K66: =J151 -> -
B67: Firm stand-alone compression service | C67: =INDEX($F$79:$G$88,MATCH($B67,$B$79:$B$88,0),MATCH(C$62,$F$78:$G$78,0)) -> - | D67: =INDEX($F$79:$G$88,MATCH($B67,$B$79:$B$88,0),MATCH(D$62,$F$78:$G$78,0)) -> - | E67: =F107 -> - | F67: =G107 -> - | G67: =G119 -> - | H67: =I140 -> - | I67: =J140 -> - | J67: =I152 -> - | K67: =J152 -> -
B68: Interruptible or as available stand-alone compression service | C68: =INDEX($F$79:$G$88,MATCH($B68,$B$79:$B$88,0),MATCH(C$62,$F$78:$G$78,0)) -> - | D68: =INDEX($F$79:$G$88,MATCH($B68,$B$79:$B$88,0),MATCH(D$62,$F$78:$G$78,0)) -> - | E68: =F108 -> - | F68: =G108 -> - | G68: =G120 -> - | H68: =I141 -> - | I68: =J141 -> - | J68: =I153 -> - | K68: =J153 -> -
B69: Park service | C69: =INDEX($F$79:$G$88,MATCH($B69,$B$79:$B$88,0),MATCH(C$62,$F$78:$G$78,0)) -> - | D69: =INDEX($F$79:$G$88,MATCH($B69,$B$79:$B$88,0),MATCH(D$62,$F$78:$G$78,0)) -> - | E69: =F109 -> - | F69: =G109 -> - | G69: =G121 -> - | H69: =I142 -> - | I69: =J142 -> - | J69: =I154 -> - | K69: =J154 -> -
B70: Park and loan services | C70: =INDEX($F$79:$G$88,MATCH($B70,$B$79:$B$88,0),MATCH(C$62,$F$78:$G$78,0)) -> - | D70: =INDEX($F$79:$G$88,MATCH($B70,$B$79:$B$88,0),MATCH(D$62,$F$78:$G$78,0)) -> - | E70: =F110 -> - | F70: =G110 -> - | G70: =G122 -> - | H70: =I143 -> - | I70: =J143 -> - | J70: =I155 -> - | K70: =J155 -> -
B71: Capacity trading service | C71: =INDEX($F$79:$G$88,MATCH($B71,$B$79:$B$88,0),MATCH(C$62,$F$78:$G$78,0)) -> - | D71: =INDEX($F$79:$G$88,MATCH($B71,$B$79:$B$88,0),MATCH(D$62,$F$78:$G$78,0)) -> - | E71: =F111 -> - | F71: =G111 -> - | G71: =G123 -> - | H71: =I144 -> - | I71: =J144 -> - | J71: =I156 -> - | K71: =J156 -> -
B72: In pipe trading service | C72: =INDEX($F$79:$G$88,MATCH($B72,$B$79:$B$88,0),MATCH(C$62,$F$78:$G$78,0)) -> - | D72: =INDEX($F$79:$G$88,MATCH($B72,$B$79:$B$88,0),MATCH(D$62,$F$78:$G$78,0)) -> - | E72: =F112 -> - | F72: =G112 -> - | G72: =G124 -> - | H72: =I145 -> - | I72: =J145 -> - | J72: =I157 -> - | K72: =J157 -> -
B73: Other | C73: =INDEX($F$79:$G$88,MATCH($B73,$B$79:$B$88,0),MATCH(C$62,$F$78:$G$78,0)) -> - | D73: =INDEX($F$79:$G$88,MATCH($B73,$B$79:$B$88,0),MATCH(D$62,$F$78:$G$78,0)) -> - | E73: =F113 -> - | F73: =G113 -> - | G73: =G125 -> - | H73: =I146 -> - | I73: =J146 -> - | J73: =I158 -> - | K73: =J158 -> -
B76: 6.4 Calculation process
B77: Fixed operating costs
B78: 29. Three estimates of opex per unit of capacity | C78: Total costs less depreciation in Table 2.1.1 | D78: Direct costs less depreciation in Table 2.1.1 | E78: Capacity denominator (report period) TJ | F78: Total costs less depreciation in Table 2.1.1 per capacity denominator | G78: Direct costs less depreciation in Table 2.1.1 per capacity denominator
B79: Firm forward haul transportation service | C79: =ABS('2.1 Profit & Loss by component'!$F$32*INDEX('2.2 Allocation to services'!$D$56:$D$65,MATCH('6. Pricing template'!B79,'2.2 Allocation to services'!$C$56:$C$65,0),1))+ABS('2.1 Profit & Loss by component'!$F$43*INDEX('2.2 Allocation to services'!$D$80:$D$89,MATCH('6. Pricing template'!B79,'2.2 Allocation to services'!$C$80:$C$89,0),1))-ABS('2.1 Profit & Loss by component'!$F$37+'2.1 Profit & Loss by component'!$F$26)*INDEX('2.2 Allocation to services'!$D$68:$D$77,MATCH('6. Pricing template'!B79,'2.2 Allocation to services'!$C$68:$C$77,0),1) -> 1387500.3 | D79: =ABS('2.1 Profit & Loss by component'!$F$32*INDEX('2.2 Allocation to services'!$D$56:$D$65,MATCH('6. Pricing template'!B79,'2.2 Allocation to services'!$C$56:$C$65,0),1))-ABS('2.1 Profit & Loss by component'!$F$26)*INDEX('2.2 Allocation to services'!$D$68:$D$77,MATCH('6. Pricing template'!B79,'2.2 Allocation to services'!$C$68:$C$77,0),1) -> 847932.69 | E79: =INDEX('5. Historical demand'!$C$26:$C$35,MATCH('6. Pricing template'!B79,'5. Historical demand'!$B$26:$B$35,0),1)*(Yearending-Yearstart) -> 703.19415 | F79: =IFERROR(C79/(E79*1000)," -") -> 1.9731397 | G79: =IFERROR(D79/(E79*1000)," -") -> 1.2058301
B80: Backhaul service | C80: =ABS('2.1 Profit & Loss by component'!$F$32*INDEX('2.2 Allocation to services'!$D$56:$D$65,MATCH('6. Pricing template'!B80,'2.2 Allocation to services'!$C$56:$C$65,0),1))+ABS('2.1 Profit & Loss by component'!$F$43*INDEX('2.2 Allocation to services'!$D$80:$D$89,MATCH('6. Pricing template'!B80,'2.2 Allocation to services'!$C$80:$C$89,0),1))-ABS('2.1 Profit & Loss by component'!$F$37+'2.1 Profit & Loss by component'!$F$26)*INDEX('2.2 Allocation to services'!$D$68:$D$77,MATCH('6. Pricing template'!B80,'2.2 Allocation to services'!$C$68:$C$77,0),1) -> 0 | D80: =ABS('2.1 Profit & Loss by component'!$F$32*INDEX('2.2 Allocation to services'!$D$56:$D$65,MATCH('6. Pricing template'!B80,'2.2 Allocation to services'!$C$56:$C$65,0),1))-ABS('2.1 Profit & Loss by component'!$F$26)*INDEX('2.2 Allocation to services'!$D$68:$D$77,MATCH('6. Pricing template'!B80,'2.2 Allocation to services'!$C$68:$C$77,0),1) -> 0 | E80: =INDEX('5. Historical demand'!$C$26:$C$35,MATCH('6. Pricing template'!B80,'5. Historical demand'!$B$26:$B$35,0),1)*(Yearending-Yearstart) -> 0 | F80: =IFERROR(C80/(E80*1000)," -") -> - | G80: =IFERROR(D80/(E80*1000)," -") -> -
B81: Interruptible or as available transportation service | C81: =ABS('2.1 Profit & Loss by component'!$F$32*INDEX('2.2 Allocation to services'!$D$56:$D$65,MATCH('6. Pricing template'!B81,'2.2 Allocation to services'!$C$56:$C$65,0),1))+ABS('2.1 Profit & Loss by component'!$F$43*INDEX('2.2 Allocation to services'!$D$80:$D$89,MATCH('6. Pricing template'!B81,'2.2 Allocation to services'!$C$80:$C$89,0),1))-ABS('2.1 Profit & Loss by component'!$F$37+'2.1 Profit & Loss by component'!$F$26)*INDEX('2.2 Allocation to services'!$D$68:$D$77,MATCH('6. Pricing template'!B81,'2.2 Allocation to services'!$C$68:$C$77,0),1) -> 0 | D81: =ABS('2.1 Profit & Loss by component'!$F$32*INDEX('2.2 Allocation to services'!$D$56:$D$65,MATCH('6. Pricing template'!B81,'2.2 Allocation to services'!$C$56:$C$65,0),1))-ABS('2.1 Profit & Loss by component'!$F$26)*INDEX('2.2 Allocation to services'!$D$68:$D$77,MATCH('6. Pricing template'!B81,'2.2 Allocation to services'!$C$68:$C$77,0),1) -> 0 | E81: =INDEX('5. Historical demand'!$C$26:$C$35,MATCH('6. Pricing template'!B81,'5. Historical demand'!$B$26:$B$35,0),1)*(Yearending-Yearstart) -> 0 | F81: =IFERROR(C81/(E81*1000)," -") -> - | G81: =IFERROR(D81/(E81*1000)," -") -> -
B82: Firm stand-alone compression service | C82: =ABS('2.1 Profit & Loss by component'!$F$32*INDEX('2.2 Allocation to services'!$D$56:$D$65,MATCH('6. Pricing template'!B82,'2.2 Allocation to services'!$C$56:$C$65,0),1))+ABS('2.1 Profit & Loss by component'!$F$43*INDEX('2.2 Allocation to services'!$D$80:$D$89,MATCH('6. Pricing template'!B82,'2.2 Allocation to services'!$C$80:$C$89,0),1))-ABS('2.1 Profit & Loss by component'!$F$37+'2.1 Profit & Loss by component'!$F$26)*INDEX('2.2 Allocation to services'!$D$68:$D$77,MATCH('6. Pricing template'!B82,'2.2 Allocation to services'!$C$68:$C$77,0),1) -> 0 | D82: =ABS('2.1 Profit & Loss by component'!$F$32*INDEX('2.2 Allocation to services'!$D$56:$D$65,MATCH('6. Pricing template'!B82,'2.2 Allocation to services'!$C$56:$C$65,0),1))-ABS('2.1 Profit & Loss by component'!$F$26)*INDEX('2.2 Allocation to services'!$D$68:$D$77,MATCH('6. Pricing template'!B82,'2.2 Allocation to services'!$C$68:$C$77,0),1) -> 0 | E82: =INDEX('5. Historical demand'!$C$26:$C$35,MATCH('6. Pricing template'!B82,'5. Historical demand'!$B$26:$B$35,0),1)*(Yearending-Yearstart) -> 0 | F82: =IFERROR(C82/(E82*1000)," -") -> - | G82: =IFERROR(D82/(E82*1000)," -") -> -
B83: Interruptible or as available stand-alone compression service | C83: =ABS('2.1 Profit & Loss by component'!$F$32*INDEX('2.2 Allocation to services'!$D$56:$D$65,MATCH('6. Pricing template'!B83,'2.2 Allocation to services'!$C$56:$C$65,0),1))+ABS('2.1 Profit & Loss by component'!$F$43*INDEX('2.2 Allocation to services'!$D$80:$D$89,MATCH('6. Pricing template'!B83,'2.2 Allocation to services'!$C$80:$C$89,0),1))-ABS('2.1 Profit & Loss by component'!$F$37+'2.1 Profit & Loss by component'!$F$26)*INDEX('2.2 Allocation to services'!$D$68:$D$77,MATCH('6. Pricing template'!B83,'2.2 Allocation to services'!$C$68:$C$77,0),1) -> 0 | D83: =ABS('2.1 Profit & Loss by component'!$F$32*INDEX('2.2 Allocation to services'!$D$56:$D$65,MATCH('6. Pricing template'!B83,'2.2 Allocation to services'!$C$56:$C$65,0),1))-ABS('2.1 Profit & Loss by component'!$F$26)*INDEX('2.2 Allocation to services'!$D$68:$D$77,MATCH('6. Pricing template'!B83,'2.2 Allocation to services'!$C$68:$C$77,0),1) -> 0 | E83: =INDEX('5. Historical demand'!$C$26:$C$35,MATCH('6. Pricing template'!B83,'5. Historical demand'!$B$26:$B$35,0),1)*(Yearending-Yearstart) -> 0 | F83: =IFERROR(C83/(E83*1000)," -") -> - | G83: =IFERROR(D83/(E83*1000)," -") -> -
B84: Park service | C84: =ABS('2.1 Profit & Loss by component'!$F$32*INDEX('2.2 Allocation to services'!$D$56:$D$65,MATCH('6. Pricing template'!B84,'2.2 Allocation to services'!$C$56:$C$65,0),1))+ABS('2.1 Profit & Loss by component'!$F$43*INDEX('2.2 Allocation to services'!$D$80:$D$89,MATCH('6. Pricing template'!B84,'2.2 Allocation to services'!$C$80:$C$89,0),1))-ABS('2.1 Profit & Loss by component'!$F$37+'2.1 Profit & Loss by component'!$F$26)*INDEX('2.2 Allocation to services'!$D$68:$D$77,MATCH('6. Pricing template'!B84,'2.2 Allocation to services'!$C$68:$C$77,0),1) -> 0 | D84: =ABS('2.1 Profit & Loss by component'!$F$32*INDEX('2.2 Allocation to services'!$D$56:$D$65,MATCH('6. Pricing template'!B84,'2.2 Allocation to services'!$C$56:$C$65,0),1))-ABS('2.1 Profit & Loss by component'!$F$26)*INDEX('2.2 Allocation to services'!$D$68:$D$77,MATCH('6. Pricing template'!B84,'2.2 Allocation to services'!$C$68:$C$77,0),1) -> 0 | E84: =INDEX('5. Historical demand'!$C$26:$C$35,MATCH('6. Pricing template'!B84,'5. Historical demand'!$B$26:$B$35,0),1)*(Yearending-Yearstart) -> 0 | F84: =IFERROR(C84/(E84*1000)," -") -> - | G84: =IFERROR(D84/(E84*1000)," -") -> -
B85: Park and loan services | C85: =ABS('2.1 Profit & Loss by component'!$F$32*INDEX('2.2 Allocation to services'!$D$56:$D$65,MATCH('6. Pricing template'!B85,'2.2 Allocation to services'!$C$56:$C$65,0),1))+ABS('2.1 Profit & Loss by component'!$F$43*INDEX('2.2 Allocation to services'!$D$80:$D$89,MATCH('6. Pricing template'!B85,'2.2 Allocation to services'!$C$80:$C$89,0),1))-ABS('2.1 Profit & Loss by component'!$F$37+'2.1 Profit & Loss by component'!$F$26)*INDEX('2.2 Allocation to services'!$D$68:$D$77,MATCH('6. Pricing template'!B85,'2.2 Allocation to services'!$C$68:$C$77,0),1) -> 0 | D85: =ABS('2.1 Profit & Loss by component'!$F$32*INDEX('2.2 Allocation to services'!$D$56:$D$65,MATCH('6. Pricing template'!B85,'2.2 Allocation to services'!$C$56:$C$65,0),1))-ABS('2.1 Profit & Loss by component'!$F$26)*INDEX('2.2 Allocation to services'!$D$68:$D$77,MATCH('6. Pricing template'!B85,'2.2 Allocation to services'!$C$68:$C$77,0),1) -> 0 | E85: =INDEX('5. Historical demand'!$C$26:$C$35,MATCH('6. Pricing template'!B85,'5. Historical demand'!$B$26:$B$35,0),1)*(Yearending-Yearstart) -> 0 | F85: =IFERROR(C85/(E85*1000)," -") -> - | G85: =IFERROR(D85/(E85*1000)," -") -> -
B86: Capacity trading service | C86: =ABS('2.1 Profit & Loss by component'!$F$32*INDEX('2.2 Allocation to services'!$D$56:$D$65,MATCH('6. Pricing template'!B86,'2.2 Allocation to services'!$C$56:$C$65,0),1))+ABS('2.1 Profit & Loss by component'!$F$43*INDEX('2.2 Allocation to services'!$D$80:$D$89,MATCH('6. Pricing template'!B86,'2.2 Allocation to services'!$C$80:$C$89,0),1))-ABS('2.1 Profit & Loss by component'!$F$37+'2.1 Profit & Loss by component'!$F$26)*INDEX('2.2 Allocation to services'!$D$68:$D$77,MATCH('6. Pricing template'!B86,'2.2 Allocation to services'!$C$68:$C$77,0),1) -> 3159.305 | D86: =ABS('2.1 Profit & Loss by component'!$F$32*INDEX('2.2 Allocation to services'!$D$56:$D$65,MATCH('6. Pricing template'!B86,'2.2 Allocation to services'!$C$56:$C$65,0),1))-ABS('2.1 Profit & Loss by component'!$F$26)*INDEX('2.2 Allocation to services'!$D$68:$D$77,MATCH('6. Pricing template'!B86,'2.2 Allocation to services'!$C$68:$C$77,0),1) -> 1930.7225 | E86: =INDEX('5. Historical demand'!$C$26:$C$35,MATCH('6. Pricing template'!B86,'5. Historical demand'!$B$26:$B$35,0),1)*(Yearending-Yearstart) -> 0 | F86: =IFERROR(C86/(E86*1000)," -") -> - | G86: =IFERROR(D86/(E86*1000)," -") -> -
B87: In pipe trading service | C87: =ABS('2.1 Profit & Loss by component'!$F$32*INDEX('2.2 Allocation to services'!$D$56:$D$65,MATCH('6. Pricing template'!B87,'2.2 Allocation to services'!$C$56:$C$65,0),1))+ABS('2.1 Profit & Loss by component'!$F$43*INDEX('2.2 Allocation to services'!$D$80:$D$89,MATCH('6. Pricing template'!B87,'2.2 Allocation to services'!$C$80:$C$89,0),1))-ABS('2.1 Profit & Loss by component'!$F$37+'2.1 Profit & Loss by component'!$F$26)*INDEX('2.2 Allocation to services'!$D$68:$D$77,MATCH('6. Pricing template'!B87,'2.2 Allocation to services'!$C$68:$C$77,0),1) -> 0 | D87: =ABS('2.1 Profit & Loss by component'!$F$32*INDEX('2.2 Allocation to services'!$D$56:$D$65,MATCH('6. Pricing template'!B87,'2.2 Allocation to services'!$C$56:$C$65,0),1))-ABS('2.1 Profit & Loss by component'!$F$26)*INDEX('2.2 Allocation to services'!$D$68:$D$77,MATCH('6. Pricing template'!B87,'2.2 Allocation to services'!$C$68:$C$77,0),1) -> 0 | E87: =INDEX('5. Historical demand'!$C$26:$C$35,MATCH('6. Pricing template'!B87,'5. Historical demand'!$B$26:$B$35,0),1)*(Yearending-Yearstart) -> 0 | F87: =IFERROR(C87/(E87*1000)," -") -> - | G87: =IFERROR(D87/(E87*1000)," -") -> -
B88: Other | C88: =ABS('2.1 Profit & Loss by component'!$F$32*INDEX('2.2 Allocation to services'!$D$56:$D$65,MATCH('6. Pricing template'!B88,'2.2 Allocation to services'!$C$56:$C$65,0),1))+ABS('2.1 Profit & Loss by component'!$F$43*INDEX('2.2 Allocation to services'!$D$80:$D$89,MATCH('6. Pricing template'!B88,'2.2 Allocation to services'!$C$80:$C$89,0),1))-ABS('2.1 Profit & Loss by component'!$F$37+'2.1 Profit & Loss by component'!$F$26)*INDEX('2.2 Allocation to services'!$D$68:$D$77,MATCH('6. Pricing template'!B88,'2.2 Allocation to services'!$C$68:$C$77,0),1) -> 0 | D88: =ABS('2.1 Profit & Loss by component'!$F$32*INDEX('2.2 Allocation to services'!$D$56:$D$65,MATCH('6. Pricing template'!B88,'2.2 Allocation to services'!$C$56:$C$65,0),1))-ABS('2.1 Profit & Loss by component'!$F$26)*INDEX('2.2 Allocation to services'!$D$68:$D$77,MATCH('6. Pricing template'!B88,'2.2 Allocation to services'!$C$68:$C$77,0),1) -> 0 | E88: =INDEX('5. Historical demand'!$C$26:$C$35,MATCH('6. Pricing template'!B88,'5. Historical demand'!$B$26:$B$35,0),1)*(Yearending-Yearstart) -> 0 | F88: =IFERROR(C88/(E88*1000)," -") -> - | G88: =IFERROR(D88/(E88*1000)," -") -> -
B90: Return of capital
B91: 28. Estimated remaining direct asset lives | C91: Depreciable direct assets in Table 3.1.1 or 3.2.1 | D91: Estimated one-year direct asset depreciation | E91: Estimated remaining asset life
B92: Firm forward haul transportation service | C92: =IF(Cover!$C$23="Scheme pipeline",( '3.2 Regulatory Asset Base'!$H$95-'3.2 Regulatory Asset Base'!$H$94)*C21,('3.1 Depreciated Book Value'!$D$25+'3.1 Depreciated Book Value'!$D$33+'3.1 Depreciated Book Value'!$D$41+'3.1 Depreciated Book Value'!$D$49+'3.1 Depreciated Book Value'!$D$57+'3.1 Depreciated Book Value'!$D$65+'3.1 Depreciated Book Value'!$D$73+'3.1 Depreciated Book Value'!$D$88+'3.1 Depreciated Book Value'!$D$96)*C21) -> 23416155 | D92: =ABS('2.1 Profit & Loss by component'!$F$26)*INDEX('2.2 Allocation to services'!$D$68:$D$77,MATCH('6. Pricing template'!B79,'2.2 Allocation to services'!$C$68:$C$77,0),1)/(Yearending-Yearstart)*365 -> 1043079.1 | E92: =IFERROR(C92/D92," - ") -> 22.449069
B93: Backhaul service | C93: =IF(Cover!$C$23="Scheme pipeline",( '3.2 Regulatory Asset Base'!$H$95-'3.2 Regulatory Asset Base'!$H$94)*C22,('3.1 Depreciated Book Value'!$D$25+'3.1 Depreciated Book Value'!$D$33+'3.1 Depreciated Book Value'!$D$41+'3.1 Depreciated Book Value'!$D$49+'3.1 Depreciated Book Value'!$D$57+'3.1 Depreciated Book Value'!$D$65+'3.1 Depreciated Book Value'!$D$73+'3.1 Depreciated Book Value'!$D$88+'3.1 Depreciated Book Value'!$D$96)*C22) -> 0 | D93: =ABS('2.1 Profit & Loss by component'!$F$26)*INDEX('2.2 Allocation to services'!$D$68:$D$77,MATCH('6. Pricing template'!B80,'2.2 Allocation to services'!$C$68:$C$77,0),1)/(Yearending-Yearstart)*365 -> 0 | E93: =IFERROR(C93/D93," - ") -> -
B94: Interruptible or as available transportation service | C94: =IF(Cover!$C$23="Scheme pipeline",( '3.2 Regulatory Asset Base'!$H$95-'3.2 Regulatory Asset Base'!$H$94)*C23,('3.1 Depreciated Book Value'!$D$25+'3.1 Depreciated Book Value'!$D$33+'3.1 Depreciated Book Value'!$D$41+'3.1 Depreciated Book Value'!$D$49+'3.1 Depreciated Book Value'!$D$57+'3.1 Depreciated Book Value'!$D$65+'3.1 Depreciated Book Value'!$D$73+'3.1 Depreciated Book Value'!$D$88+'3.1 Depreciated Book Value'!$D$96)*C23) -> 0 | D94: =ABS('2.1 Profit & Loss by component'!$F$26)*INDEX('2.2 Allocation to services'!$D$68:$D$77,MATCH('6. Pricing template'!B81,'2.2 Allocation to services'!$C$68:$C$77,0),1)/(Yearending-Yearstart)*365 -> 0 | E94: =IFERROR(C94/D94," - ") -> -
B95: Firm stand-alone compression service | C95: =IF(Cover!$C$23="Scheme pipeline",( '3.2 Regulatory Asset Base'!$H$95-'3.2 Regulatory Asset Base'!$H$94)*C24,('3.1 Depreciated Book Value'!$D$25+'3.1 Depreciated Book Value'!$D$33+'3.1 Depreciated Book Value'!$D$41+'3.1 Depreciated Book Value'!$D$49+'3.1 Depreciated Book Value'!$D$57+'3.1 Depreciated Book Value'!$D$65+'3.1 Depreciated Book Value'!$D$73+'3.1 Depreciated Book Value'!$D$88+'3.1 Depreciated Book Value'!$D$96)*C24) -> 0 | D95: =ABS('2.1 Profit & Loss by component'!$F$26)*INDEX('2.2 Allocation to services'!$D$68:$D$77,MATCH('6. Pricing template'!B82,'2.2 Allocation to services'!$C$68:$C$77,0),1)/(Yearending-Yearstart)*365 -> 0 | E95: =IFERROR(C95/D95," - ") -> -
B96: Interruptible or as available stand-alone compression service | C96: =IF(Cover!$C$23="Scheme pipeline",( '3.2 Regulatory Asset Base'!$H$95-'3.2 Regulatory Asset Base'!$H$94)*C25,('3.1 Depreciated Book Value'!$D$25+'3.1 Depreciated Book Value'!$D$33+'3.1 Depreciated Book Value'!$D$41+'3.1 Depreciated Book Value'!$D$49+'3.1 Depreciated Book Value'!$D$57+'3.1 Depreciated Book Value'!$D$65+'3.1 Depreciated Book Value'!$D$73+'3.1 Depreciated Book Value'!$D$88+'3.1 Depreciated Book Value'!$D$96)*C25) -> 0 | D96: =ABS('2.1 Profit & Loss by component'!$F$26)*INDEX('2.2 Allocation to services'!$D$68:$D$77,MATCH('6. Pricing template'!B83,'2.2 Allocation to services'!$C$68:$C$77,0),1)/(Yearending-Yearstart)*365 -> 0 | E96: =IFERROR(C96/D96," - ") -> -
B97: Park service | C97: =IF(Cover!$C$23="Scheme pipeline",( '3.2 Regulatory Asset Base'!$H$95-'3.2 Regulatory Asset Base'!$H$94)*C26,('3.1 Depreciated Book Value'!$D$25+'3.1 Depreciated Book Value'!$D$33+'3.1 Depreciated Book Value'!$D$41+'3.1 Depreciated Book Value'!$D$49+'3.1 Depreciated Book Value'!$D$57+'3.1 Depreciated Book Value'!$D$65+'3.1 Depreciated Book Value'!$D$73+'3.1 Depreciated Book Value'!$D$88+'3.1 Depreciated Book Value'!$D$96)*C26) -> 0 | D97: =ABS('2.1 Profit & Loss by component'!$F$26)*INDEX('2.2 Allocation to services'!$D$68:$D$77,MATCH('6. Pricing template'!B84,'2.2 Allocation to services'!$C$68:$C$77,0),1)/(Yearending-Yearstart)*365 -> 0 | E97: =IFERROR(C97/D97," - ") -> -
B98: Park and loan services | C98: =IF(Cover!$C$23="Scheme pipeline",( '3.2 Regulatory Asset Base'!$H$95-'3.2 Regulatory Asset Base'!$H$94)*C27,('3.1 Depreciated Book Value'!$D$25+'3.1 Depreciated Book Value'!$D$33+'3.1 Depreciated Book Value'!$D$41+'3.1 Depreciated Book Value'!$D$49+'3.1 Depreciated Book Value'!$D$57+'3.1 Depreciated Book Value'!$D$65+'3.1 Depreciated Book Value'!$D$73+'3.1 Depreciated Book Value'!$D$88+'3.1 Depreciated Book Value'!$D$96)*C27) -> 0 | D98: =ABS('2.1 Profit & Loss by component'!$F$26)*INDEX('2.2 Allocation to services'!$D$68:$D$77,MATCH('6. Pricing template'!B85,'2.2 Allocation to services'!$C$68:$C$77,0),1)/(Yearending-Yearstart)*365 -> 0 | E98: =IFERROR(C98/D98," - ") -> -
B99: Capacity trading service | C99: =IF(Cover!$C$23="Scheme pipeline",( '3.2 Regulatory Asset Base'!$H$95-'3.2 Regulatory Asset Base'!$H$94)*C28,('3.1 Depreciated Book Value'!$D$25+'3.1 Depreciated Book Value'!$D$33+'3.1 Depreciated Book Value'!$D$41+'3.1 Depreciated Book Value'!$D$49+'3.1 Depreciated Book Value'!$D$57+'3.1 Depreciated Book Value'!$D$65+'3.1 Depreciated Book Value'!$D$73+'3.1 Depreciated Book Value'!$D$88+'3.1 Depreciated Book Value'!$D$96)*C28) -> 53318.026 | D99: =ABS('2.1 Profit & Loss by component'!$F$26)*INDEX('2.2 Allocation to services'!$D$68:$D$77,MATCH('6. Pricing template'!B86,'2.2 Allocation to services'!$C$68:$C$77,0),1)/(Yearending-Yearstart)*365 -> 2375.0662 | E99: =IFERROR(C99/D99," - ") -> 22.449069
B100: In pipe trading service | C100: =IF(Cover!$C$23="Scheme pipeline",( '3.2 Regulatory Asset Base'!$H$95-'3.2 Regulatory Asset Base'!$H$94)*C29,('3.1 Depreciated Book Value'!$D$25+'3.1 Depreciated Book Value'!$D$33+'3.1 Depreciated Book Value'!$D$41+'3.1 Depreciated Book Value'!$D$49+'3.1 Depreciated Book Value'!$D$57+'3.1 Depreciated Book Value'!$D$65+'3.1 Depreciated Book Value'!$D$73+'3.1 Depreciated Book Value'!$D$88+'3.1 Depreciated Book Value'!$D$96)*C29) -> 0 | D100: =ABS('2.1 Profit & Loss by component'!$F$26)*INDEX('2.2 Allocation to services'!$D$68:$D$77,MATCH('6. Pricing template'!B87,'2.2 Allocation to services'!$C$68:$C$77,0),1)/(Yearending-Yearstart)*365 -> 0 | E100: =IFERROR(C100/D100," - ") -> -
B101: Other | C101: =IF(Cover!$C$23="Scheme pipeline",( '3.2 Regulatory Asset Base'!$H$95-'3.2 Regulatory Asset Base'!$H$94)*C30,('3.1 Depreciated Book Value'!$D$25+'3.1 Depreciated Book Value'!$D$33+'3.1 Depreciated Book Value'!$D$41+'3.1 Depreciated Book Value'!$D$49+'3.1 Depreciated Book Value'!$D$57+'3.1 Depreciated Book Value'!$D$65+'3.1 Depreciated Book Value'!$D$73+'3.1 Depreciated Book Value'!$D$88+'3.1 Depreciated Book Value'!$D$96)*C30) -> 0 | D101: =ABS('2.1 Profit & Loss by component'!$F$26)*INDEX('2.2 Allocation to services'!$D$68:$D$77,MATCH('6. Pricing template'!B88,'2.2 Allocation to services'!$C$68:$C$77,0),1)/(Yearending-Yearstart)*365 -> 0 | E101: =IFERROR(C101/D101," - ") -> -
B103: 30-31. Depreciation on (total: direct and shared/direct) assets per unit of capacity | C103: Total asset depreciation in Table 2.1.1 | D103: Direct asset depreciation in Table 2.1.1 | E103: Capacity denominator (report period) TJ | F103: Total asset depreciation per capacity denominator | G103: Direct asset depreciation per capacity denominator
B104: Firm forward haul transportation service | C104: =ABS('2.1 Profit & Loss by component'!$F$26+'2.1 Profit & Loss by component'!$F$37)*INDEX('2.2 Allocation to services'!$D$68:$D$77,MATCH(B104,'2.2 Allocation to services'!$C$68:$C$77,0),1) -> 1185675.1 | D104: =ABS('2.1 Profit & Loss by component'!$F$26*INDEX('2.2 Allocation to services'!$D$68:$D$77,MATCH(B104,'2.2 Allocation to services'!$C$68:$C$77,0),1)) -> 1040221.4 | E104: =INDEX('5. Historical demand'!$C$26:$C$35,MATCH(B104,'5. Historical demand'!$B$26:$B$35,0),1)*(Yearending-Yearstart) -> 703.19415 | F104: =IFERROR(C104/(E104*1000)," - ") -> 1.6861277 | G104: =IFERROR(D104/(E104*1000)," - ") -> 1.4792805
B105: Backhaul service | C105: =ABS('2.1 Profit & Loss by component'!$F$26+'2.1 Profit & Loss by component'!$F$37)*INDEX('2.2 Allocation to services'!$D$68:$D$77,MATCH(B105,'2.2 Allocation to services'!$C$68:$C$77,0),1) -> 0 | D105: =ABS('2.1 Profit & Loss by component'!$F$26*INDEX('2.2 Allocation to services'!$D$68:$D$77,MATCH(B105,'2.2 Allocation to services'!$C$68:$C$77,0),1)) -> 0 | E105: =INDEX('5. Historical demand'!$C$26:$C$35,MATCH(B105,'5. Historical demand'!$B$26:$B$35,0),1)*(Yearending-Yearstart) -> 0 | F105: =IFERROR(C105/(E105*1000)," - ") -> - | G105: =IFERROR(D105/(E105*1000)," - ") -> -
B106: Interruptible or as available transportation service | C106: =ABS('2.1 Profit & Loss by component'!$F$26+'2.1 Profit & Loss by component'!$F$37)*INDEX('2.2 Allocation to services'!$D$68:$D$77,MATCH(B106,'2.2 Allocation to services'!$C$68:$C$77,0),1) -> 0 | D106: =ABS('2.1 Profit & Loss by component'!$F$26*INDEX('2.2 Allocation to services'!$D$68:$D$77,MATCH(B106,'2.2 Allocation to services'!$C$68:$C$77,0),1)) -> 0 | E106: =INDEX('5. Historical demand'!$C$26:$C$35,MATCH(B106,'5. Historical demand'!$B$26:$B$35,0),1)*(Yearending-Yearstart) -> 0 | F106: =IFERROR(C106/(E106*1000)," - ") -> - | G106: =IFERROR(D106/(E106*1000)," - ") -> -
B107: Firm stand-alone compression service | C107: =ABS('2.1 Profit & Loss by component'!$F$26+'2.1 Profit & Loss by component'!$F$37)*INDEX('2.2 Allocation to services'!$D$68:$D$77,MATCH(B107,'2.2 Allocation to services'!$C$68:$C$77,0),1) -> 0 | D107: =ABS('2.1 Profit & Loss by component'!$F$26*INDEX('2.2 Allocation to services'!$D$68:$D$77,MATCH(B107,'2.2 Allocation to services'!$C$68:$C$77,0),1)) -> 0 | E107: =INDEX('5. Historical demand'!$C$26:$C$35,MATCH(B107,'5. Historical demand'!$B$26:$B$35,0),1)*(Yearending-Yearstart) -> 0 | F107: =IFERROR(C107/(E107*1000)," - ") -> - | G107: =IFERROR(D107/(E107*1000)," - ") -> -
B108: Interruptible or as available stand-alone compression service | C108: =ABS('2.1 Profit & Loss by component'!$F$26+'2.1 Profit & Loss by component'!$F$37)*INDEX('2.2 Allocation to services'!$D$68:$D$77,MATCH(B108,'2.2 Allocation to services'!$C$68:$C$77,0),1) -> 0 | D108: =ABS('2.1 Profit & Loss by component'!$F$26*INDEX('2.2 Allocation to services'!$D$68:$D$77,MATCH(B108,'2.2 Allocation to services'!$C$68:$C$77,0),1)) -> 0 | E108: =INDEX('5. Historical demand'!$C$26:$C$35,MATCH(B108,'5. Historical demand'!$B$26:$B$35,0),1)*(Yearending-Yearstart) -> 0 | F108: =IFERROR(C108/(E108*1000)," - ") -> - | G108: =IFERROR(D108/(E108*1000)," - ") -> -
B109: Park service | C109: =ABS('2.1 Profit & Loss by component'!$F$26+'2.1 Profit & Loss by component'!$F$37)*INDEX('2.2 Allocation to services'!$D$68:$D$77,MATCH(B109,'2.2 Allocation to services'!$C$68:$C$77,0),1) -> 0 | D109: =ABS('2.1 Profit & Loss by component'!$F$26*INDEX('2.2 Allocation to services'!$D$68:$D$77,MATCH(B109,'2.2 Allocation to services'!$C$68:$C$77,0),1)) -> 0 | E109: =INDEX('5. Historical demand'!$C$26:$C$35,MATCH(B109,'5. Historical demand'!$B$26:$B$35,0),1)*(Yearending-Yearstart) -> 0 | F109: =IFERROR(C109/(E109*1000)," - ") -> - | G109: =IFERROR(D109/(E109*1000)," - ") -> -
B110: Park and loan services | C110: =ABS('2.1 Profit & Loss by component'!$F$26+'2.1 Profit & Loss by component'!$F$37)*INDEX('2.2 Allocation to services'!$D$68:$D$77,MATCH(B110,'2.2 Allocation to services'!$C$68:$C$77,0),1) -> 0 | D110: =ABS('2.1 Profit & Loss by component'!$F$26*INDEX('2.2 Allocation to services'!$D$68:$D$77,MATCH(B110,'2.2 Allocation to services'!$C$68:$C$77,0),1)) -> 0 | E110: =INDEX('5. Historical demand'!$C$26:$C$35,MATCH(B110,'5. Historical demand'!$B$26:$B$35,0),1)*(Yearending-Yearstart) -> 0 | F110: =IFERROR(C110/(E110*1000)," - ") -> - | G110: =IFERROR(D110/(E110*1000)," - ") -> -
B111: Capacity trading service | C111: =ABS('2.1 Profit & Loss by component'!$F$26+'2.1 Profit & Loss by component'!$F$37)*INDEX('2.2 Allocation to services'!$D$68:$D$77,MATCH(B111,'2.2 Allocation to services'!$C$68:$C$77,0),1) -> 2699.7539 | D111: =ABS('2.1 Profit & Loss by component'!$F$26*INDEX('2.2 Allocation to services'!$D$68:$D$77,MATCH(B111,'2.2 Allocation to services'!$C$68:$C$77,0),1)) -> 2368.5592 | E111: =INDEX('5. Historical demand'!$C$26:$C$35,MATCH(B111,'5. Historical demand'!$B$26:$B$35,0),1)*(Yearending-Yearstart) -> 0 | F111: =IFERROR(C111/(E111*1000)," - ") -> - | G111: =IFERROR(D111/(E111*1000)," - ") -> -
B112: In pipe trading service | C112: =ABS('2.1 Profit & Loss by component'!$F$26+'2.1 Profit & Loss by component'!$F$37)*INDEX('2.2 Allocation to services'!$D$68:$D$77,MATCH(B112,'2.2 Allocation to services'!$C$68:$C$77,0),1) -> 0 | D112: =ABS('2.1 Profit & Loss by component'!$F$26*INDEX('2.2 Allocation to services'!$D$68:$D$77,MATCH(B112,'2.2 Allocation to services'!$C$68:$C$77,0),1)) -> 0 | E112: =INDEX('5. Historical demand'!$C$26:$C$35,MATCH(B112,'5. Historical demand'!$B$26:$B$35,0),1)*(Yearending-Yearstart) -> 0 | F112: =IFERROR(C112/(E112*1000)," - ") -> - | G112: =IFERROR(D112/(E112*1000)," - ") -> -
B113: Other | C113: =ABS('2.1 Profit & Loss by component'!$F$26+'2.1 Profit & Loss by component'!$F$37)*INDEX('2.2 Allocation to services'!$D$68:$D$77,MATCH(B113,'2.2 Allocation to services'!$C$68:$C$77,0),1) -> 0 | D113: =ABS('2.1 Profit & Loss by component'!$F$26*INDEX('2.2 Allocation to services'!$D$68:$D$77,MATCH(B113,'2.2 Allocation to services'!$C$68:$C$77,0),1)) -> 0 | E113: =INDEX('5. Historical demand'!$C$26:$C$35,MATCH(B113,'5. Historical demand'!$B$26:$B$35,0),1)*(Yearending-Yearstart) -> 0 | F113: =IFERROR(C113/(E113*1000)," - ") -> - | G113: =IFERROR(D113/(E113*1000)," - ") -> -
B115: 32. Estimated RCM depreciation per unit of capacity | C115: Closing asset value based on Table 4.1 | D115: Estimated remaining asset life | E115: Estimated yearly depreciation | F115: Capacity denominator (report period) TJ | G115: Depreciation of RCM asset value per capacity denominator
B116: Firm forward haul transportation service | C116: ='4. Recovered Capital'!$E$37*C21 -> 0 | D116: =E92 -> 22.449069 | E116: =IFERROR(C116/D116, " - ") -> 0 | F116: =INDEX('5. Historical demand'!$C$26:$C$35,MATCH(B116,'5. Historical demand'!$B$26:$B$35,0),1)*(Yearending-Yearstart) -> 703.19415 | G116: =IFERROR(E116/(E104*1000), " - ") -> 0
B117: Backhaul service | C117: ='4. Recovered Capital'!$E$37*C22 -> 0 | D117: =E93 -> - | E117: =IFERROR(C117/D117, " - ") -> - | F117: =INDEX('5. Historical demand'!$C$26:$C$35,MATCH(B117,'5. Historical demand'!$B$26:$B$35,0),1)*(Yearending-Yearstart) -> 0 | G117: =IFERROR(E117/(E105*1000), " - ") -> -
B118: Interruptible or as available transportation service | C118: ='4. Recovered Capital'!$E$37*C23 -> 0 | D118: =E94 -> - | E118: =IFERROR(C118/D118, " - ") -> - | F118: =INDEX('5. Historical demand'!$C$26:$C$35,MATCH(B118,'5. Historical demand'!$B$26:$B$35,0),1)*(Yearending-Yearstart) -> 0 | G118: =IFERROR(E118/(E106*1000), " - ") -> -
B119: Firm stand-alone compression service | C119: ='4. Recovered Capital'!$E$37*C24 -> 0 | D119: =E95 -> - | E119: =IFERROR(C119/D119, " - ") -> - | F119: =INDEX('5. Historical demand'!$C$26:$C$35,MATCH(B119,'5. Historical demand'!$B$26:$B$35,0),1)*(Yearending-Yearstart) -> 0 | G119: =IFERROR(E119/(E107*1000), " - ") -> -
B120: Interruptible or as available stand-alone compression service | C120: ='4. Recovered Capital'!$E$37*C25 -> 0 | D120: =E96 -> - | E120: =IFERROR(C120/D120, " - ") -> - | F120: =INDEX('5. Historical demand'!$C$26:$C$35,MATCH(B120,'5. Historical demand'!$B$26:$B$35,0),1)*(Yearending-Yearstart) -> 0 | G120: =IFERROR(E120/(E108*1000), " - ") -> -
...

Sheet 7. Amendment record
A1: Date | B1: AER amendment# | C1: Worksheet | D1: Table | E1: Cell | F1: Change | G1: Reason
A2: 45775 | B2: 1 | C2: Cover | E2: Column C, D, E, F, I, J, K | F2: adjust column width to allow more characters | G2: the restricted cell space precludes the complete display of service provider name
A3: 45775 | B3: 2 | C3: 1. Pipeline information | D3: Table 1.1: Pipeline details | E3: C16 | F3: change the format of cell C16 from “date” to “number” | G3: this cell currently displays # symbols instead of a number
A4: 45775 | B4: 3 | C4: 2. Revenue and expenses | D4: Table 2.1: Statement of pipeline revenue and expenses by service | E4: D12-D21, F12-F21 | F4: update the formula | G4: #N/A in the cells cause the sum formula in cells D22/F22 to return an error

Sheet E1. Revenue Data (NIU)
A1: Report | B1: APA FIN - JOURNAL LINE TRANSACTION DETAILS
A2: Multi Company Filter | B2: C009 APT PIPELINES (NSW) PTY LIMITED
A3: Company | B3: APA INFRA CONSOLIDATION HIERARCHY
A4: Ledger | B4: ACTUALS
A5: Year | B5: 2025
A6: Book | B6: COMMON
A7: Period | B7: 2025 - P12 JUN
A8: Ledger accounts | B8: 4000: OPERATING REVENUE
A9: Report last ran on | B9: 45960
A10: Source: | B10: =#REF! -> #REF!
A13: Journal | B13: Journal Number | C13: Company | D13: Intercompany Initiating Company | E13: Status | F13: Journal Accounting period | G13: Accounting Date | H13: Source | I13: Accrual Journal | J13: Ledger | K13: Ledger Summary Level 08 | L13: Ledger Account | M13: Included By Cash Flow Ledger Account Summary | N13: Transaction Debit Amount | O13: Transaction Credit Amount | P13: Transaction Currency | Q13: Ledger Debit Amount | R13: Ledger Credit Amount | S13: Ledger/Budget Debit minus Credit | T13: Ledger Currency | U13: Line Memo | V13: External Reference ID | W13: Match ID | X13: APA Asset | Y13: Book Code | Z13: Intercompany Affiliate | AA13: Cost Center | AB13: Activity | AC13: Project | AD13: Project Task | AE13: Project Plan Phase | AF13: Project Plan Task | AG13: Project Role | AH13: Customer | AI13: Operational Transaction | AJ13: Purchase Order Line | AK13: Revenue Category | AL13: Part 10 Classification | AM13: Sales Item | AN13: Supplier | AO13: Spend Category | AP13: Expense Report | AQ13: Regulatory Status | AR13: Created by | AS13: Created Moment
A14: JNL-00090473 - C009 APT PIPELINES (NSW) PTY LIMITED - 01/07/2024 - EC MAS Revenue accruals - June24 (Reversal) | B14: JNL-00090473 | C14: C009 APT PIPELINES (NSW) PTY LIMITED | D14: C003 APA INFRASTRUCTURE LIMITED | E14: Posted | F14: 2024-07 | G14: 45474 | H14: Manual Journal | I14: FALSE | J14: Actuals | L14: 4000:OPERATING REVENUE | M14: Workday: Receipts from Customers | N14: 980.55 | O14: 0 | P14: AUD | Q14: 980.55 | R14: 0 | S14: 980.55 | T14: AUD | U14: 2024-06 Capacity Trading Participation Charge CWP | X14: A201 Central West Pipeline | AA14: 800042 CENTRAL WEST PIPELINE (CWP)_GENERAL (C009) | AH14: C-0090205 Alinta Energy Retail Sales 85465 GTA | AK14: RC0056 CAPACITY TRADING - MINIMUM BILL PARTICIPANT FEE | AL14: Capacity trading service | AM14: Capacity Trading - Minimum Bill | AQ14: Light Regulation | AR14: Ravi Yenamandra | AS14: 45476.08
A15: JNL-00090473 - C009 APT PIPELINES (NSW) PTY LIMITED - 01/07/2024 - EC MAS Revenue accruals - June24 (Reversal) | B15: JNL-00090473 | C15: C009 APT PIPELINES (NSW) PTY LIMITED | D15: C003 APA INFRASTRUCTURE LIMITED | E15: Posted | F15: 2024-07 | G15: 45474 | H15: Manual Journal | I15: FALSE | J15: Actuals | L15: 4000:OPERATING REVENUE | M15: Workday: Receipts from Customers | N15: 54882.66 | O15: 0 | P15: AUD | Q15: 54882.66 | R15: 0 | S15: 54882.66 | T15: AUD | U15: 2024-06 CWP CRP Service | X15: A201 Central West Pipeline | AA15: 800042 CENTRAL WEST PIPELINE (CWP)_GENERAL (C009) | AH15: C-0090205 Alinta Energy Retail Sales 85465 GTA | AK15: RC0076 PIPELINE - THROUGHPUT | AL15: Interruptible or as available transportation service | AM15: Throughput Charge Variable - STP | AQ15: Light Regulation | AR15: Ravi Yenamandra | AS15: 45476.08
A16: JNL-00090473 - C009 APT PIPELINES (NSW) PTY LIMITED - 01/07/2024 - EC MAS Revenue accruals - June24 (Reversal) | B16: JNL-00090473 | C16: C009 APT PIPELINES (NSW) PTY LIMITED | D16: C003 APA INFRASTRUCTURE LIMITED | E16: Posted | F16: 2024-07 | G16: 45474 | H16: Manual Journal | I16: FALSE | J16: Actuals | L16: 4000:OPERATING REVENUE | M16: Workday: Receipts from Customers | N16: 2253.48 | O16: 0 | P16: AUD | Q16: 2253.48 | R16: 0 | S16: 2253.48 | T16: AUD | U16: 2024-06 CWP Service | X16: A201 Central West Pipeline | AA16: 800042 CENTRAL WEST PIPELINE (CWP)_GENERAL (C009) | AH16: C-0090205 Alinta Energy Retail Sales 85465 GTA | AK16: RC0076 PIPELINE - THROUGHPUT | AL16: Interruptible or as available transportation service | AM16: Throughput Charge Variable - STP | AQ16: Light Regulation | AR16: Ravi Yenamandra | AS16: 45476.08
A17: JNL-00092086 - C009 APT PIPELINES (NSW) PTY LIMITED - 01/07/2024 - MSP MAS Revenue accrual - June24 (Reversal) | B17: JNL-00092086 | C17: C009 APT PIPELINES (NSW) PTY LIMITED | D17: C003 APA INFRASTRUCTURE LIMITED | E17: Posted | F17: 2024-07 | G17: 45474 | H17: Manual Journal | I17: FALSE | J17: Actuals | L17: 4000:OPERATING REVENUE | M17: Workday: Receipts from Customers | N17: 227434.11 | O17: 0 | P17: AUD | Q17: 227434.11 | R17: 0 | S17: 227434.11 | T17: AUD | U17: MSP OREN 109990 CWP Throughput Charge | X17: A201 Central West Pipeline | AA17: 800042 CENTRAL WEST PIPELINE (CWP)_GENERAL (C009) | AH17: C-0109990 Origin GTA 2023 | AK17: RC0076 PIPELINE - THROUGHPUT | AL17: Interruptible or as available transportation service | AM17: Throughput Charge Variable - STP | AQ17: Light Regulation | AR17: Ravi Yenamandra | AS17: 45476.732
A18: JNL-00092086 - C009 APT PIPELINES (NSW) PTY LIMITED - 01/07/2024 - MSP MAS Revenue accrual - June24 (Reversal) | B18: JNL-00092086 | C18: C009 APT PIPELINES (NSW) PTY LIMITED | D18: C003 APA INFRASTRUCTURE LIMITED | E18: Posted | F18: 2024-07 | G18: 45474 | H18: Manual Journal | I18: FALSE | J18: Actuals | L18: 4000:OPERATING REVENUE | M18: Workday: Receipts from Customers | N18: 138884.42 | O18: 0 | P18: AUD | Q18: 138884.42 | R18: 0 | S18: 138884.42 | T18: AUD | U18: CWP Marsden Service | X18: A201 Central West Pipeline | AA18: 800042 CENTRAL WEST PIPELINE (CWP)_GENERAL (C009) | AH18: C-0054325 MAS AGL Wholesale Gas Limited | AK18: RC0076 PIPELINE - THROUGHPUT | AL18: Interruptible or as available transportation service | AM18: Throughput Charge Variable - STP | AQ18: Light Regulation | AR18: Ravi Yenamandra | AS18: 45476.732
A19: JNL-00120724 - C009 APT PIPELINES (NSW) PTY LIMITED - 24/07/2024 - MSP MAS Revenue Trf - June24 | B19: JNL-00120724 | C19: C009 APT PIPELINES (NSW) PTY LIMITED | D19: C016 EAST AUSTRALIAN PIPELINE PTY LIMITED | E19: Posted | F19: 2024-07 | G19: 45497 | H19: Manual Journal | I19: FALSE | J19: Actuals | L19: 4000:OPERATING REVENUE | M19: Workday: Receipts from Customers | N19: 0 | O19: 780.7 | P19: AUD | Q19: 0 | R19: 780.7 | S19: -780.7 | T19: AUD | U19: CWP Marsden: Receipt | X19: A201 Central West Pipeline | AA19: 800042 CENTRAL WEST PIPELINE (CWP)_GENERAL (C009) | AH19: C-0033021 COVAU MAS 33021 | AK19: RC0076 PIPELINE - THROUGHPUT | AL19: Interruptible or as available transportation service | AM19: Throughput Charge Variable - STP | AQ19: Light Regulation | AR19: Ravi Yenamandra | AS19: 45504.402
A20: JNL-00120724 - C009 APT PIPELINES (NSW) PTY LIMITED - 24/07/2024 - MSP MAS Revenue Trf - June24 | B20: JNL-00120724 | C20: C009 APT PIPELINES (NSW) PTY LIMITED | D20: C016 EAST AUSTRALIAN PIPELINE PTY LIMITED | E20: Posted | F20: 2024-07 | G20: 45497 | H20: Manual Journal | I20: FALSE | J20: Actuals | L20: 4000:OPERATING REVENUE | M20: Workday: Receipts from Customers | N20: 0 | O20: 221278.92 | P20: AUD | Q20: 0 | R20: 221278.92 | S20: -221278.92 | T20: AUD | U20: MSP OREN 109990 CWP Throughput Charge | X20: A201 Central West Pipeline | AA20: 800042 CENTRAL WEST PIPELINE (CWP)_GENERAL (C009) | AH20: C-0109990 Origin GTA 2023 | AK20: RC0076 PIPELINE - THROUGHPUT | AL20: Interruptible or as available transportation service | AM20: Throughput Charge Variable - STP | AQ20: Light Regulation | AR20: Ravi Yenamandra | AS20: 45504.402
A21: JNL-00120724 - C009 APT PIPELINES (NSW) PTY LIMITED - 24/07/2024 - MSP MAS Revenue Trf - June24 | B21: JNL-00120724 | C21: C009 APT PIPELINES (NSW) PTY LIMITED | D21: C016 EAST AUSTRALIAN PIPELINE PTY LIMITED | E21: Posted | F21: 2024-07 | G21: 45497 | H21: Manual Journal | I21: FALSE | J21: Actuals | L21: 4000:OPERATING REVENUE | M21: Workday: Receipts from Customers | N21: 0 | O21: 142876.54 | P21: AUD | Q21: 0 | R21: 142876.54 | S21: -142876.54 | T21: AUD | U21: CWP Marsden Service | X21: A201 Central West Pipeline | AA21: 800042 CENTRAL WEST PIPELINE (CWP)_GENERAL (C009) | AH21: C-0054325 MAS AGL Wholesale Gas Limited | AK21: RC0076 PIPELINE - THROUGHPUT | AL21: Interruptible or as available transportation service | AM21: Throughput Charge Variable - STP | AQ21: Light Regulation | AR21: Ravi Yenamandra | AS21: 45504.402
A22: JNL-00121964 - C009 APT PIPELINES (NSW) PTY LIMITED - 26/07/2024 - EC MAS Revenue Trf - JUNE24 | B22: JNL-00121964 | C22: C009 APT PIPELINES (NSW) PTY LIMITED | D22: C003 APA INFRASTRUCTURE LIMITED | E22: Posted | F22: 2024-07 | G22: 45499 | H22: Manual Journal | I22: FALSE | J22: Actuals | L22: 4000:OPERATING REVENUE | M22: Workday: Receipts from Customers | N22: 0 | O22: 54882.66 | P22: AUD | Q22: 0 | R22: 54882.66 | S22: -54882.66 | T22: AUD | U22: 2024-06 CWP CRP Service | X22: A201 Central West Pipeline | AA22: 800042 CENTRAL WEST PIPELINE (CWP)_GENERAL (C009) | AH22: C-0090205 Alinta Energy Retail Sales 85465 GTA | AK22: RC0076 PIPELINE - THROUGHPUT | AL22: Interruptible or as available transportation service | AM22: Throughput Charge Variable - STP | AQ22: Light Regulation | AR22: Ravi Yenamandra | AS22: 45504.687
A23: JNL-00121964 - C009 APT PIPELINES (NSW) PTY LIMITED - 26/07/2024 - EC MAS Revenue Trf - JUNE24 | B23: JNL-00121964 | C23: C009 APT PIPELINES (NSW) PTY LIMITED | D23: C003 APA INFRASTRUCTURE LIMITED | E23: Posted | F23: 2024-07 | G23: 45499 | H23: Manual Journal | I23: FALSE | J23: Actuals | L23: 4000:OPERATING REVENUE | M23: Workday: Receipts from Customers | N23: 0 | O23: 3776.9 | P23: AUD | Q23: 0 | R23: 3776.9 | S23: -3776.9 | T23: AUD | U23: 2024-06 CWP Service | X23: A201 Central West Pipeline | AA23: 800042 CENTRAL WEST PIPELINE (CWP)_GENERAL (C009) | AH23: C-0090205 Alinta Energy Retail Sales 85465 GTA | AK23: RC0076 PIPELINE - THROUGHPUT | AL23: Interruptible or as available transportation service | AM23: Throughput Charge Variable - STP | AQ23: Light Regulation | AR23: Ravi Yenamandra | AS23: 45504.687
A24: JNL-00121964 - C009 APT PIPELINES (NSW) PTY LIMITED - 26/07/2024 - EC MAS Revenue Trf - JUNE24 | B24: JNL-00121964 | C24: C009 APT PIPELINES (NSW) PTY LIMITED | D24: C003 APA INFRASTRUCTURE LIMITED | E24: Posted | F24: 2024-07 | G24: 45499 | H24: Manual Journal | I24: FALSE | J24: Actuals | L24: 4000:OPERATING REVENUE | M24: Workday: Receipts from Customers | N24: 0 | O24: 980.55 | P24: AUD | Q24: 0 | R24: 980.55 | S24: -980.55 | T24: AUD | U24: 2024-06 Capacity Trading Participation Charge CWP | X24: A201 Central West Pipeline | AA24: 800042 CENTRAL WEST PIPELINE (CWP)_GENERAL (C009) | AH24: C-0090205 Alinta Energy Retail Sales 85465 GTA | AK24: RC0056 CAPACITY TRADING - MINIMUM BILL PARTICIPANT FEE | AL24: Capacity trading service | AM24: Capacity Trading - Minimum Bill | AQ24: Light Regulation | AR24: Ravi Yenamandra | AS24: 45504.687
A25: JNL-00128419 - C009 APT PIPELINES (NSW) PTY LIMITED - 31/07/2024 - EC MAS Revenue accruals - July24 | B25: JNL-00128419 | C25: C009 APT PIPELINES (NSW) PTY LIMITED | D25: C003 APA INFRASTRUCTURE LIMITED | E25: Posted | F25: 2024-07 | G25: 45504 | H25: Manual Journal | I25: TRUE | J25: Actuals | L25: 4000:OPERATING REVENUE | M25: Workday: Receipts from Customers | N25: 0 | O25: 51080.79 | P25: AUD | Q25: 0 | R25: 51080.79 | S25: -51080.79 | T25: AUD | U25: 2024-07 CWP CRP Service | X25: A201 Central West Pipeline | AA25: 800042 CENTRAL WEST PIPELINE (CWP)_GENERAL (C009) | AH25: C-0090205 Alinta Energy Retail Sales 85465 GTA | AK25: RC0076 PIPELINE - THROUGHPUT | AL25: Interruptible or as available transportation service | AM25: Throughput Charge Variable - STP | AQ25: Light Regulation | AR25: Ravi Yenamandra | AS25: 45509.692
... A268: JNL-00456480 - C009 APT PIPELINES (NSW) PTY LIMITED - 30/06/2025 - MSP MAS Revenue accrual - June25 | B268: JNL-00456480 | C268: C009 APT PIPELINES (NSW) PTY LIMITED | D268: C003 APA INFRASTRUCTURE LIMITED | E268: Posted | F268: 2025-06 | G268: 45838 | H268: Manual Journal | I268: TRUE | J268: Actuals | L268: 4000:OPERATING REVENUE | M268: Workday: Receipts from Customers | N268: 0 | O268: 136144.02 | P268: AUD | Q268: 0 | R268: 136144.02 | S268: -136144.02 | T268: AUD | U268: MSP OREN 109990 CRP Throughput Charge | X268: A201 Central West Pipeline | AA268: 800042 CENTRAL WEST PIPELINE (CWP)_GENERAL (C009) | AH268: C-0109990 Origin GTA 2023 | AK268: RC0076 PIPELINE - THROUGHPUT | AL268: Interruptible or as available transportation service | AM268: Throughput Charge Variable - STP | AQ268: Light Regulation | AR268: Ravi Yenamandra | AS268: 45842.423

Sheet F2. PPE FY24
A1: =#REF! -> #REF!
B3: This has been extracted from the file as detailed below, which contains all workings for the determination of the Property, Plant and Equipment calculated on the basis of Appendix A lives per the Pipeline Information Disclosure Guideline.
B5: Summary of Capex and Accumulated depreciation which has been calculated on the basis of the statutory accounting lives, adopted by the APA Group.
B7: This information is for the tab called "3.1 Depreciated Book Value" for the purposes of including the FY24 comparatives.
B8: Please note that for the implementation of Part 10, the pipeline asset lives adopted for SWQP PPE and associated assets were aligned with those used by the APA Group for statutory accounting purposes.
B9: In contrast, the lives adopted for Part 23 purposes were determined in accordance with the Appendix A of the Part 23 Guideline.
B10: Therefore, the information below is required for the comparative information.
A12: For Comparative purposes
A13: Property, Plant and Equipment - 30 June 2024
B15: Column AF | C15: ColumnL | D15: Opening cost | E15: Additions | F15: Additions - adj | G15: Disposals | H15: Closing cost | I15: Opening Accumulated Depreciation | J15: Depreciation expense | K15: Depreciation exp - disposal | L15: Closing Accumulated Depreciation | M15: Closing WDV
A16: N/A | B16: N/A | C16: C050 | D16: 0.03 | E16: 0 | F16: 0 | G16: 0 | H16: 0.03 | I16: 0.03 | J16: 0 | K16: 0 | L16: 0.03 | M16: 0
A17: Buildings | B17: Reg-Buildings-Buildings | C17: C050 | D17: 76379.44 | E17: 0 | F17: 0 | G17: 0 | H17: 76379.44 | I17: 73270.59 | J17: 354.4 | K17: 0 | L17: 73624.99 | M17: 2754.45
A18: City Gates, supply regulators and valve stations | B18: Reg-City Gates, supply regulators and valve stations-City Gates, supply regulators and valve stations | C18: C050 | D18: 835030.88 | E18: 0 | F18: 0 | G18: 0 | H18: 835030.88 | I18: 231700.82 | J18: 43036.86 | K18: 0 | L18: 274737.68 | M18: 560293.2
A19: Other depreciable pipeline assets | B19: Reg-IT systems-Other depreciable pipeline assets | C19: C050 | D19: 743635.69 | E19: 0 | F19: 0 | G19: 0 | H19: 743635.69 | I19: 702954.16 | J19: 7910.6 | K19: 0 | L19: 710864.76 | M19: 32770.93
A20: Metering | B20: Reg-Metering-Metering | C20: C050 | D20: 4565463.2 | E20: 0 | F20: 0 | G20: 0 | H20: 4565463.2 | I20: 2959261.2 | J20: 176437.99 | K20: 0 | L20: 3135699.2 | M20: 1429764
A21: Other depreciable pipeline assets | B21: Reg-Metering-Other depreciable pipeline assets | C21: C050 | D21: 51204.21 | E21: 0 | F21: 0 | G21: 0 | H21: 51204.21 | I21: 26796.76 | J21: 2044.37 | K21: 0 | L21: 28841.13 | M21: 22363.08
A22: Other depreciable pipeline assets | B22: Reg-Pipelines-Other depreciable pipeline assets | C22: C050 | D22: 411007.2 | E22: 3360 | F22: 0 | G22: 0 | H22: 414367.2 | I22: 314560.66 | J22: 29560.81 | K22: 0 | L22: 344121.47 | M22: 70245.73
A23: Pipelines | B23: Reg-Pipelines-Pipelines | C23: C050 | D23: 11274798 | E23: 1078977.5 | F23: -1078977.5 | G23: 0 | H23: 11274798 | I23: 7344921.3 | J23: 471434.41 | K23: 0 | L23: 7816355.7 | M23: 3458442.5
A24: SCADA (Communications) | B24: Reg-SCADA (Communications)-SCADA (Communications) | C24: C050 | D24: 1014487.8 | E24: 0 | F24: 0 | G24: 0 | H24: 1014487.8 | I24: 917524.39 | J24: 36512.89 | K24: 0 | L24: 954037.28 | M24: 60450.51
A25: Total | B25: (blank) | C25: (blank) | D25: 18972007 | E25: 1082337.5 | F25: -1078977.5 | G25: 0 | H25: 18975367 | I25: 12570990 | J25: 767292.33 | K25: 0 | L25: 13338282 | M25: 5637084.5
A28: Pipelines | B28: 1701:PROPERTY, PLANT AND EQUIPMENT - COST (CONTRA) | C28: C050 | D28: 0 | E28: 1078977.5 | H28: =SUM(D28:G28) -> 1078977.5 | L28: =SUM(I28:K28) -> 0 | M28: =SUM(H28,L28) -> 1078977.5
B30: Closing balance | D30: =SUM(D25,D28) -> 18972007 | E30: =SUM(E25,E28) -> 2161315 | F30: =SUM(F25,F28) -> -1078977.5 | G30: =SUM(G25,G28) -> 0 | H30: =SUM(H25,H28) -> 20054344 | I30: =SUM(I25,I28) -> 12570990 | J30: =SUM(J25,J28) -> 767292.33 | K30: =SUM(K25,K28) -> 0 | ... M30: =SUM(M25,M28) -> 6716062
H31: 0 | L31: 0 | M31: 0

Sheet F2. PPE Acquisition date
A1: Table 3.5.1: Pipeline Assets at Cost.
A2: The acquisition date range of items of property, plant and equipment is required to be reported as part of Table 3.5.1: Pipeline Assets at Cost.
A4: The reported date range required to be reflected will be the year in which GDI was acquired from APA, through to the most recent year in which assets were capitalised.
G5: FY25 Movement | I5: Date range of required to be reported
A7: Pipelines | G7: =#REF! -> #REF! | I7: 2011 - 2025
A8: Compressors | G8: =#REF! -> #REF! | I8: N/a
A9: City Gates, supply regulators and valve stations | G9: =#REF! -> #REF! | I9: 2011 - 2025
A10: Metering | G10: =#REF! -> #REF! | I10: 2011 - 2025
A11: Odourant plants | G11: =#REF! -> #REF! | I11: N/a
A12: SCADA (Communications) | G12: =#REF! -> #REF! | I12: N/a
A13: Buildings | G13: =#REF! -> #REF! | I13: 2011 - 2025
A14: Land and easements | G14: =#REF! -> #REF! | I14: 2011 - ??
A15: Other depreciable pipeline assets | G15: =#REF! -> #REF! | I15: 2011 - 2025
A16: Leased asset | I16: N/a
G17: =SUM(G7:G15) -> #REF!
L31: Acquistion of Allgas By GDI (EII) Pty Limited on | Q31: 14/12/2011 | R31: 2011

Sheet G3. Leased asset
B1: =MID(CELL("filename",B1),FIND("]",CELL("filename",B1))+1,255) -> G3. Leased asset | H1: blue highlights below indicates which numbers are used in the reporting tabs
B3: The info below was extracted from schedule located as follows:
B4: X:\Finance\Reg Shared Corp Asset\FY25\Leased Assets
D6: Opening WDV | E6: Adj to Opening Balance 1 July 2024 to agree to FS | F6: PROGEN Opening WDV 1 July 2024 | G6: R-O-U lease asset at beginning of period 1 July 2024 | H6: Additions in Period FY25 | I6: Terminations in period FY25 | J6: R-O-U lease asset at end of period 30 June 2025 | L6: R-O-U lease depreciation at beginning of period 1 July 2024 | M6: Depreciation in Period FY25 | N6: Terminations in period FY25 | O6: R-O-U lease depreciation at end of period 30 June 2025 | P6: Closing WDV 30 June 2025 | Q6: Interest Expense for Period (P&L) FY25
B7: B073 - 5057 | C7: SESA | D7: 396265.2 | E7: 0 | F7: 396265.2 | G7: 444445.48 | H7: 94.13 | I7: 0 | J7: 444539.61 | L7: -48180.28 | M7: -13671 | N7: 0 | O7: -61851.28 | P7: =J7+O7 -> 382688.33 | Q7: -11727.27
B8: B117 - 4007 | C8: BWP | D8: 0 | E8: 0 | F8: 0 | G8: 0 | H8: 0 | I8: 0 | J8: 0 | L8: 0 | M8: 0 | N8: 0 | O8: 0 | P8: =J8+O8 -> 0 | Q8: 0
B9: B160 - 4122 | C9: WGP | D9: 0 | E9: 0 | F9: 0 | G9: 0 | H9: 0 | I9: 0 | J9: 0 | L9: 0 | M9: 0 | N9: 0 | O9: 0 | P9: =J9+O9 -> 0 | Q9: 0
B10: B015 - 2000 | C10: MSP | D10: 1593942.8 | E10: 1814.89 | F10: View Details - Organisations and Business Names | G10: 2521839.1 | H10: 236675.79 | I10: -67944.36 | J10: 2690570.5 | L10: -926081.42 | M10: -474450.55 | N10: 67944.36 | O10: -1332587.6 | P10: 1357982.9 | Q10: -76657.25
B11: B154 - 4024 | C11: SWQP | D11: 281973.92 | E11: -298541.75 | F11: -16567.83 | G11: 492968.54 | H11: 72998.49 | I11: 298541.75 | J11: 864508.78 | L11: -509536.37 | M11: -115241.89 | N11: 0 | O11: -624778.26 | P11: 239730.52 | Q11: -5507.43
B12: B094 - 2002 | C12: CRP | D12: 143115.36 | E12: 0 | F12: 143115.36 | G12: 625400.93 | H12: 190208.71 | I12: -66876.54 | J12: 748733.1 | L12: -482285.57 | M12: -112589.16 | N12: 66876.54 | O12: -527998.19 | P12: 220734.91 | Q12: -13718.23
B14: Summary
B15: This summary feeds into Table 3.3.1: Pipeline assets at cost. We report the leased assets WDV at 1 July 2019 (when AASB 16 was implemented) as initial construction cost, subsequent additions, disposals, depreciation are reported accumulatively in table 3.1.1.
B16: FY25 Info Link
B17: FY24 info link | C17: Z:\Finance\Reg Shared Corp Asset\FY24\Leased Assets FY24\Shared AASB 16 Leased Assets FY24.xlsx
B18: FY23 Info Link | C18: ..\..\..\..\Reg Shared Corp Asset\FY23\Leased Assets FY23\Shared AASB 16 Leased Assets FY23.xlsx
B19: FY22 Info Link | C19: ..\..\..\..\Reg Shared Corp Asset\FY22\Leased Assets FY22\Shared AASB 16 Leased Assets FY22.xlsx
B20: FY21 Info Link | C20: ..\..\..\..\Reg Shared Corp Asset\FY21\Leased Assets FY21\Shared AASB 16 Leased Assets FY21 incl all Saas Cost in FY21 Part 23 and Part7.xlsx
B21: FY20 Info Link | C21: ..\..\..\FY2020\3. Non Scheme Financial Reporting Template\7. PPS\pps-2020-part-23-financial-reporting (support file).xls
D22: Opening WDV per Part 10 reporting | E22: Adjustment to agree to Opening balance | G22: R-O-U lease asset at beginning of period | H22: Additions in Period | I22: Terminations in period | J22: R-O-U lease asset at end of period | L22: R-O-U lease depreciation at beginning of period | M22: Adjustment to depreciationto align with prior period balance | N22: Depreciation in Period | O22: Terminations in period | P22: R-O-U lease depreciation at end of period | Q22: Closing WDV for Part 10 reporting | S22: Interest Expense for Period (P&L)
B23: A201 - G604 | C23: CWP | D23: 0 | G23: 0 | H23: 183375.09 | I23: 0 | J23: =SUM(G23:I23) -> 183375.09 | L23: 0 | N23: -5137.83 | O23: 0 | P23: =SUM(L23:O23) -> -5137.83 | Q23: =SUM(J23,P23) -> 178237.26 | S23: -1853.59 | U23: FY20
B24: A201 - G604 | C24: CWP | D24: 178237.26 | G24: 183375.09 | H24: 0 | I24: 0 | J24: =SUM(G24:I24) -> 183375.09 | L24: -5137.83 | N24: -6040.8 | O24: 0 | P24: =SUM(L24:O24) -> -11178.63 | Q24: =SUM(J24,P24) -> 172196.46 | S24: -4860.25 | U24: FY21
B25: A201 - G604 | C25: CWP | D25: 172196.46 | G25: =J24 -> 183375.09 | H25: 0 | I25: 0 | J25: =SUM(G25:I25) -> 183375.09 | K25: 0 | L25: =P24 -> -11178.63 | M25: -4967.76 | N25: -11008.56 | O25: 0 | P25: =SUM(L25:O25) -> -27154.95 | Q25: =SUM(J25,P25) -> 156220.14 | S25: -4648.44 | U25: FY22
B26: A201 - G604 | C26: CWP | D26: =Q25 -> 156220.14 | G26: =J25 -> 183375.09 | H26: -39302.54 | I26: 0 | J26: =SUM(G26:I26) -> 144072.55 | L26: =P25 -> -27154.95 | N26: -10698.57 | O26: 0 | P26: =SUM(L26:O26) -> -37853.52 | Q26: =SUM(J26,P26) -> 106219.03 | S26: -4091.15 | U26: FY23 | V26: =$B$35 -> Note 1
B27: A201 - G604 | C27: CWP | D27: =Q26 -> 106219.03 | G27: =J26 -> 144072.55 | H27: 300372.93 | I27: 0 | J27: =SUM(G27:I27) -> 444445.48 | L27: =P26 -> -37853.52 | N27: -10326.76 | O27: 0 | P27: =SUM(L27:O27) -> -48180.28 | Q27: =SUM(J27,P27) -> 396265.2 | S27: -4852.06 | U27: FY24
B28: A201 - G604 | C28: CWP | D28: =Q27 -> 396265.2 | G28: =J27 -> 444445.48 | H28: =H7 -> 94.13 | I28: =I7 -> 0 | J28: =SUM(G28:I28) -> 444539.61 | L28: =P27 -> -48180.28 | N28: =M7 -> -13671 | O28: =N11 -> 0 | P28: =SUM(L28:O28) -> -61851.28 | Q28: =SUM(J28,P28) -> 382688.33 | S28: =Q11 -> -5507.43 | U28: FY25
B30: Total | D30: =D23 -> 0 | H30: =SUM(H23:H29) -> 444539.61 | I30: =SUM(I23:I29) -> 0 | J30: =SUM(D30:I30) -> 444539.61 | M30: =SUM(M23:M28) -> -4967.76 | N30: =SUM(N23:N29) -> -56883.52 | O30: =SUM(O23:O29) -> 0 | Q30: =SUM(J30,M30:O30) -> 382688.33 | T30: =SUM(M30,Q30:R30) -> 377720.57 | U30: Total
P31: Check | Q31: =Q30-Q28 -> 0
B33: The following note relates to historical adjustment carried over from APA Group's old ERP system, Oracle. This has been kept to ensure records are robust.
B35: Note 1 | C35: Negative addition of $39k relates to an adjustment to the ROU Cost on the implementation of the new lease software system, Progen.
C37: Dr 284112 | D37: AASB 16 LEASE LIABILITY ADJUSTMENTS (CURRENT PERIOD) L&B | J37: =-J38 -> 39302.54
C38: Cr 170057 | D38: PPE C LAND & BUILDINGS ROU ASSET - ADJUSTMENTS | J38: =H26 -> -39302.54
J39: =SUM(J37:J38) -> 0
C41: As the $39k is a reconciling item, the negative addition has not been recorded for the purposes of part 10.

Sheet L1. Spare

Sheet Sheet1
A1: Data validation lists | G1: Data validation lists_1 | H1: Data validation lists_1
A3: Pipelines | G3: Initial acquisition costs | H3: Acquisition year
A4: Compressors | G4: Initial construction costs | H4: Construction year
A5: City Gates, supply regulators and valve stations | G5: Closing Regulatory Asset Base value | H5: Year of closing RAB set
A6: Metering
A7: Odorant plants
A8: SCADA (Communications)
A9: Buildings
A10: Land and easements
A11: Other depreciable pipeline assets
A12: Leased assets
A13: Shared property, plant and equipment
A14: Shared leased assets
A15: Inventories
A16: Deferred tax assets
A17: Other assets

Sheet Amendment record
A1: Date | B1: AER amendment# | C1: Worksheet | D1: Table | E1: Cell | F1: Change | G1: Reason
A2: 43314 | B2: 1 | C2: Amendment record | F2: New worksheet inserted | G2: AER advised of errors in the published file - the amendment record allows for errors to be corrected in a transparent manner
A3: 43318 | B3: 2 | C3: 2. Revenue and expenses | D3: 2.1 | E3: F13 | F3: Formula corrected | G3: Formula amended to sum both elements of 'Direct revenue' to get 'Total direct revenue'.
A4: 43314 | B4: 3 | C4: 3 Statement of pipeline assets | D4: 3.1 | E4: D33:E33 | F4: Formula inserted | G4: Formula to aggregate relevant rows (Metering) to determine Closing value for metering assets
A5: 43314 | B5: 4 | C5: 3.3 Depreciation | D5: 3.3.1 | E5: D9:D52 | F5: List amended | G5: The term 'other depreciable assets' has been replaced with ' other depreciable pipeline assets' to match the terms used on worksheet 3.
A6: 43318 | B6: 5 | C6: 3.3 Depreciation | D6: 3.3.1 | E6: M7 and N7 | F6: Heading amended | G6: The heading has been amended to make it clear that accumulated depreciation is to be reported for both the current reporting period and the prior period.
A7: 43318 | B7: 6 | C7: 3.3 Depreciation | D7: 3.3.1 | E7: I5:K5 | F7: Guidance note added | G7: A guidance note has been added to the worksheet, clarifying that additions, capitalised maintenance and disposals must all be reported on a cumulative basis in this worksheet. Closing asset values are derived in each year with reference to the initial construction cost. Therefore all amendments to this value must be reported on a cumulative basis, to ensure the closing value is adjusted for all additions, disposals or capitalised maintenance.
A8: 43318 | B8: 7 | C8: 3.3 Depreciation | D8: 3.3.1 | E8: Column O | F8: Formula updated | G8: Formula updated to avoid double counting of prior years' data.
A9: 43991 | B9: 8 | C9: 3 Statement of pipeline assets | D9: 3.1 | E9: Rows 63-67 and 74-78 | F9: rows inserted | G9: New items inserted to record Leased Assets as per AASB16.
A10: 43991 | B10: 9 | C10: 3 Statement of pipeline assets | D10: 3.1 | E10: D68:E68 and D82:E82 | F10: Formula updated | G10: Formulae updated to include leased assets
A11: 43991 | B11: 10 | C11: 3 Statement of pipeline assets | D11: 3.1 | E11: D14, D19, D25, D31, D37, D43, D49, D59 | F11: Formulae corrected | G11: Formulae ammended to include prior year accumulated depreciation plus current year depreciation. It was only picking up current year depreciation.
A12: 43991 | B12: 11 | C12: 3.1 Pipeline asset useful life | D12: 3.1.1 | E12: B21:F25 and B32:F37 | F12: rows inserted | G12: Allow for lease asset information
A13: 44028 | B13: 12 | C13: Cover | D13: Reporting template | E13: D31:F32 | F13: Formatting - font changed from white to black colour | G13: To be visible.
A14: 43999 | B14: 13 | C14: 1.1 Financial performance | D14: 1.1.1 | E14: C10 | F14: Formatting - changed from Accounting Comma to Percentage Percent | G14: To disclose percentage with appropriate signage
A15: 43991 | B15: 14 | C15: 3.3 Depreciation | G15: tab renamed 3.3 Depreciation amortisation
A16: 44038 | B16: 15 | C16: 3.3 Depreciation amortisation | D16: 3.3.2 | E16: L58:L78 | F16: Insert column | G16: To explicitly allow for prior period depreciation
A17: 44038 | B17: 16 | C17: 3 Statement of pipeline assets | D17: 3.1 | E17: Row 59 | F17: rows inserted | G17: to record additions and improvements capitalised
A18: 44038 | B18: 17 | C18: 3 Statement of pipeline assets | D18: 3.1 | E18: D58 | F18: Formula updated | G18: to only pick up initial acquisition costs
A19: 44038 | B19: 18 | C19: 3.3 Depreciation amortisation | D19: 3.3.1 | E19: D9:D52 | F19: List updated | G19: added Leased assets to drop list
A20: 44038 | B20: 19 | C20: 3.3 Depreciation amortisation | D20: 3.3.2 | E20: D60:D67 | F20: List updated | G20: added Shared leased assets to drop list
A21: 44038 | B21: 20 | C21: 4 Recovered Capital | D21: 4.1 | E21: Rows 15, 22, 29 | F21: rows inserted | G21: New items inserted to record Leased Assets
A22: 44038 | B22: 21 | C22: 4 Recovered Capital | D22: 4.1 | E22: E15, E22 and E29 | F22: Formula added | G22: to sum columns F to BH for respective items
A23: 44038 | B23: 22 | C23: 4 Recovered Capital | D23: 4.1 | E23: F16:BH16 and F23:BH23 | F23: Formula updated | G23: to include Leased Assets in total
A24: 44038 | B24: 23 | C24: 3.3 Depreciation amortisation | D24: 3.3.1 and 3.3.2 | E24: B5, B56, K7, G58, J58 and M58 | F24: Heading amended | G24: Headings updated for clarity
A25: 44326 | B25: 24 | C25: Cover | E25: A7 | F25: Heading amended | G25: Spelling correction - "insructions" changed to "instructions"
A26: 44326 | B26: 25 | C26: Cover | E26: A25:E25 | F26: Row inserted | G26: To record the publication date of the reporting template
A27: 44326 | B27: 26 | C27: Cover | E27: A27:E27 | F27: Row inserted | G27: To record the date to which the reported information is current
A28: 44326 | B28: 27 | C28: Cover | E28: A29:K29 | F28: Row inserted | G28: To record whether there has been any change in the template and disclose the basis of preparation reference, if relevant
A29: 44326 | B29: 28 | C29: Contents | E29: C10 | F29: Hyperlink added | G29: Hyperlink to 'Summary' worksheet inserted.
A30: 44326 | B30: 29 | C30: Summary | F30: Worksheet inserted | G30: To enhance accessibility and transparency of the reported information by providing 'a quick glance' view of the key information reported in the template.
A31: 44326 | B31: 30 | C31: 1. Pipeline information | D31: 1.2 | E31: B16, B20, B21 | F31: Heading amended | G31: To make the labelling of pipeline service categories consistent with those listed in Table 2.1.1.
A32: 44326 | B32: 31 | C32: 2. Revenues and expenses | D32: 2.1 | E32: Row 12 to Row 14 / C12: C14 | F32: Rows inserted | G32: To improve the clarity of revenue categories, ‘Customer contribution revenue’ and ‘profit from sale of fixed assets’ are removed from the ‘Total service revenue’ category under Table 2.1.1. They are now reflected in Table 2.1 instead, where ‘Direct revenue’ category is reported. ‘Government contribution revenue’ is added as a category, consistent with the treatment for ‘Customer contribution revenue’ under the ‘Direct revenue’ category.
A33: 44326 | B33: 32 | C33: 2. Revenues and expenses | D33: 2.1 | E33: F11 and I11 | F33: Formula updated | G33: To amend the formula to sum up D11 and E11 ; and G11 and H11 respectively.
A34: 44326 | B34: 33 | C34: 2. Revenues and expenses | D34: 2.1 | E34: D32:D40 and E32:E40 | F34: Formula updated | G34: To amend the formula to sum up the relevant rows in Table 2.4.1 (rows 9-35 instead of rows 9-36).
A35: 44326 | B35: 34 | C35: 2. Revenues and expenses | D35: 2.1 | E35: J24 | F35: Comment removed | G35: To remove a comment made inadvertantly.
A36: 44326 | B36: 35 | C36: 2. Revenues and expenses | D36: 2.1 | E36: C34 and C39 | F36: Heading amended | G36: To remove uppercase in some words.
A37: 44326 | B37: 36 | C37: 2. Revenues and expenses | D37: 2.1 | E37: I16 | F37: Formula updated | G37: To correctly sum up revenue categories to derive 'total direct revenue'.
A38: 44326 | B38: 37 | C38: 2.1 Revenue by service | D38: 2.1.1 | E38: C10, C21 | F38: Heading amended | G38: To clarify that Table 2.1.1 only captures service revenue, rather than all direct revenue.
A39: 44326 | B39: 38 | C39: 2.1 Revenue by service | D39: 2.1.1 | F39: Rows removed | G39: The removed categories have been moved to Table 2.1, as discussed at amendment record number 31.
A40: 44326 | B40: 39 | C40: 2.1 Revenue by service | D40: 2.1.1 | E40: Rows 16 and 17 | F40: Rows amended and inserted | G40: To split “Park and park and loan services” into two rows: “Park services” and “Park and loan services” , consistent with how service categories are presented in Table 1.2.
A41: 44326 | B41: 40 | C41: 2.1 Revenue by service | D41: 2.1.1 | E41: Row 20 | F41: Heading amended | G41: To replace 'Distribution/transmission revenue' with 'Other pipeline services (if relevant)', consistent with how service categories are presented in Table 1.2.
A42: 44326 | B42: 41 | C42: 2.1 Revenue by service | D42: 2.1.1 | E42: I21 | F42: Formula updated | G42: To correctly calculate the 'total service revenue'.
A43: 44326 | B43: 42 | C43: 2.2 Revenue contributions | D43: 2.2.1 | E43: E9:E14 | F43: Formula added and formatting changed | G43: Added sum formula.
A44: 44326 | B44: 43 | C44: 2.3 Indirect revenue | D44: 2.3.1 | E44: E2:G4 | F44: Guidance note added | G44: A prompt has been added to the worksheet to highlight the need for pipeline operators to include sufficient information in their basis of preparation to explain its allocation methodologies and the basis of its allocators.
A45: 44326 | B45: 44 | C45: 2.4 Shared costs | D45: 2.4.1 | E45: E2:G4 | F45: Guidance note added | G45: As above.
A46: 44326 | B46: 45 | C46: 2.4 Shared costs | D46: 2.4.1 | E46: H36 & I36 | F46: Formula updated | G46: To rectify a double counting error.
A47: 44326 | B47: 46 | C47: 2.4 Shared costs | D47: 2.4.1 | E47: C11 and C16 | F47: Heading renamed | G47: To remove upppercase in some words.
A48: 44326 | B48: 47 | C48: 3. Statement of pipeline assets | E48: C38, C44 | F48: Heading amended | G48: Spelling correction - "Odourant" changed to "Odorant"
A49: 44326 | B49: 48 | C49: 3. Statement of pipeline assets | D49: 3.1 | E49: C8 and C81 | F49: Heading inserted | G49: To improve the clarity of asset categories
A50: 44326 | B50: 49 | C50: 3. Statement of pipeline assets | D50: 3.1 | E50: C82 | F50: Heading amended | G50: To improve the consistency of labelling between worksheets
A51: 44326 | B51: 50 | C51: 3. Statement of pipeline assets | D51: 3.1 | E51: Column C | F51: Rows added and headings amended | G51: To improve the consistency of labelling between worksheets, each asset category other than ‘pipelines’, ‘land and easements’, ‘other non-depreciable pipeline assets’, ‘inventories’, ‘deferred tax assets’ and ‘other assets’, is amended to have the following reporting lines, consistent with the headings in Table 3.3.1 : - Initial construction or acquisition costs - Additions - Capitalised maintenance or improvements - Depreciation - Disposals or early termination (at cost) There are also some formatting changes.
A52: 44326 | B52: 51 | C52: 3. Statement of pipeline assets | D52: 3.1 | E52: D71 & E71 | F52: Formula updated | G52: To correctly sum up the cost components that derive the carrying value of ‘other depreciable pipeline assets’.
A53: 44326 | B53: 52 | C53: 3. Statement of pipeline assets | D53: 3.1 | E53: D88 & E88 | F53: Formula updated | G53: To correctly sum up the cost components that derive the carrying value of ‘shared property, plant and equipment’ (previously labelled ‘shared supporting assets’).
A54: 44326 | B54: 53 | C54: 3.1 Asset useful life | F54: Tab renamed | G54: Tab is renamed from '3.1 Pipeline asset useful life' to '3.1 Asset useful life' to be consistent with the heading of the worksheet. The worksheet does not only contain pipeline asset useful life information, but also shared assets’.
A55: 44326 | B55: 54 | C55: 3.1 Asset useful life | D55: 3.1.1 | E55: D9:D37 | F55: Number formatting | G55: To disclose numbers as short dates.
A56: 44326 | B56: 55 | C56: 3.1 Asset useful life | E56: D7 | F56: Heading amended | G56: To correct spelling mistake: "Acqusition" changed to "Acquisition"
A57: 44326 | B57: 56 | C57: 3.2 Asset impairment | F57: Tab renamed | G57: Tab is renamed from '3.2 Pipeline asset impairment' to '3.2 Asset impairment' to be consistent with the heading of the worksheet. The worksheet does not only contain pipeline asset impairment information, but also shared assets’.
A58: 44326 | B58: 57 | C58: 3.2 Asset impairment | D58: 3.2.1 and 3.2.2 | E58: D8:D22, D28:D54, G28:G54, | F58: Number formatting | G58: To disclose numbers as short dates.
A59: 44326 | B59: 58 | C59: 3.3 Depreciation amortisation | D59: 3.3.1 | E59: H7 and G58 | F59: Heading amended | G59: To improve the consistency of labelling between worksheets
A60: 44326 | B60: 59 | C60: 3.3 Depreciation amortisation | D60: 3.3.1 | E60: J7 and I58 | F60: Heading amended | G60: To improve the consistency of labelling between worksheets
A61: 44326 | B61: 60 | C61: 3.3 Depreciation amortisation | D61: 3.3.1 | E61: G53 | F61: Formula inserted | G61: To rectify a missing formula.
A62: 44326 | B62: 61 | C62: 3.3 Depreciation amortisation | D62: 3.3.1 and 3.3.2 | E62: F9:F52 and F60:F77 | F62: Number formatting | G62: To disclose numbers to the nearest whole number.
A63: 44326 | B63: 62 | C63: 3.3 Depreciation amortisation | D63: 3.3.1 and 3.3.2 | E63: N7, M58 | F63: Heading renamed | G63: The heading has been amended to make it clear that depreciation for the current reporting period does not include accumulated depreciation for the prior years.
A64: 44326 | B64: 63 | C64: 3.3 Depreciation amortisation | D64: 3.3.1 | E64: D9:D52 | F64: List updated | G64: The dropdown box values have been amended to match the asset categories terms used on worksheet 3.
A65: 44326 | B65: 64 | C65: 3.3 Depreciation amortisation | D65: 3.3.2 | E65: D60:D77 | F65: List updated | G65: The dropdown box values have been amended to match the asset categories terms used on worksheet 3.
A66: 44326 | B66: 65 | C66: 3.4 Shared supporting assets | D66: 3.4.1 | E66: D9:D40 | F66: List updated | G66: The dropdown box values have been amended to match the asset categories terms used on worksheet 3.
A67: 44326 | B67: 66 | C67: 3.4 Shared supporting assets | D67: 3.4.1 | E67: E2:G4 | F67: Guidance note added | G67: A prompt has been added to the worksheet to highlight the need for pipeline operators to include sufficient information in their basis of preparation to explain its allocation methodologies and the basis of its allocators.
A68: 44326 | B68: 67 | C68: 4. Recovered capital | F68: Tab renamed | G68: Minor punctuation amendment.
A69: 44326 | B69: 68 | C69: 4. Recovered capital | F69: Background amended | G69: Background amended to white, consistent with the rest of the template worksheets.
A70: 44326 | B70: 69 | C70: 4. Recovered capital | D70: 4.1 | E70: E11 | F70: Formula updated | G70: To revise the formula to sum F11:BH11, consistent with the formula of other cost compoenents that make up the 'cost base'.
A71: 44326 | B71: 70 | C71: 4. Recovered capital | D71: 4.1 | E71: Rows 33 and 34 | F71: Rows inserted | G71: To disclose opening asset value and rate of return (WACC) of each year.
A72: 44326 | B72: 71 | C72: 4. Recovered capital | D72: 4.1 | E72: E25 | F72: Formula deleted | G72: Formula not required.
A73: 44326 | B73: 72 | C73: 4. Recovered capital | D73: 4.1 | E73: F31:BH31 | F73: Formula updated | G73: Previous sum formula included row 25 which is not an input cell
A74: 44326 | B74: 73 | C74: 4. Recovered capital | D74: 4.1 | E74: F8:BH8 | F74: Formula updated | G74: To adjust the formula to display year numbers that would allow for cross-referencing in the Summary tab.
A75: 44326 | B75: 74 | C75: 4. Recovered capital | E75: D18 | F75: Heading amended | G75: To correct spelling error - "Acqusition" changed to "Acquisition"
A76: 44326 | B76: 75 | C76: 5. Weighted average price | D76: 5.1 | E76: Column B | F76: Column added | G76: To disclose the reference to the basis of preparation where pipeline operator may have explained the basis of allocation between pipelines and service types.
A77: 44326 | B77: 76 | C77: 5. Weighted average price | D77: 5.1 | E77: Column D | F77: Column added | G77: To provide clarity on whether there has been any use of estimates by the pipeline operator to allocate revenue between pipelines and service types.
A78: 44326 | B78: 77 | C78: 5. Weighted average price | D78: 5.1 | E78: B2:E3 | F78: Heading inserted | G78: To insert Heading "Year ending XX/XX/XXXX", consistent with the strucure of other worksheets in the template.
A79: 44326 | B79: 78 | C79: 5. Weighted average price | D79: 5.1 | E79: F10: BJ10 | F79: Heading amended | G79: To clarify the unit measurement the data is supposed to be expressed in.
A80: 44326 | B80: 79 | C80: 5. Weighted average price | D80: 5.1 | E80: G10, N10, U10, AA10, AG10, AN10, AT10, AZ10, BF10 | F80: Comment box inserted | G80: To provide guidance that MDQ Total TJ shall be reported as the sum of MDQ's over the reporting period in TJs
A81: 44326 | B81: 80 | C81: All worksheets | F81: Number formatting | G81: All data points expressed in dollars terms have been formatted to remove decimal points (except for weighted average prices) and to express negative values in brackets.
